Workbook

Sheet Смета 12 гр. по ФЕР
A1: =Source!B1 -> Smeta.RU (495) 974-1589 | I1: Приложение 1 к форме 7
B4: =CONCATENATE( "ЛОКАЛЬНАЯ СМЕТА ",IF(Source!F20<>"Новая локальная смета", Source!F20, "")) -> ЛОКАЛЬНАЯ СМЕТА
B6: =IF(Source!G12<>"Новый объект", Source!G12, "") -> Капитальный ремонт лестницы лабораторного корпуса "А" НИЯУ МИФИ по адресу:г. Москва, каширское шоссе, д.31, стр.2 | AD6: =IF(Source!G12<>"Новый объект", Source!G12, "") -> Капитальный ремонт лестницы лабораторного корпуса "А" НИЯУ МИФИ по адресу:г. Москва, каширское шоссе, д.31, стр.2
B7: на капитальный ремонт лестниц лабораторного корпуса «А» НИЯУ МИФИ по адресу: г. Москва, Каширское шоссе, д.31, стр. 2
G9: базовая цена | I9: текущая цена
C10: Сметная стоимость | G10: =SUM(O18:O653)/1000 -> 194.84512 | I10: =(Source!P521/1000) -> 1502.1553 | K10: тыс. руб.
C11: Строительные работы | G11: =SUM(W18:W653)/1000 -> 194.84512 | I11: =(Source!P507)/1000 -> 194.94839 | K11: тыс. руб.
C12: Нормативная трудоемкость | G12: =I12 -> 3047.9015 | I12: =(Source!P512+Source!P513) -> 3047.9015 | K12: чел. -ч.
C13: Средства на оплату труда | G13: =SUM(R18:R653)/1000 -> 26.73073 | I13: =((Source!P505 + Source!P504)/1000) -> 26.73073 | K13: тыс. руб.
A15: Составлена в ценах I квартал 2018 года
A16: № п/п | B16: Шифр расценки и коды ресурсов | C16: Наименование работ и затрат | D16: Ед. изм. | E16: Кол-во единиц | F16: Цена на ед. изм. | G16: Попра-вочные коэфф. | H16: Стоимость в ценах 2001г. | I16: Пункт коэфф. пересчета | J16: Коэфф. пересчета | K16: Стоимость в текущих ценах | L16: ЗТР всего чел.-час
A17: 1 | B17: 2 | C17: 3 | D17: 4 | E17: 5 | F17: 6 | G17: 7 | H17: 8 | I17: 9 | J17: 10 | K17: 11 | L17: 12
A19: =CONCATENATE("Раздел: ",IF(Source!G24<>"Новый раздел", Source!G24, "")) -> Раздел: Лестница "А"
A21: =CONCATENATE("Подраздел: ",IF(Source!G28<>"Новый подраздел", Source!G28, "")) -> Подраздел: Общестроительные работы
A22: =Source!E33 -> 1 | B22: =Source!F33 -> 57-2-3 | C22: =Source!G33 -> Разборка покрытий полов из керамических плиток | D22: =Source!H33 -> 100 м2 | E22: =Source!I33 -> 0.4457 | F22: =Source!AL33+Source!AM33+Source!AO33 -> 641 | I22: =Source!BO33 | S22: =ROUND((Source!FX33/100)*((ROUND(Source!AF33*Source!I33, 2)+ROUND(Source!AE33*Source!I33, 2))), 2) -> 252.35 | T22: =Source!X33 -> 252.35 | U22: =ROUND((Source!FY33/100)*((ROUND(Source!AF33*Source!I33, 2)+ROUND(Source!AE33*Source!I33, 2))), 2) -> 214.5 | V22: =Source!Y33 -> 214.5
C23: ="Объем: "&Source!I33&"=44,57/"&"100" -> Объем: 0,4457=44,57/100
C24: Зарплата | F24: =Source!AO33 -> 595.99 | G24: =Source!DG33 -> )*1,15 | H24: =ROUND(Source!AF33*Source!I33, 2) -> 305.48 | J24: =IF(Source!BA33<> 0, Source!BA33, 1) -> 1 | K24: =Source!S33 -> 305.48 | R24: =H24 -> 305.48
C25: Эксплуатация машин | F25: =Source!AM33 -> 45.01 | G25: =Source!DE33 -> )*1,15 | H25: =ROUND(Source!AD33*Source!I33, 2) -> 23.07 | J25: =IF(Source!BB33<> 0, Source!BB33, 1) -> 1 | K25: =Source!Q33 -> 23.07
C26: в т.ч. зарплата машинистов | F26: =Source!AN33 -> 19.44 | G26: =Source!DF33 -> )*1,15 | H26: =ROUND(Source!AE33*Source!I33, 2) -> 9.96 | J26: =IF(Source!BS33<> 0, Source!BS33, 1) -> 1 | K26: =Source!R33 -> 9.96 | R26: =H26 -> 9.96
C27: НР от ФОТ | D27: % | E27: =Source!BZ33 -> 80 | H27: =SUM(S22:S30) -> 252.35 | J27: =Source!AT33 -> 80 | K27: =SUM(T22:T30) -> 252.35
C28: СП от ФОТ | D28: % | E28: =Source!CA33 -> 68 | H28: =SUM(U22:U30) -> 214.5 | J28: =Source!AU33 -> 68 | K28: =SUM(V22:V30) -> 214.5
C29: Затраты труда | D29: чел-ч | E29: =Source!AQ33 -> 69.87 | G29: =Source!DI33 -> )*1,15 | L29: =Source!U33 -> 35.812218
A30: =Source!E35 -> 1,1 | B30: =Source!F35 -> 01.7.07.07 | C30: =Source!G35 -> Строительный мусор | D30: =Source!H35 -> т | E30: =Source!I35 -> 2.31764 | F30: =Source!AL35+Source!AM35+Source!AO35 -> 0 | H30: =ROUND(Source!AC35*Source!I35, 2)+ROUND(Source!AD35*Source!I35, 2)+ROUND(Source!AF35*Source!I35, 2) -> 0 | J30: =IF(Source!BC35<> 0, Source!BC35, 1) -> 1 | K30: =Source!O35 -> 0 | S30: =ROUND((Source!FX35/100)*((ROUND(Source!AF35*Source!I35, 2)+ROUND(Source!AE35*Source!I35, 2))), 2) -> 0 | T30: =Source!X35 -> 0 | U30: =ROUND((Source!FY35/100)*((ROUND(Source!AF35*Source!I35, 2)+ROUND(Source!AE35*Source!I35, 2))), 2) -> 0 | V30: =Source!Y35 -> 0 | W30: =IF(Source!BI35<=1,H30, 0) -> 0 | X30: =IF(Source!BI35=2,H30, 0) -> 0 | Y30: =IF(Source!BI35=3,H30, 0) -> 0 | Z30: =IF(Source!BI35=4,H30, 0) -> 0
G31: =H24+H25+H27+H28+SUM(H30:H30) -> 795.4 | J31: =K24+K25+K27+K28+SUM(K30:K30) -> 795.4 | L31: =Source!U33 -> 35.812218 | O31: =G31 -> 795.4 | P31: =J31 -> 795.4 | Q31: =L31 -> 35.812218 | W31: =IF(Source!BI33<=1,H24+H25+H27+H28, 0) -> 795.4 | X31: =IF(Source!BI33=2,H24+H25+H27+H28, 0) -> 0 | Y31: =IF(Source!BI33=3,H24+H25+H27+H28, 0) -> 0 | Z31: =IF(Source!BI33=4,H24+H25+H27+H28, 0) -> 0
A32: =Source!E37 -> 2 | B32: =Source!F37 -> 59-4-3 | C32: =Source!G37 -> Разборка поручней поливинилхлоридных | D32: =Source!H37 -> 100 м | E32: =Source!I37 -> 0.33 | F32: =Source!AL37+Source!AM37+Source!AO37 -> 27.45 | I32: =Source!BO37 | S32: =ROUND((Source!FX37/100)*((ROUND(Source!AF37*Source!I37, 2)+ROUND(Source!AE37*Source!I37, 2))), 2) -> 7.92 | T32: =Source!X37 -> 7.92 | U32: =ROUND((Source!FY37/100)*((ROUND(Source!AF37*Source!I37, 2)+ROUND(Source!AE37*Source!I37, 2))), 2) -> 6.25 | V32: =Source!Y37 -> 6.25
C33: ="Объем: "&Source!I37&"=33/"&"100" -> Объем: 0,33=33/100
C34: Зарплата | F34: =Source!AO37 -> 27.45 | G34: =Source!DG37 -> )*1,15 | H34: =ROUND(Source!AF37*Source!I37, 2) -> 10.42 | J34: =IF(Source!BA37<> 0, Source!BA37, 1) -> 1 | K34: =Source!S37 -> 10.42 | R34: =H34 -> 10.42
C35: НР от ФОТ | D35: % | E35: =Source!BZ37 -> 76 | H35: =SUM(S32:S38) -> 7.92 | J35: =Source!AT37 -> 76 | K35: =SUM(T32:T38) -> 7.92
C36: СП от ФОТ | D36: % | E36: =Source!CA37 -> 60 | H36: =SUM(U32:U38) -> 6.25 | J36: =Source!AU37 -> 60 | K36: =SUM(V32:V38) -> 6.25
C37: Затраты труда | D37: чел-ч | E37: =Source!AQ37 -> 3.36 | G37: =Source!DI37 -> )*1,15 | L37: =Source!U37 -> 1.27512
A38: =Source!E39 -> 2,1 | B38: =Source!F39 -> 01.7.07.07 | C38: =Source!G39 -> Строительный мусор | D38: =Source!H39 -> т | E38: =Source!I39 -> 0.0231 | F38: =Source!AL39+Source!AM39+Source!AO39 -> 0 | H38: =ROUND(Source!AC39*Source!I39, 2)+ROUND(Source!AD39*Source!I39, 2)+ROUND(Source!AF39*Source!I39, 2) -> 0 | J38: =IF(Source!BC39<> 0, Source!BC39, 1) -> 1 | K38: =Source!O39 -> 0 | S38: =ROUND((Source!FX39/100)*((ROUND(Source!AF39*Source!I39, 2)+ROUND(Source!AE39*Source!I39, 2))), 2) -> 0 | T38: =Source!X39 -> 0 | U38: =ROUND((Source!FY39/100)*((ROUND(Source!AF39*Source!I39, 2)+ROUND(Source!AE39*Source!I39, 2))), 2) -> 0 | V38: =Source!Y39 -> 0 | W38: =IF(Source!BI39<=1,H38, 0) -> 0 | X38: =IF(Source!BI39=2,H38, 0) -> 0 | Y38: =IF(Source!BI39=3,H38, 0) -> 0 | Z38: =IF(Source!BI39=4,H38, 0) -> 0
G39: =H34+H35+H36+SUM(H38:H38) -> 24.59 | J39: =K34+K35+K36+SUM(K38:K38) -> 24.59 | L39: =Source!U37 -> 1.27512 | O39: =G39 -> 24.59 | P39: =J39 -> 24.59 | Q39: =L39 -> 1.27512 | W39: =IF(Source!BI37<=1,H34+H35+H36, 0) -> 24.59 | X39: =IF(Source!BI37=2,H34+H35+H36, 0) -> 0 | Y39: =IF(Source!BI37=3,H34+H35+H36, 0) -> 0 | Z39: =IF(Source!BI37=4,H34+H35+H36, 0) -> 0
A40: =Source!E41 -> 3 | B40: =Source!F41 -> 10-01-059-01 | C40: =Source!G41 -> Демонтаж шкафов пожарных прим. | D40: =Source!H41 -> 100 ШТ | E40: =Source!I41 -> 0.05 | F40: =Source!AL41+Source!AM41+Source!AO41 -> 2452.44 | I40: =Source!BO41 | S40: =ROUND((Source!FX41/100)*((ROUND(Source!AF41*Source!I41, 2)+ROUND(Source!AE41*Source!I41, 2))), 2) -> 37.55 | T40: =Source!X41 -> 37.48 | U40: =ROUND((Source!FY41/100)*((ROUND(Source!AF41*Source!I41, 2)+ROUND(Source!AE41*Source!I41, 2))), 2) -> 18.94 | V40: =Source!Y41 -> 19.09
C41: ="Объем: "&Source!I41&"=5/"&"100" -> Объем: 0,05=5/100
C42: Зарплата | F42: =Source!AO41 -> 602.7 | G42: =Source!DG41 -> )*0,8)*1,35 | H42: =ROUND(Source!AF41*Source!I41, 2) -> 32.55 | J42: =IF(Source!BA41<> 0, Source!BA41, 1) -> 1 | K42: =Source!S41 -> 32.55 | R42: =H42 -> 32.55
C43: Эксплуатация машин | F43: =Source!AM41 -> 216.38 | G43: =Source!DE41 -> )*0,8)*1,35 | H43: =ROUND(Source!AD41*Source!I41, 2) -> 11.68 | J43: =IF(Source!BB41<> 0, Source!BB41, 1) -> 1 | K43: =Source!Q41 -> 11.68
C44: в т.ч. зарплата машинистов | F44: =Source!AN41 -> 52.01 | G44: =Source!DF41 -> )*0,8)*1,35 | H44: =ROUND(Source!AE41*Source!I41, 2) -> 2.81 | J44: =IF(Source!BS41<> 0, Source!BS41, 1) -> 1 | K44: =Source!R41 -> 2.81 | R44: =H44 -> 2.81
C45: НР от ФОТ | D45: % | E45: =Source!BZ41 -> 118 | F45: =CONCATENATE(" )", Source!DL41, Source!FT41, "=", Source!FX41) -> )*0,9=106,2 | H45: =SUM(S40:S47) -> 37.55 | J45: =Source!AT41 -> 106 | K45: =SUM(T40:T47) -> 37.48
C46: СП от ФОТ | D46: % | E46: =Source!CA41 -> 63 | F46: =CONCATENATE(" )", Source!DM41, Source!FU41, "=", Source!FY41) -> )*0,85=53,55 | H46: =SUM(U40:U47) -> 18.94 | J46: =Source!AU41 -> 54 | K46: =SUM(V40:V47) -> 19.09
C47: Затраты труда | D47: чел-ч | E47: =Source!AQ41 -> 75.15 | G47: =Source!DI41 -> )*0,8)*1,35 | L47: =Source!U41 -> 4.0581
G48: =H42+H43+H45+H46 -> 100.72 | J48: =K42+K43+K45+K46 -> 100.8 | L48: =Source!U41 -> 4.0581 | O48: =G48 -> 100.72 | P48: =J48 -> 100.8 | Q48: =L48 -> 4.0581 | W48: =IF(Source!BI41<=1,H42+H43+H45+H46, 0) -> 100.72 | X48: =IF(Source!BI41=2,H42+H43+H45+H46, 0) -> 0 | Y48: =IF(Source!BI41=3,H42+H43+H45+H46, 0) -> 0 | Z48: =IF(Source!BI41=4,H42+H43+H45+H46, 0) -> 0
A49: =Source!E43 -> 4 | B49: =Source!F43 -> 13-06-003-01 | C49: =Source!G43 -> Очистка поверхности стен и потолков от краски щетками | D49: =Source!H43 -> м2 | E49: =Source!I43 -> 382.5 | F49: =Source!AL43+Source!AM43+Source!AO43 -> 7.68 | I49: =Source!BO43 | S49: =ROUND((Source!FX43/100)*((ROUND(Source!AF43*Source!I43, 2)+ROUND(Source!AE43*Source!I43, 2))), 2) -> 3694.1 | T49: =Source!X43 -> 3694.1 | U49: =ROUND((Source!FY43/100)*((ROUND(Source!AF43*Source!I43, 2)+ROUND(Source!AE43*Source!I43, 2))), 2) -> 2713.57 | V49: =Source!Y43 -> 2736.37
C50: ="Объем: "&Source!I43&"=104+"&"278,5" -> Объем: 382,5=104+278,5
C51: Зарплата | F51: =Source!AO43 -> 7.68 | G51: =Source!DG43 -> )*1,15)*1,35 | H51: =ROUND(Source!AF43*Source!I43, 2) -> 4560.62 | J51: =IF(Source!BA43<> 0, Source!BA43, 1) -> 1 | K51: =Source!S43 -> 4560.62 | R51: =H51 -> 4560.62
C52: НР от ФОТ | D52: % | E52: =Source!BZ43 -> 90 | F52: =CONCATENATE(" )", Source!DL43, Source!FT43, "=", Source!FX43) -> )*0,9=81 | H52: =SUM(S49:S54) -> 3694.1 | J52: =Source!AT43 -> 81 | K52: =SUM(T49:T54) -> 3694.1
C53: СП от ФОТ | D53: % | E53: =Source!CA43 -> 70 | F53: =CONCATENATE(" )", Source!DM43, Source!FU43, "=", Source!FY43) -> )*0,85=59,5 | H53: =SUM(U49:U54) -> 2713.57 | J53: =Source!AU43 -> 60 | K53: =SUM(V49:V54) -> 2736.37
C54: Затраты труда | D54: чел-ч | E54: =Source!AQ43 -> 0.9 | G54: =Source!DI43 -> )*1,15)*1,35 | L54: =Source!U43 -> 534.44813
G55: =H51+H52+H53 -> 10968.29 | J55: =K51+K52+K53 -> 10991.09 | L55: =Source!U43 -> 534.44813 | O55: =G55 -> 10968.29 | P55: =J55 -> 10991.09 | Q55: =L55 -> 534.44813 | W55: =IF(Source!BI43<=1,H51+H52+H53, 0) -> 10968.29 | X55: =IF(Source!BI43=2,H51+H52+H53, 0) -> 0 | Y55: =IF(Source!BI43=3,H51+H52+H53, 0) -> 0 | Z55: =IF(Source!BI43=4,H51+H52+H53, 0) -> 0
A56: =Source!E45 -> 5 | B56: =Source!F45 -> 09-06-001-02 | C56: =Source!G45 -> Демонтаж решеток из полосовой и тонколистовой стали | D56: =Source!H45 -> т | E56: =Source!I45 -> 0.19 | F56: =Source!AL45+Source!AM45+Source!AO45 -> 641 | I56: =Source!BO45 | S56: =ROUND((Source!FX45/100)*((ROUND(Source!AF45*Source!I45, 2)+ROUND(Source!AE45*Source!I45, 2))), 2) -> 63.57 | T56: =Source!X45 -> 63.57 | U56: =ROUND((Source!FY45/100)*((ROUND(Source!AF45*Source!I45, 2)+ROUND(Source!AE45*Source!I45, 2))), 2) -> 56.7 | V56: =Source!Y45 -> 56.51
C57: Зарплата | F57: =Source!AO45 -> 433.24 | G57: =Source!DG45 -> )*0,7)*1,35 | H57: =ROUND(Source!AF45*Source!I45, 2) -> 77.79 | J57: =IF(Source!BA45<> 0, Source!BA45, 1) -> 1 | K57: =Source!S45 -> 77.79 | R57: =H57 -> 77.79
C58: Эксплуатация машин | F58: =Source!AM45 -> 125.8 | G58: =Source!DE45 -> )*0,7)*1,35 | H58: =ROUND(Source!AD45*Source!I45, 2) -> 22.59 | J58: =IF(Source!BB45<> 0, Source!BB45, 1) -> 1 | K58: =Source!Q45 -> 22.59
C59: в т.ч. зарплата машинистов | F59: =Source!AN45 -> 3.82 | G59: =Source!DF45 -> )*0,7)*1,35 | H59: =ROUND(Source!AE45*Source!I45, 2) -> 0.69 | J59: =IF(Source!BS45<> 0, Source!BS45, 1) -> 1 | K59: =Source!R45 -> 0.69 | R59: =H59 -> 0.69
C60: НР от ФОТ | D60: % | E60: =Source!BZ45 -> 90 | F60: =CONCATENATE(" )", Source!DL45, Source!FT45, "=", Source!FX45) -> )*0,9=81 | H60: =SUM(S56:S62) -> 63.57 | J60: =Source!AT45 -> 81 | K60: =SUM(T56:T62) -> 63.57
C61: СП от ФОТ | D61: % | E61: =Source!CA45 -> 85 | F61: =CONCATENATE(" )", Source!DM45, Source!FU45, "=", Source!FY45) -> )*0,85=72,25 | H61: =SUM(U56:U62) -> 56.7 | J61: =Source!AU45 -> 72 | K61: =SUM(V56:V62) -> 56.51
C62: Затраты труда | D62: чел-ч | E62: =Source!AQ45 -> 50.79 | G62: =Source!DI45 -> )*0,7)*1,35 | L62: =Source!U45 -> 9.1193445
G63: =H57+H58+H60+H61 -> 220.65 | J63: =K57+K58+K60+K61 -> 220.46 | L63: =Source!U45 -> 9.1193445 | O63: =G63 -> 220.65 | P63: =J63 -> 220.46 | Q63: =L63 -> 9.1193445 | W63: =IF(Source!BI45<=1,H57+H58+H60+H61, 0) -> 220.65 | X63: =IF(Source!BI45=2,H57+H58+H60+H61, 0) -> 0 | Y63: =IF(Source!BI45=3,H57+H58+H60+H61, 0) -> 0 | Z63: =IF(Source!BI45=4,H57+H58+H60+H61, 0) -> 0
A64: =Source!E47 -> 6 | B64: =Source!F47 -> 46-04-012-03 | C64: =Source!G47 -> Разборка деревянных заполнений проемов дверных и воротных | D64: =Source!H47 -> 100 м2 | E64: =Source!I47 -> 0.0686 | F64: =Source!AL47+Source!AM47+Source!AO47 -> 1082.58 | I64: =Source!BO47 | S64: =ROUND((Source!FX47/100)*((ROUND(Source!AF47*Source!I47, 2)+ROUND(Source!AE47*Source!I47, 2))), 2) -> 73.81 | T64: =Source!X47 -> 73.81 | U64: =ROUND((Source!FY47/100)*((ROUND(Source!AF47*Source!I47, 2)+ROUND(Source!AE47*Source!I47, 2))), 2) -> 44.36 | V64: =Source!Y47 -> 44.74
C65: ="Объем: "&Source!I47&"=6,86/"&"100" -> Объем: 0,0686=6,86/100
C66: Зарплата | F66: =Source!AO47 -> 840.63 | G66: =Source!DG47 -> )*1,15 | H66: =ROUND(Source!AF47*Source!I47, 2) -> 66.32 | J66: =IF(Source!BA47<> 0, Source!BA47, 1) -> 1 | K66: =Source!S47 -> 66.32 | R66: =H66 -> 66.32
C67: Эксплуатация машин | F67: =Source!AM47 -> 241.95 | G67: =Source!DE47 -> )*1,15 | H67: =ROUND(Source!AD47*Source!I47, 2) -> 19.09 | J67: =IF(Source!BB47<> 0, Source!BB47, 1) -> 1 | K67: =Source!Q47 -> 19.09
C68: в т.ч. зарплата машинистов | F68: =Source!AN47 -> 104.49 | G68: =Source!DF47 -> )*1,15 | H68: =ROUND(Source!AE47*Source!I47, 2) -> 8.24 | J68: =IF(Source!BS47<> 0, Source!BS47, 1) -> 1 | K68: =Source!R47 -> 8.24 | R68: =H68 -> 8.24
C69: НР от ФОТ | D69: % | E69: =Source!BZ47 -> 110 | F69: =CONCATENATE(" )", Source!DL47, Source!FT47, "=", Source!FX47) -> )*0,9=99 | H69: =SUM(S64:S71) -> 73.81 | J69: =Source!AT47 -> 99 | K69: =SUM(T64:T71) -> 73.81
C70: СП от ФОТ | D70: % | E70: =Source!CA47 -> 70 | F70: =CONCATENATE(" )", Source!DM47, Source!FU47, "=", Source!FY47) -> )*0,85=59,5 | H70: =SUM(U64:U71) -> 44.36 | J70: =Source!AU47 -> 60 | K70: =SUM(V64:V71) -> 44.74
C71: Затраты труда | D71: чел-ч | E71: =Source!AQ47 -> 103.91 | G71: =Source!DI47 -> )*1,15 | L71: =Source!U47 -> 8.1974599
G72: =H66+H67+H69+H70 -> 203.58 | J72: =K66+K67+K69+K70 -> 203.96 | L72: =Source!U47 -> 8.1974599 | O72: =G72 -> 203.58 | P72: =J72 -> 203.96 | Q72: =L72 -> 8.1974599 | W72: =IF(Source!BI47<=1,H66+H67+H69+H70, 0) -> 203.58 | X72: =IF(Source!BI47=2,H66+H67+H69+H70, 0) -> 0 | Y72: =IF(Source!BI47=3,H66+H67+H69+H70, 0) -> 0 | Z72: =IF(Source!BI47=4,H66+H67+H69+H70, 0) -> 0
A73: =Source!E49 -> 7 | B73: =Source!F49 -> 09-04-012-01 | C73: =Source!G49 -> Демонтаж металлических дверных блоков в готовые проемы | D73: =Source!H49 -> м2 | E73: =Source!I49 -> 12.53 | F73: =Source!AL49+Source!AM49+Source!AO49 -> 63.94 | I73: =Source!BO49 | S73: =ROUND((Source!FX49/100)*((ROUND(Source!AF49*Source!I49, 2)+ROUND(Source!AE49*Source!I49, 2))), 2) -> 247.26 | T73: =Source!X49 -> 247.26 | U73: =ROUND((Source!FY49/100)*((ROUND(Source!AF49*Source!I49, 2)+ROUND(Source!AE49*Source!I49, 2))), 2) -> 220.55 | V73: =Source!Y49 -> 219.79
C74: ="Объем: "&Source!I49&"=6,86+"&"5,67" -> Объем: 12,53=6,86+5,67
C75: Зарплата | F75: =Source!AO49 -> 23.81 | G75: =Source!DG49 -> )*0,7)*1,35 | H75: =ROUND(Source!AF49*Source!I49, 2) -> 281.93 | J75: =IF(Source!BA49<> 0, Source!BA49, 1) -> 1 | K75: =Source!S49 -> 281.93 | R75: =H75 -> 281.93
C76: Эксплуатация машин | F76: =Source!AM49 -> 14.41 | G76: =Source!DE49 -> )*0,7)*1,35 | H76: =ROUND(Source!AD49*Source!I49, 2) -> 170.63 | J76: =IF(Source!BB49<> 0, Source!BB49, 1) -> 1 | K76: =Source!Q49 -> 170.63
C77: в т.ч. зарплата машинистов | F77: =Source!AN49 -> 1.97 | G77: =Source!DF49 -> )*0,7)*1,35 | H77: =ROUND(Source!AE49*Source!I49, 2) -> 23.33 | J77: =IF(Source!BS49<> 0, Source!BS49, 1) -> 1 | K77: =Source!R49 -> 23.33 | R77: =H77 -> 23.33
C78: НР от ФОТ | D78: % | E78: =Source!BZ49 -> 90 | F78: =CONCATENATE(" )", Source!DL49, Source!FT49, "=", Source!FX49) -> )*0,9=81 | H78: =SUM(S73:S80) -> 247.26 | J78: =Source!AT49 -> 81 | K78: =SUM(T73:T80) -> 247.26
C79: СП от ФОТ | D79: % | E79: =Source!CA49 -> 85 | F79: =CONCATENATE(" )", Source!DM49, Source!FU49, "=", Source!FY49) -> )*0,85=72,25 | H79: =SUM(U73:U80) -> 220.55 | J79: =Source!AU49 -> 72 | K79: =SUM(V73:V80) -> 219.79
C80: Затраты труда | D80: чел-ч | E80: =Source!AQ49 -> 2.4 | G80: =Source!DI49 -> )*0,7)*1,35 | L80: =Source!U49 -> 28.41804
G81: =H75+H76+H78+H79 -> 920.37 | J81: =K75+K76+K78+K79 -> 919.61 | L81: =Source!U49 -> 28.41804 | O81: =G81 -> 920.37 | P81: =J81 -> 919.61 | Q81: =L81 -> 28.41804 | W81: =IF(Source!BI49<=1,H75+H76+H78+H79, 0) -> 920.37 | X81: =IF(Source!BI49=2,H75+H76+H78+H79, 0) -> 0 | Y81: =IF(Source!BI49=3,H75+H76+H78+H79, 0) -> 0 | Z81: =IF(Source!BI49=4,H75+H76+H78+H79, 0) -> 0
A82: =Source!E51 -> 8 | B82: =Source!F51 -> 46-02-009-02 | C82: =Source!G51 -> Отбивка штукатурки с поверхностей стен и потолков кирпичных | D82: =Source!H51 -> 100 м2 | E82: =Source!I51 -> 0.0492 | F82: =Source!AL51+Source!AM51+Source!AO51 -> 178 | I82: =Source!BO51 | S82: =ROUND((Source!FX51/100)*((ROUND(Source!AF51*Source!I51, 2)+ROUND(Source!AE51*Source!I51, 2))), 2) -> 9.97 | T82: =Source!X51 -> 9.97 | U82: =ROUND((Source!FY51/100)*((ROUND(Source!AF51*Source!I51, 2)+ROUND(Source!AE51*Source!I51, 2))), 2) -> 5.99 | V82: =Source!Y51 -> 6.04
C83: ="Объем: "&Source!I51&"=4,92/"&"100" -> Объем: 0,0492=4,92/100
C84: Зарплата | F84: =Source!AO51 -> 178 | G84: =Source!DG51 -> )*1,15 | H84: =ROUND(Source!AF51*Source!I51, 2) -> 10.07 | J84: =IF(Source!BA51<> 0, Source!BA51, 1) -> 1 | K84: =Source!S51 -> 10.07 | R84: =H84 -> 10.07
C85: НР от ФОТ | D85: % | E85: =Source!BZ51 -> 110 | F85: =CONCATENATE(" )", Source!DL51, Source!FT51, "=", Source!FX51) -> )*0,9=99 | H85: =SUM(S82:S87) -> 9.97 | J85: =Source!AT51 -> 99 | K85: =SUM(T82:T87) -> 9.97
C86: СП от ФОТ | D86: % | E86: =Source!CA51 -> 70 | F86: =CONCATENATE(" )", Source!DM51, Source!FU51, "=", Source!FY51) -> )*0,85=59,5 | H86: =SUM(U82:U87) -> 5.99 | J86: =Source!AU51 -> 60 | K86: =SUM(V82:V87) -> 6.04
C87: Затраты труда | D87: чел-ч | E87: =Source!AQ51 -> 22.82 | G87: =Source!DI51 -> )*1,15 | L87: =Source!U51 -> 1.2911556
G88: =H84+H85+H86 -> 26.03 | J88: =K84+K85+K86 -> 26.08 | L88: =Source!U51 -> 1.2911556 | O88: =G88 -> 26.03 | P88: =J88 -> 26.08 | Q88: =L88 -> 1.2911556 | W88: =IF(Source!BI51<=1,H84+H85+H86, 0) -> 26.03 | X88: =IF(Source!BI51=2,H84+H85+H86, 0) -> 0 | Y88: =IF(Source!BI51=3,H84+H85+H86, 0) -> 0 | Z88: =IF(Source!BI51=4,H84+H85+H86, 0) -> 0
A89: =Source!E53 -> 9 | B89: =Source!F53 -> 08-07-002-01 | C89: =Source!G53 -> Установка и разборка внутренних трубчатых инвентарных лесов при высоте помещений до 6 м | D89: =Source!H53 -> 100 м2 | E89: =Source!I53 -> 0.18 | F89: =Source!AL53+Source!AM53+Source!AO53 -> 812.07 | I89: =Source!BO53 | S89: =ROUND((Source!FX53/100)*((ROUND(Source!AF53*Source!I53, 2)+ROUND(Source!AE53*Source!I53, 2))), 2) -> 186.79 | T89: =Source!X53 -> 187.13 | U89: =ROUND((Source!FY53/100)*((ROUND(Source!AF53*Source!I53, 2)+ROUND(Source!AE53*Source!I53, 2))), 2) -> 115.68 | V89: =Source!Y53 -> 115.68
C90: ="Объем: "&Source!I53&"=18/"&"100" -> Объем: 0,18=18/100
C91: Зарплата | F91: =Source!AO53 -> 606.53 | G91: =Source!DG53 -> )*1,15)*1,35 | H91: =ROUND(Source!AF53*Source!I53, 2) -> 169.49 | J91: =IF(Source!BA53<> 0, Source!BA53, 1) -> 1 | K91: =Source!S53 -> 169.49 | R91: =H91 -> 169.49
C92: Эксплуатация машин | F92: =Source!AM53 -> 11.83 | G92: =Source!DE53 -> )*1,25)*1,35 | H92: =ROUND(Source!AD53*Source!I53, 2) -> 3.59 | J92: =IF(Source!BB53<> 0, Source!BB53, 1) -> 1 | K92: =Source!Q53 -> 3.59
C93: в т.ч. зарплата машинистов | F93: =Source!AN53 -> 2.09 | G93: =Source!DF53 -> )*1,25)*1,35 | H93: =ROUND(Source!AE53*Source!I53, 2) -> 0.63 | J93: =IF(Source!BS53<> 0, Source!BS53, 1) -> 1 | K93: =Source!R53 -> 0.63 | R93: =H93 -> 0.63
C94: Материальные ресурсы | F94: =Source!AL53 -> 193.71 | G94: =Source!DD53 | H94: =ROUND(Source!AC53*Source!I53, 2) -> 34.87 | J94: =IF(Source!BC53<> 0, Source!BC53, 1) -> 1 | K94: =Source!P53 -> 34.87
C95: НР от ФОТ | D95: % | E95: =Source!BZ53 -> 122 | F95: =CONCATENATE(" )", Source!DL53, Source!FT53, "=", Source!FX53) -> )*0,9=109,8 | H95: =SUM(S89:S99) -> 186.79 | J95: =Source!AT53 -> 110 | K95: =SUM(T89:T99) -> 187.13
C96: СП от ФОТ | D96: % | E96: =Source!CA53 -> 80 | F96: =CONCATENATE(" )", Source!DM53, Source!FU53, "=", Source!FY53) -> )*0,85=68 | H96: =SUM(U89:U99) -> 115.68 | J96: =Source!AU53 -> 68 | K96: =SUM(V89:V99) -> 115.68
C97: Затраты труда | D97: чел-ч | E97: =Source!AQ53 -> 70.2 | G97: =Source!DI53 -> )*1,15)*1,35 | L97: =Source!U53 -> 19.61739
A98: =Source!E55 -> 9,1 | B98: =Source!F55 -> 01.7.16.02-0001 | C98: =Source!G55 -> Детали деревянные лесов из пиломатериалов хвойных пород | D98: =Source!H55 -> м3 | E98: =Source!I55 -> 0.00144 | F98: =Source!AL55+Source!AM55+Source!AO55 -> 1100 | H98: =ROUND(Source!AC55*Source!I55, 2)+ROUND(Source!AD55*Source!I55, 2)+ROUND(Source!AF55*Source!I55, 2) -> 1.58 | J98: =IF(Source!BC55<> 0, Source!BC55, 1) -> 1 | K98: =Source!O55 -> 1.58 | S98: =ROUND((Source!FX55/100)*((ROUND(Source!AF55*Source!I55, 2)+ROUND(Source!AE55*Source!I55, 2))), 2) -> 0 | T98: =Source!X55 -> 0 | U98: =ROUND((Source!FY55/100)*((ROUND(Source!AF55*Source!I55, 2)+ROUND(Source!AE55*Source!I55, 2))), 2) -> 0 | V98: =Source!Y55 -> 0 | W98: =IF(Source!BI55<=1,H98, 0) -> 1.58 | X98: =IF(Source!BI55=2,H98, 0) -> 0 | Y98: =IF(Source!BI55=3,H98, 0) -> 0 | Z98: =IF(Source!BI55=4,H98, 0) -> 0
A99: =Source!E57 -> 9,2 | B99: =Source!F57 -> 01.7.16.02-0003 | C99: =Source!G57 -> Детали стальных трубчатых лесов, укомплектованные пробками, крючками и хомутами, окрашенные | D99: =Source!H57 -> т | E99: =Source!I57 -> 0.00522 | F99: =Source!AL57+Source!AM57+Source!AO57 -> 6102 | H99: =ROUND(Source!AC57*Source!I57, 2)+ROUND(Source!AD57*Source!I57, 2)+ROUND(Source!AF57*Source!I57, 2) -> 31.85 | J99: =IF(Source!BC57<> 0, Source!BC57, 1) -> 1 | K99: =Source!O57 -> 31.85 | S99: =ROUND((Source!FX57/100)*((ROUND(Source!AF57*Source!I57, 2)+ROUND(Source!AE57*Source!I57, 2))), 2) -> 0 | T99: =Source!X57 -> 0 | U99: =ROUND((Source!FY57/100)*((ROUND(Source!AF57*Source!I57, 2)+ROUND(Source!AE57*Source!I57, 2))), 2) -> 0 | V99: =Source!Y57 -> 0 | W99: =IF(Source!BI57<=1,H99, 0) -> 31.85 | X99: =IF(Source!BI57=2,H99, 0) -> 0 | Y99: =IF(Source!BI57=3,H99, 0) -> 0 | Z99: =IF(Source!BI57=4,H99, 0) -> 0
G100: =H91+H92+H94+H95+H96+SUM(H98:H99) -> 543.85 | J100: =K91+K92+K94+K95+K96+SUM(K98:K99) -> 544.19 | L100: =Source!U53 -> 19.61739 | O100: =G100 -> 543.85 | P100: =J100 -> 544.19 | Q100: =L100 -> 19.61739 | W100: =IF(Source!BI53<=1,H91+H92+H94+H95+H96, 0) -> 510.42 | X100: =IF(Source!BI53=2,H91+H92+H94+H95+H96, 0) -> 0 | Y100: =IF(Source!BI53=3,H91+H92+H94+H95+H96, 0) -> 0 | Z100: =IF(Source!BI53=4,H91+H92+H94+H95+H96, 0) -> 0
A101: =Source!E59 -> 10 | B101: =Source!F59 -> 09-04-012-01 | C101: =Source!G59 -> Установка металлических дверных блоков в готовые проемы | D101: =Source!H59 -> м2 | E101: =Source!I59 -> 22.33 | F101: =Source!AL59+Source!AM59+Source!AO59 -> 63.94 | I101: =Source!BO59 | S101: =ROUND((Source!FX59/100)*((ROUND(Source!AF59*Source!I59, 2)+ROUND(Source!AE59*Source!I59, 2))), 2) -> 728.72 | T101: =Source!X59 -> 728.72 | U101: =ROUND((Source!FY59/100)*((ROUND(Source!AF59*Source!I59, 2)+ROUND(Source!AE59*Source!I59, 2))), 2) -> 650 | V101: =Source!Y59 -> 647.76
C102: ="Объем: "&Source!I59&"=13,72+"&"2,94+"&"3,78+"&"1,89" -> Объем: 22,33=13,72+2,94+3,78+1,89
C103: Зарплата | F103: =Source!AO59 -> 23.81 | G103: =Source!DG59 -> )*1,15)*1,35 | H103: =ROUND(Source!AF59*Source!I59, 2) -> 825.43 | J103: =IF(Source!BA59<> 0, Source!BA59, 1) -> 1 | K103: =Source!S59 -> 825.43 | R103: =H103 -> 825.43
C104: Эксплуатация машин | F104: =Source!AM59 -> 14.41 | G104: =Source!DE59 -> )*1,25)*1,35 | H104: =ROUND(Source!AD59*Source!I59, 2) -> 543 | J104: =IF(Source!BB59<> 0, Source!BB59, 1) -> 1 | K104: =Source!Q59 -> 543
C105: в т.ч. зарплата машинистов | F105: =Source!AN59 -> 1.97 | G105: =Source!DF59 -> )*1,25)*1,35 | H105: =ROUND(Source!AE59*Source!I59, 2) -> 74.23 | J105: =IF(Source!BS59<> 0, Source!BS59, 1) -> 1 | K105: =Source!R59 -> 74.23 | R105: =H105 -> 74.23
C106: Материальные ресурсы | F106: =Source!AL59 -> 25.72 | G106: =Source!DD59 | H106: =ROUND(Source!AC59*Source!I59, 2) -> 574.33 | J106: =IF(Source!BC59<> 0, Source!BC59, 1) -> 1 | K106: =Source!P59 -> 574.33
C107: НР от ФОТ | D107: % | E107: =Source!BZ59 -> 90 | F107: =CONCATENATE(" )", Source!DL59, Source!FT59, "=", Source!FX59) -> )*0,9=81 | H107: =SUM(S101:S114) -> 728.72 | J107: =Source!AT59 -> 81 | K107: =SUM(T101:T114) -> 728.72
...

Sheet Source
A1: 0 | B1: Smeta.RU (495) 974-1589 | D1: _PS_ | F1: 0 | G1: 0 | H1: 0 | I1: Smeta.RU | J1: НИЯУ МИФИ Доп. раб. место MCCS-0016187 | K1: 0 | L1: 16187 | M1: 10
A12: 1 | B12: 585 | C12: 0 | D12: =ROW(A523) -> 523 | E12: 0 | F12: Новый объект | G12: Капитальный ремонт лестницы лабораторного корпуса "А" НИЯУ МИФИ по адресу:г. Москва, каширское шоссе, д.31, стр.2 | I12: 0 | K12: 0 | O12: 0 | P12: 0 | Q12: 2 | R12: 0 | S12: 0 | V12: 0 | BH12: Сметные нормы списания | BI12: Коды ценников | BJ12: 1 | BK12: 1 | BL12: 0 | BM12: 0 | BN12: 1 | BO12: 0 | BP12: 6 | BQ12: 2 | BR12: 1 | BS12: 1 | BT12: 0 | BU12: 0 | BV12: 1 | BW12: 0 | BX12: 0 | BY12: ФЕР-2017 | BZ12: ТР для Версии 10: Центральные регионы (с учетом п-ма 2536-ИП/12/ГС от 22.03.2017 г | CA12: ФЕР-2017 | CB12: ФЕР-2017 | CC12: ФЕР-2017 | CD12: ФЕР-2017 | CE12: Поправки для ГСН 2017 от 31.03.2017 г | CF12: 0 | CG12: 0 | CH12: 524288 | CK12: 4 | EC12: 0
A15: 15 | B15: 1
A18: 52 | B18: =B523 -> 585 | C18: =C523 -> 1 | D18: =D523 -> 12 | E18: =E523 -> 0 | F18: =F523 -> Новый объект | G18: =G523 -> Капитальный ремонт лестницы лабораторного корпуса "А" НИЯУ МИФИ по адресу:г. Москва, каширское шоссе, д.31, стр.2 | O18: =O523 -> 154703.36 | P18: =P523 -> 126164.9 | Q18: =Q523 -> 2201.4 | R18: =R523 -> 393.67 | S18: =S523 -> 26337.06 | T18: =T523 -> 0 | U18: =U523 -> 3013.8013 | V18: =V523 -> 34.100203 | ... GX18: =GX523 -> 0
A20: 3 | B20: 1 | D20: =ROW(A490) -> 490 | F20: Новая локальная смета | G20: Новая локальная смета | I20: 0 | K20: 0 | V20: 0 | BX20: 0 | CF20: 0 | CG20: 0
A22: 52 | B22: =B490 -> 1 | C22: =C490 -> 3 | D22: =D490 -> 20 | E22: =E490 -> 0 | F22: =F490 -> Новая локальная смета | G22: =G490 -> Новая локальная смета | O22: =O490 -> 154703.36 | P22: =P490 -> 126164.9 | Q22: =Q490 -> 2201.4 | R22: =R490 -> 393.67 | S22: =S490 -> 26337.06 | T22: =T490 -> 0 | U22: =U490 -> 3013.8013 | V22: =V490 -> 34.100203 | ... GX22: =GX490 -> 0
A24: 4 | B24: 1 | D24: =ROW(A224) -> 224 | F24: Новый раздел | G24: Лестница "А" | I24: 0 | K24: -1 | V24: 0 | BX24: 0 | CJ24: 0
A26: 52 | B26: =B224 -> 1 | C26: =C224 -> 4 | D26: =D224 -> 24 | E26: =E224 -> 0 | F26: =F224 -> Новый раздел | G26: =G224 -> Лестница "А" | O26: =O224 -> 75082.97 | P26: =P224 -> 60923.84 | Q26: =Q224 -> 1057.17 | R26: =R224 -> 189.75 | S26: =S224 -> 13101.96 | T26: =T224 -> 0 | U26: =U224 -> 1499.6526 | V26: =V224 -> 16.462533 | ... GX26: =GX224 -> 0
A28: 5 | B28: 1 | D28: =ROW(A157) -> 157 | F28: Новый подраздел | G28: Общестроительные работы | I28: 0 | K28: 0 | V28: 0 | BX28: 0 | CJ28: 0
A30: 52 | B30: =B157 -> 1 | C30: =C157 -> 5 | D30: =D157 -> 28 | E30: =E157 -> 0 | F30: =F157 -> Новый подраздел | G30: =G157 -> Общестроительные работы | O30: =O157 -> 74896.99 | P30: =P157 -> 60923.84 | Q30: =Q157 -> 1056.88 | R30: =R157 -> 189.63 | S30: =S157 -> 12916.27 | T30: =T157 -> 0 | U30: =U157 -> 1480.3188 | V30: =V157 -> 16.453333 | ... GX30: =GX157 -> 0
A32: 17 | B32: 1 | C32: =ROW(SmtRes!A4) -> 4 | D32: =ROW(EtalonRes!A4) -> 4 | E32: 1 | F32: 57-2-3 | G32: Разборка покрытий полов из керамических плиток | H32: 100 м2 | I32: =ROUND(44.57/100,9) -> 0.4457 | J32: 0 | O32: =ROUND(CP32,2) -> 328.55 | P32: =ROUND(CQ32*I32,2) -> 0 | Q32: =ROUND(CR32*I32,2) -> 23.07 | R32: =ROUND(CS32*I32,2) -> 9.96 | S32: =ROUND(CT32*I32,2) -> 305.48 | T32: =ROUND(CU32*I32,2) -> 0 | U32: =CV32*I32 -> 35.812218 | V32: =CW32*I32 -> 0.7380792 | W32: =ROUND(CX32*I32,2) -> 0 | X32: =ROUND(CY32,2) -> 252.35 | Y32: =ROUND(CZ32,2) -> 214.5 | AA32: 27703374 | AB32: =ROUND((AC32+AD32+AF32),6) -> 737.15 | AC32: =ROUND((ES32),6) -> 0 | AD32: =ROUND(((((ET32*1.15))-((EU32*1.15)))+AE32),6) -> 51.7615 | AE32: =ROUND(((EU32*1.15)),6) -> 22.356 | AF32: =ROUND(((EV32*1.15)),6) -> 685.3885 | AG32: =ROUND((AP32),6) -> 0 | AH32: =((EW32*1.15)) -> 80.3505 | AI32: =((EX32*1.15)) -> 1.656 | AJ32: =ROUND((AS32),6) -> 0 | AK32: 641 | AL32: 0 | AM32: 45.01 | AN32: 19.44 | AO32: 595.99 | AP32: 0 | AQ32: 69.87 | AR32: 1.44 | AS32: 0 | AT32: 80 | AU32: 68 | AV32: 1 | AW32: 1 | AZ32: 1 | BA32: 1 | BB32: 1 | BC32: 1 | BH32: 0 | BI32: 1 | BJ32: ФЕРр-2001, 57-2-3, приказ Минстроя России №1039/пр от 30.12.2016г. | BM32: 57001 | BN32: 0 | BP32: 0 | BQ32: 6 | BR32: 0 | BS32: 1 | BT32: 1 | BU32: 1 | BV32: 1 | BW32: 1 | BX32: 1 | BZ32: 80 | CA32: 68 | CF32: 0 | CG32: 0 | CM32: 0 | CN32: Поправка: МДС 81-36.2004, прил.3, п.3р Наименование: Производство строительных и других работ в существующих зданиях и сооружениях в стесненных условиях: с наличием в зоне производства работ действующего технологического оборудования (станков, установок, кранов и т.п.) или загромождающих предметов (лабораторное оборудование, мебель и т. п.), или движения транспорта по внутрицеховым путям | CO32: 0 | CP32: =(P32+Q32+S32) -> 328.55 | CQ32: =AC32*BC32 -> 0 | CR32: =AD32*BB32 -> 51.7615 | CS32: =AE32*BS32 -> 22.356 | CT32: =AF32*BA32 -> 685.3885 | CU32: =AG32 -> 0 | CV32: =AH32 -> 80.3505 | CW32: =AI32 -> 1.656 | CX32: =AJ32 -> 0 | CY32: =(((S32+R32)*AT32)/100) -> 252.352 | CZ32: =(((S32+R32)*AU32)/100) -> 214.4992 | DE32: )*1,15 | DF32: )*1,15 | DG32: )*1,15 | DI32: )*1,15 | DJ32: )*1,15 | DN32: 0 | DO32: 0 | DP32: 1 | DQ32: 1 | DU32: 1005 | DV32: 100 м2 | DW32: 100 м2 | DX32: 100 | EE32: 27029102 | EF32: 6 | EG32: Ремонтно-строительные работы | EH32: 0 | EJ32: 1 | EK32: 57001 | EL32: Полы | EM32: рФЕР-57 | EO32: Поправка: МДС 81-36.2004, прил.3, п.3р | EQ32: 0 | ER32: 641 | ES32: 0 | ET32: 45.01 | EU32: 19.44 | EV32: 595.99 | EW32: 69.87 | EX32: 1.44 | EY32: 0 | FQ32: 0 | FR32: =ROUND(IF(AND(BH32=3,BI32=3),P32,0),2) -> 0 | FS32: 0 | FX32: 80 | FY32: 68 | GD32: 0 | GF32: -1405612292 | GG32: 2 | GH32: 1 | GI32: -2 | GJ32: 0 | GK32: =ROUND(R32*(R12)/100,2) -> 0 | GL32: =ROUND(IF(AND(BH32=3,BI32=3,FS32<>0),P32,0),2) -> 0 | GM32: =ROUND(O32+X32+Y32+GK32,2)+GX32 -> 795.4 | GN32: =IF(OR(BI32=0,BI32=1),ROUND(O32+X32+Y32+GK32,2),0) -> 795.4 | GO32: =IF(BI32=2,ROUND(O32+X32+Y32+GK32,2),0) -> 0 | GP32: =IF(BI32=4,ROUND(O32+X32+Y32+GK32,2)+GX32,0) -> 0 | GR32: 0 | GS32: 3 | GT32: 0 | GV32: =ROUND(GT32,6) -> 0 | GW32: 1 | GX32: =ROUND(GV32*GW32*I32,2) -> 0 | HA32: 0 | HB32: 0 | IK32: 0
A33: 17 | B33: 1 | C33: =ROW(SmtRes!A8) -> 8 | D33: =ROW(EtalonRes!A8) -> 8 | E33: 1 | F33: 57-2-3 | G33: Разборка покрытий полов из керамических плиток | H33: 100 м2 | I33: =ROUND(44.57/100,9) -> 0.4457 | J33: 0 | O33: =ROUND(CP33,2) -> 328.55 | P33: =ROUND(CQ33*I33,2) -> 0 | Q33: =ROUND(CR33*I33,2) -> 23.07 | R33: =ROUND(CS33*I33,2) -> 9.96 | S33: =ROUND(CT33*I33,2) -> 305.48 | T33: =ROUND(CU33*I33,2) -> 0 | U33: =CV33*I33 -> 35.812218 | V33: =CW33*I33 -> 0.7380792 | W33: =ROUND(CX33*I33,2) -> 0 | X33: =ROUND(CY33,2) -> 252.35 | Y33: =ROUND(CZ33,2) -> 214.5 | AA33: 27703388 | AB33: =ROUND((AC33+AD33+AF33),6) -> 737.15 | AC33: =ROUND((ES33),6) -> 0 | AD33: =ROUND(((((ET33*1.15))-((EU33*1.15)))+AE33),6) -> 51.7615 | AE33: =ROUND(((EU33*1.15)),6) -> 22.356 | AF33: =ROUND(((EV33*1.15)),6) -> 685.3885 | AG33: =ROUND((AP33),6) -> 0 | AH33: =((EW33*1.15)) -> 80.3505 | AI33: =((EX33*1.15)) -> 1.656 | AJ33: =ROUND((AS33),6) -> 0 | AK33: 641 | AL33: 0 | AM33: 45.01 | AN33: 19.44 | AO33: 595.99 | AP33: 0 | AQ33: 69.87 | AR33: 1.44 | AS33: 0 | AT33: 80 | AU33: 68 | AV33: 1 | AW33: 1 | AZ33: 1 | BA33: 1 | BB33: 1 | BC33: 1 | BH33: 0 | BI33: 1 | BJ33: ФЕРр-2001, 57-2-3, приказ Минстроя России №1039/пр от 30.12.2016г. | BM33: 57001 | BN33: 0 | BP33: 0 | BQ33: 6 | BR33: 0 | BS33: 1 | BT33: 1 | BU33: 1 | BV33: 1 | BW33: 1 | BX33: 1 | BZ33: 80 | CA33: 68 | CF33: 0 | CG33: 0 | CM33: 0 | CN33: Поправка: МДС 81-36.2004, прил.3, п.3р Наименование: Производство строительных и других работ в существующих зданиях и сооружениях в стесненных условиях: с наличием в зоне производства работ действующего технологического оборудования (станков, установок, кранов и т.п.) или загромождающих предметов (лабораторное оборудование, мебель и т. п.), или движения транспорта по внутрицеховым путям | CO33: 0 | CP33: =(P33+Q33+S33) -> 328.55 | CQ33: =AC33*BC33 -> 0 | CR33: =AD33*BB33 -> 51.7615 | CS33: =AE33*BS33 -> 22.356 | CT33: =AF33*BA33 -> 685.3885 | CU33: =AG33 -> 0 | CV33: =AH33 -> 80.3505 | CW33: =AI33 -> 1.656 | CX33: =AJ33 -> 0 | CY33: =(((S33+R33)*AT33)/100) -> 252.352 | CZ33: =(((S33+R33)*AU33)/100) -> 214.4992 | DE33: )*1,15 | DF33: )*1,15 | DG33: )*1,15 | DI33: )*1,15 | DJ33: )*1,15 | DN33: 0 | DO33: 0 | DP33: 1 | DQ33: 1 | DU33: 1005 | DV33: 100 м2 | DW33: 100 м2 | DX33: 100 | EE33: 27029102 | EF33: 6 | EG33: Ремонтно-строительные работы | EH33: 0 | EJ33: 1 | EK33: 57001 | EL33: Полы | EM33: рФЕР-57 | EO33: Поправка: МДС 81-36.2004, прил.3, п.3р | EQ33: 0 | ER33: 641 | ES33: 0 | ET33: 45.01 | EU33: 19.44 | EV33: 595.99 | EW33: 69.87 | EX33: 1.44 | EY33: 0 | FQ33: 0 | FR33: =ROUND(IF(AND(BH33=3,BI33=3),P33,0),2) -> 0 | FS33: 0 | FX33: 80 | FY33: 68 | GD33: 0 | GF33: -1405612292 | GG33: 1 | GH33: 1 | GI33: -2 | GJ33: 0 | GK33: =ROUND(R33*(S12)/100,2) -> 0 | GL33: =ROUND(IF(AND(BH33=3,BI33=3,FS33<>0),P33,0),2) -> 0 | GM33: =ROUND(O33+X33+Y33+GK33,2)+GX33 -> 795.4 | GN33: =IF(OR(BI33=0,BI33=1),ROUND(O33+X33+Y33+GK33,2),0) -> 795.4 | GO33: =IF(BI33=2,ROUND(O33+X33+Y33+GK33,2),0) -> 0 | GP33: =IF(BI33=4,ROUND(O33+X33+Y33+GK33,2)+GX33,0) -> 0 | GR33: 0 | GS33: 3 | GT33: 0 | GV33: =ROUND(GT33,6) -> 0 | GW33: 1 | GX33: =ROUND(GV33*GW33*I33,2) -> 0 | HA33: 0 | HB33: 0 | IK33: 0
A34: 18 | B34: 1 | C34: 4 | E34: 1,1 | F34: 01.7.07.07 | G34: Строительный мусор | H34: т | I34: =I32*J34 -> 2.31764 | J34: 5.2 | O34: =ROUND(CP34,2) -> 0 | P34: =ROUND(CQ34*I34,2) -> 0 | Q34: =ROUND(CR34*I34,2) -> 0 | R34: =ROUND(CS34*I34,2) -> 0 | S34: =ROUND(CT34*I34,2) -> 0 | T34: =ROUND(CU34*I34,2) -> 0 | U34: =CV34*I34 -> 0 | V34: =CW34*I34 -> 0 | W34: =ROUND(CX34*I34,2) -> 0 | X34: =ROUND(CY34,2) -> 0 | Y34: =ROUND(CZ34,2) -> 0 | AA34: 27703374 | AB34: =ROUND((AC34+AD34+AF34),6) -> 0 | AC34: =ROUND((ES34),6) -> 0 | AD34: =ROUND((((ET34)-(EU34))+AE34),6) -> 0 | AE34: =ROUND((EU34),6) -> 0 | AF34: =ROUND((EV34),6) -> 0 | AG34: =ROUND((AP34),6) -> 0 | AH34: =(EW34) -> 0 | AI34: =(EX34) -> 0 | AJ34: =ROUND((AS34),6) -> 0 | AK34: 0 | AL34: 0 | AM34: 0 | AN34: 0 | AO34: 0 | AP34: 0 | AQ34: 0 | AR34: 0 | AS34: 0 | AT34: 80 | AU34: 68 | AV34: 1 | AW34: 1 | AZ34: 1 | BA34: 1 | BB34: 1 | BC34: 1 | BH34: 3 | BI34: 1 | BM34: 57001 | BN34: 0 | BP34: 0 | BQ34: 6 | BR34: 0 | BS34: 1 | BT34: 1 | BU34: 1 | BV34: 1 | BW34: 1 | BX34: 1 | BZ34: 80 | CA34: 68 | CF34: 0 | CG34: 0 | CM34: 0 | CO34: 0 | CP34: =(P34+Q34+S34) -> 0 | CQ34: =AC34*BC34 -> 0 | CR34: =AD34*BB34 -> 0 | CS34: =AE34*BS34 -> 0 | CT34: =AF34*BA34 -> 0 | CU34: =AG34 -> 0 | CV34: =AH34 -> 0 | CW34: =AI34 -> 0 | CX34: =AJ34 -> 0 | CY34: =(((S34+R34)*AT34)/100) -> 0 | CZ34: =(((S34+R34)*AU34)/100) -> 0 | DN34: 0 | DO34: 0 | DP34: 1 | DQ34: 1 | DU34: 1009 | DV34: т | DW34: т | DX34: 1000 | EE34: 27029102 | EF34: 6 | EG34: Ремонтно-строительные работы | EH34: 0 | EJ34: 1 | EK34: 57001 | EL34: Полы | EM34: рФЕР-57 | EQ34: 0 | ER34: 0 | ES34: 0 | ET34: 0 | EU34: 0 | EV34: 0 | EW34: 0 | EX34: 0 | FQ34: 0 | FR34: =ROUND(IF(AND(BH34=3,BI34=3),P34,0),2) -> 0 | FS34: 0 | FX34: 80 | FY34: 68 | GD34: 0 | GF34: -179832266 | GG34: 2 | GH34: 1 | GI34: -2 | GJ34: 0 | GK34: =ROUND(R34*(R12)/100,2) -> 0 | GL34: =ROUND(IF(AND(BH34=3,BI34=3,FS34<>0),P34,0),2) -> 0 | GM34: =ROUND(O34+X34+Y34+GK34,2)+GX34 -> 0 | GN34: =IF(OR(BI34=0,BI34=1),ROUND(O34+X34+Y34+GK34,2),0) -> 0 | GO34: =IF(BI34=2,ROUND(O34+X34+Y34+GK34,2),0) -> 0 | GP34: =IF(BI34=4,ROUND(O34+X34+Y34+GK34,2)+GX34,0) -> 0 | GR34: 0 | GS34: 3 | GT34: 0 | GV34: =ROUND(GT34,6) -> 0 | GW34: 1 | GX34: =ROUND(GV34*GW34*I34,2) -> 0 | HA34: 0 | HB34: 0 | IK34: 0
A35: 18 | B35: 1 | C35: 8 | E35: 1,1 | F35: 01.7.07.07 | G35: Строительный мусор | H35: т | I35: =I33*J35 -> 2.31764 | J35: 5.2 | O35: =ROUND(CP35,2) -> 0 | P35: =ROUND(CQ35*I35,2) -> 0 | Q35: =ROUND(CR35*I35,2) -> 0 | R35: =ROUND(CS35*I35,2) -> 0 | S35: =ROUND(CT35*I35,2) -> 0 | T35: =ROUND(CU35*I35,2) -> 0 | U35: =CV35*I35 -> 0 | V35: =CW35*I35 -> 0 | W35: =ROUND(CX35*I35,2) -> 0 | X35: =ROUND(CY35,2) -> 0 | Y35: =ROUND(CZ35,2) -> 0 | AA35: 27703388 | AB35: =ROUND((AC35+AD35+AF35),6) -> 0 | AC35: =ROUND((ES35),6) -> 0 | AD35: =ROUND((((ET35)-(EU35))+AE35),6) -> 0 | AE35: =ROUND((EU35),6) -> 0 | AF35: =ROUND((EV35),6) -> 0 | AG35: =ROUND((AP35),6) -> 0 | AH35: =(EW35) -> 0 | AI35: =(EX35) -> 0 | AJ35: =ROUND((AS35),6) -> 0 | AK35: 0 | AL35: 0 | AM35: 0 | AN35: 0 | AO35: 0 | AP35: 0 | AQ35: 0 | AR35: 0 | AS35: 0 | AT35: 80 | AU35: 68 | AV35: 1 | AW35: 1 | AZ35: 1 | BA35: 1 | BB35: 1 | BC35: 1 | BH35: 3 | BI35: 1 | BM35: 57001 | BN35: 0 | BP35: 0 | BQ35: 6 | BR35: 0 | BS35: 1 | BT35: 1 | BU35: 1 | BV35: 1 | BW35: 1 | BX35: 1 | BZ35: 80 | CA35: 68 | CF35: 0 | CG35: 0 | CM35: 0 | CO35: 0 | CP35: =(P35+Q35+S35) -> 0 | CQ35: =AC35*BC35 -> 0 | CR35: =AD35*BB35 -> 0 | CS35: =AE35*BS35 -> 0 | CT35: =AF35*BA35 -> 0 | CU35: =AG35 -> 0 | CV35: =AH35 -> 0 | CW35: =AI35 -> 0 | CX35: =AJ35 -> 0 | CY35: =(((S35+R35)*AT35)/100) -> 0 | CZ35: =(((S35+R35)*AU35)/100) -> 0 | DN35: 0 | DO35: 0 | DP35: 1 | DQ35: 1 | DU35: 1009 | DV35: т | DW35: т | DX35: 1000 | EE35: 27029102 | EF35: 6 | EG35: Ремонтно-строительные работы | EH35: 0 | EJ35: 1 | EK35: 57001 | EL35: Полы | EM35: рФЕР-57 | EQ35: 0 | ER35: 0 | ES35: 0 | ET35: 0 | EU35: 0 | EV35: 0 | EW35: 0 | EX35: 0 | FQ35: 0 | FR35: =ROUND(IF(AND(BH35=3,BI35=3),P35,0),2) -> 0 | FS35: 0 | FX35: 80 | FY35: 68 | GD35: 0 | GF35: -179832266 | GG35: 1 | GH35: 1 | GI35: -2 | GJ35: 0 | GK35: =ROUND(R35*(S12)/100,2) -> 0 | GL35: =ROUND(IF(AND(BH35=3,BI35=3,FS35<>0),P35,0),2) -> 0 | GM35: =ROUND(O35+X35+Y35+GK35,2)+GX35 -> 0 | GN35: =IF(OR(BI35=0,BI35=1),ROUND(O35+X35+Y35+GK35,2),0) -> 0 | GO35: =IF(BI35=2,ROUND(O35+X35+Y35+GK35,2),0) -> 0 | GP35: =IF(BI35=4,ROUND(O35+X35+Y35+GK35,2)+GX35,0) -> 0 | GR35: 0 | GS35: 3 | GT35: 0 | GV35: =ROUND(GT35,6) -> 0 | GW35: 1 | GX35: =ROUND(GV35*GW35*I35,2) -> 0 | HA35: 0 | HB35: 0 | IK35: 0
A36: 17 | B36: 1 | C36: =ROW(SmtRes!A10) -> 10 | D36: =ROW(EtalonRes!A10) -> 10 | E36: 2 | F36: 59-4-3 | G36: Разборка поручней поливинилхлоридных | H36: 100 м | I36: =ROUND(33/100,9) -> 0.33 | J36: 0 | O36: =ROUND(CP36,2) -> 10.42 | P36: =ROUND(CQ36*I36,2) -> 0 | Q36: =ROUND(CR36*I36,2) -> 0 | R36: =ROUND(CS36*I36,2) -> 0 | S36: =ROUND(CT36*I36,2) -> 10.42 | T36: =ROUND(CU36*I36,2) -> 0 | U36: =CV36*I36 -> 1.27512 | V36: =CW36*I36 -> 0 | W36: =ROUND(CX36*I36,2) -> 0 | X36: =ROUND(CY36,2) -> 7.92 | Y36: =ROUND(CZ36,2) -> 6.25 | AA36: 27703374 | AB36: =ROUND((AC36+AD36+AF36),6) -> 31.5675 | AC36: =ROUND((ES36),6) -> 0 | AD36: =ROUND(((((ET36*1.15))-((EU36*1.15)))+AE36),6) -> 0 | AE36: =ROUND(((EU36*1.15)),6) -> 0 | AF36: =ROUND(((EV36*1.15)),6) -> 31.5675 | AG36: =ROUND((AP36),6) -> 0 | AH36: =((EW36*1.15)) -> 3.864 | AI36: =((EX36*1.15)) -> 0 | AJ36: =ROUND((AS36),6) -> 0 | AK36: 27.45 | AL36: 0 | AM36: 0 | AN36: 0 | AO36: 27.45 | AP36: 0 | AQ36: 3.36 | AR36: 0 | AS36: 0 | AT36: 76 | AU36: 60 | AV36: 1 | AW36: 1 | AZ36: 1 | BA36: 1 | BB36: 1 | BC36: 1 | BH36: 0 | BI36: 1 | BJ36: ФЕРр-2001, 59-4-3, приказ Минстроя России №1039/пр от 30.12.2016г. | BM36: 59001 | BN36: 0 | BP36: 0 | BQ36: 6 | BR36: 0 | BS36: 1 | BT36: 1 | BU36: 1 | BV36: 1 | BW36: 1 | BX36: 1 | BZ36: 76 | CA36: 60 | CF36: 0 | CG36: 0 | CM36: 0 | CN36: Поправка: МДС 81-36.2004, прил.3, п.3р Наименование: Производство строительных и других работ в существующих зданиях и сооружениях в стесненных условиях: с наличием в зоне производства работ действующего технологического оборудования (станков, установок, кранов и т.п.) или загромождающих предметов (лабораторное оборудование, мебель и т. п.), или движения транспорта по внутрицеховым путям | CO36: 0 | CP36: =(P36+Q36+S36) -> 10.42 | CQ36: =AC36*BC36 -> 0 | CR36: =AD36*BB36 -> 0 | CS36: =AE36*BS36 -> 0 | CT36: =AF36*BA36 -> 31.5675 | CU36: =AG36 -> 0 | CV36: =AH36 -> 3.864 | CW36: =AI36 -> 0 | CX36: =AJ36 -> 0 | CY36: =(((S36+R36)*AT36)/100) -> 7.9192 | CZ36: =(((S36+R36)*AU36)/100) -> 6.252 | DE36: )*1,15 | DF36: )*1,15 | DG36: )*1,15 | DI36: )*1,15 | DJ36: )*1,15 | DN36: 0 | DO36: 0 | DP36: 1 | DQ36: 1 | DU36: 1003 | DV36: 100 м | DW36: 100 м | DX36: 100 | EE36: 27029104 | EF36: 6 | EG36: Ремонтно-строительные работы | EH36: 0 | EJ36: 1 | EK36: 59001 | EL36: Лестницы, кровля | EM36: рФЕР-59 | EO36: Поправка: МДС 81-36.2004, прил.3, п.3р | EQ36: 0 | ER36: 27.45 | ES36: 0 | ET36: 0 | EU36: 0 | EV36: 27.45 | EW36: 3.36 | EX36: 0 | EY36: 0 | FQ36: 0 | FR36: =ROUND(IF(AND(BH36=3,BI36=3),P36,0),2) -> 0 | FS36: 0 | FX36: 76 | FY36: 60 | GD36: 0 | GF36: 1503954982 | GG36: 2 | GH36: 1 | GI36: -2 | GJ36: 0 | GK36: =ROUND(R36*(R12)/100,2) -> 0 | GL36: =ROUND(IF(AND(BH36=3,BI36=3,FS36<>0),P36,0),2) -> 0 | GM36: =ROUND(O36+X36+Y36+GK36,2)+GX36 -> 24.59 | GN36: =IF(OR(BI36=0,BI36=1),ROUND(O36+X36+Y36+GK36,2),0) -> 24.59 | GO36: =IF(BI36=2,ROUND(O36+X36+Y36+GK36,2),0) -> 0 | GP36: =IF(BI36=4,ROUND(O36+X36+Y36+GK36,2)+GX36,0) -> 0 | GR36: 0 | GS36: 3 | GT36: 0 | GV36: =ROUND(GT36,6) -> 0 | GW36: 1 | GX36: =ROUND(GV36*GW36*I36,2) -> 0 | HA36: 0 | HB36: 0 | IK36: 0
A37: 17 | B37: 1 | C37: =ROW(SmtRes!A12) -> 12 | D37: =ROW(EtalonRes!A12) -> 12 | E37: 2 | F37: 59-4-3 | G37: Разборка поручней поливинилхлоридных | H37: 100 м | I37: =ROUND(33/100,9) -> 0.33 | J37: 0 | O37: =ROUND(CP37,2) -> 10.42 | P37: =ROUND(CQ37*I37,2) -> 0 | Q37: =ROUND(CR37*I37,2) -> 0 | R37: =ROUND(CS37*I37,2) -> 0 | S37: =ROUND(CT37*I37,2) -> 10.42 | T37: =ROUND(CU37*I37,2) -> 0 | U37: =CV37*I37 -> 1.27512 | V37: =CW37*I37 -> 0 | W37: =ROUND(CX37*I37,2) -> 0 | X37: =ROUND(CY37,2) -> 7.92 | Y37: =ROUND(CZ37,2) -> 6.25 | AA37: 27703388 | AB37: =ROUND((AC37+AD37+AF37),6) -> 31.5675 | AC37: =ROUND((ES37),6) -> 0 | AD37: =ROUND(((((ET37*1.15))-((EU37*1.15)))+AE37),6) -> 0 | AE37: =ROUND(((EU37*1.15)),6) -> 0 | AF37: =ROUND(((EV37*1.15)),6) -> 31.5675 | AG37: =ROUND((AP37),6) -> 0 | AH37: =((EW37*1.15)) -> 3.864 | AI37: =((EX37*1.15)) -> 0 | AJ37: =ROUND((AS37),6) -> 0 | AK37: 27.45 | AL37: 0 | AM37: 0 | AN37: 0 | AO37: 27.45 | AP37: 0 | AQ37: 3.36 | AR37: 0 | AS37: 0 | AT37: 76 | AU37: 60 | AV37: 1 | AW37: 1 | AZ37: 1 | BA37: 1 | BB37: 1 | BC37: 1 | BH37: 0 | BI37: 1 | BJ37: ФЕРр-2001, 59-4-3, приказ Минстроя России №1039/пр от 30.12.2016г. | BM37: 59001 | BN37: 0 | BP37: 0 | BQ37: 6 | BR37: 0 | BS37: 1 | BT37: 1 | BU37: 1 | BV37: 1 | BW37: 1 | BX37: 1 | BZ37: 76 | CA37: 60 | CF37: 0 | CG37: 0 | CM37: 0 | CN37: Поправка: МДС 81-36.2004, прил.3, п.3р Наименование: Производство строительных и других работ в существующих зданиях и сооружениях в стесненных условиях: с наличием в зоне производства работ действующего технологического оборудования (станков, установок, кранов и т.п.) или загромождающих предметов (лабораторное оборудование, мебель и т. п.), или движения транспорта по внутрицеховым путям | CO37: 0 | CP37: =(P37+Q37+S37) -> 10.42 | CQ37: =AC37*BC37 -> 0 | CR37: =AD37*BB37 -> 0 | CS37: =AE37*BS37 -> 0 | CT37: =AF37*BA37 -> 31.5675 | CU37: =AG37 -> 0 | CV37: =AH37 -> 3.864 | CW37: =AI37 -> 0 | CX37: =AJ37 -> 0 | CY37: =(((S37+R37)*AT37)/100) -> 7.9192 | CZ37: =(((S37+R37)*AU37)/100) -> 6.252 | DE37: )*1,15 | DF37: )*1,15 | DG37: )*1,15 | DI37: )*1,15 | DJ37: )*1,15 | DN37: 0 | DO37: 0 | DP37: 1 | DQ37: 1 | DU37: 1003 | DV37: 100 м | DW37: 100 м | DX37: 100 | EE37: 27029104 | EF37: 6 | EG37: Ремонтно-строительные работы | EH37: 0 | EJ37: 1 | EK37: 59001 | EL37: Лестницы, кровля | EM37: рФЕР-59 | EO37: Поправка: МДС 81-36.2004, прил.3, п.3р | EQ37: 0 | ER37: 27.45 | ES37: 0 | ET37: 0 | EU37: 0 | EV37: 27.45 | EW37: 3.36 | EX37: 0 | EY37: 0 | FQ37: 0 | FR37: =ROUND(IF(AND(BH37=3,BI37=3),P37,0),2) -> 0 | FS37: 0 | FX37: 76 | FY37: 60 | GD37: 0 | GF37: 1503954982 | GG37: 1 | GH37: 1 | GI37: -2 | GJ37: 0 | GK37: =ROUND(R37*(S12)/100,2) -> 0 | GL37: =ROUND(IF(AND(BH37=3,BI37=3,FS37<>0),P37,0),2) -> 0 | GM37: =ROUND(O37+X37+Y37+GK37,2)+GX37 -> 24.59 | GN37: =IF(OR(BI37=0,BI37=1),ROUND(O37+X37+Y37+GK37,2),0) -> 24.59 | GO37: =IF(BI37=2,ROUND(O37+X37+Y37+GK37,2),0) -> 0 | GP37: =IF(BI37=4,ROUND(O37+X37+Y37+GK37,2)+GX37,0) -> 0 | GR37: 0 | GS37: 3 | GT37: 0 | GV37: =ROUND(GT37,6) -> 0 | GW37: 1 | GX37: =ROUND(GV37*GW37*I37,2) -> 0 | HA37: 0 | HB37: 0 | IK37: 0
A38: 18 | B38: 1 | C38: 10 | E38: 2,1 | F38: 01.7.07.07 | G38: Строительный мусор | H38: т | I38: =I36*J38 -> 0.0231 | J38: 0.07 | O38: =ROUND(CP38,2) -> 0 | P38: =ROUND(CQ38*I38,2) -> 0 | Q38: =ROUND(CR38*I38,2) -> 0 | R38: =ROUND(CS38*I38,2) -> 0 | S38: =ROUND(CT38*I38,2) -> 0 | T38: =ROUND(CU38*I38,2) -> 0 | U38: =CV38*I38 -> 0 | V38: =CW38*I38 -> 0 | W38: =ROUND(CX38*I38,2) -> 0 | X38: =ROUND(CY38,2) -> 0 | Y38: =ROUND(CZ38,2) -> 0 | AA38: 27703374 | AB38: =ROUND((AC38+AD38+AF38),6) -> 0 | AC38: =ROUND((ES38),6) -> 0 | AD38: =ROUND((((ET38)-(EU38))+AE38),6) -> 0 | AE38: =ROUND((EU38),6) -> 0 | AF38: =ROUND((EV38),6) -> 0 | AG38: =ROUND((AP38),6) -> 0 | AH38: =(EW38) -> 0 | AI38: =(EX38) -> 0 | AJ38: =ROUND((AS38),6) -> 0 | AK38: 0 | AL38: 0 | AM38: 0 | AN38: 0 | AO38: 0 | AP38: 0 | AQ38: 0 | AR38: 0 | AS38: 0 | AT38: 76 | AU38: 60 | AV38: 1 | AW38: 1 | AZ38: 1 | BA38: 1 | BB38: 1 | BC38: 1 | BH38: 3 | BI38: 1 | BM38: 59001 | BN38: 0 | BP38: 0 | BQ38: 6 | BR38: 0 | BS38: 1 | BT38: 1 | BU38: 1 | BV38: 1 | BW38: 1 | BX38: 1 | BZ38: 76 | CA38: 60 | CF38: 0 | CG38: 0 | CM38: 0 | CO38: 0 | CP38: =(P38+Q38+S38) -> 0 | CQ38: =AC38*BC38 -> 0 | CR38: =AD38*BB38 -> 0 | CS38: =AE38*BS38 -> 0 | CT38: =AF38*BA38 -> 0 | CU38: =AG38 -> 0 | CV38: =AH38 -> 0 | CW38: =AI38 -> 0 | CX38: =AJ38 -> 0 | CY38: =(((S38+R38)*AT38)/100) -> 0 | CZ38: =(((S38+R38)*AU38)/100) -> 0 | DN38: 0 | DO38: 0 | DP38: 1 | DQ38: 1 | DU38: 1009 | DV38: т | DW38: т | DX38: 1000 | EE38: 27029104 | EF38: 6 | EG38: Ремонтно-строительные работы | EH38: 0 | EJ38: 1 | EK38: 59001 | EL38: Лестницы, кровля | EM38: рФЕР-59 | EQ38: 0 | ER38: 0 | ES38: 0 | ET38: 0 | EU38: 0 | EV38: 0 | EW38: 0 | EX38: 0 | FQ38: 0 | FR38: =ROUND(IF(AND(BH38=3,BI38=3),P38,0),2) -> 0 | FS38: 0 | FX38: 76 | FY38: 60 | GD38: 0 | GF38: -179832266 | GG38: 2 | GH38: 1 | GI38: -2 | GJ38: 0 | GK38: =ROUND(R38*(R12)/100,2) -> 0 | GL38: =ROUND(IF(AND(BH38=3,BI38=3,FS38<>0),P38,0),2) -> 0 | GM38: =ROUND(O38+X38+Y38+GK38,2)+GX38 -> 0 | GN38: =IF(OR(BI38=0,BI38=1),ROUND(O38+X38+Y38+GK38,2),0) -> 0 | GO38: =IF(BI38=2,ROUND(O38+X38+Y38+GK38,2),0) -> 0 | GP38: =IF(BI38=4,ROUND(O38+X38+Y38+GK38,2)+GX38,0) -> 0 | GR38: 0 | GS38: 3 | GT38: 0 | GV38: =ROUND(GT38,6) -> 0 | GW38: 1 | GX38: =ROUND(GV38*GW38*I38,2) -> 0 | HA38: 0 | HB38: 0 | IK38: 0
A39: 18 | B39: 1 | C39: 12 | E39: 2,1 | F39: 01.7.07.07 | G39: Строительный мусор | H39: т | I39: =I37*J39 -> 0.0231 | J39: 0.07 | O39: =ROUND(CP39,2) -> 0 | P39: =ROUND(CQ39*I39,2) -> 0 | Q39: =ROUND(CR39*I39,2) -> 0 | R39: =ROUND(CS39*I39,2) -> 0 | S39: =ROUND(CT39*I39,2) -> 0 | T39: =ROUND(CU39*I39,2) -> 0 | U39: =CV39*I39 -> 0 | V39: =CW39*I39 -> 0 | W39: =ROUND(CX39*I39,2) -> 0 | X39: =ROUND(CY39,2) -> 0 | Y39: =ROUND(CZ39,2) -> 0 | AA39: 27703388 | AB39: =ROUND((AC39+AD39+AF39),6) -> 0 | AC39: =ROUND((ES39),6) -> 0 | AD39: =ROUND((((ET39)-(EU39))+AE39),6) -> 0 | AE39: =ROUND((EU39),6) -> 0 | AF39: =ROUND((EV39),6) -> 0 | AG39: =ROUND((AP39),6) -> 0 | AH39: =(EW39) -> 0 | AI39: =(EX39) -> 0 | AJ39: =ROUND((AS39),6) -> 0 | AK39: 0 | AL39: 0 | AM39: 0 | AN39: 0 | AO39: 0 | AP39: 0 | AQ39: 0 | AR39: 0 | AS39: 0 | AT39: 76 | AU39: 60 | AV39: 1 | AW39: 1 | AZ39: 1 | BA39: 1 | BB39: 1 | BC39: 1 | BH39: 3 | BI39: 1 | BM39: 59001 | BN39: 0 | BP39: 0 | BQ39: 6 | BR39: 0 | BS39: 1 | BT39: 1 | BU39: 1 | BV39: 1 | BW39: 1 | BX39: 1 | BZ39: 76 | CA39: 60 | CF39: 0 | CG39: 0 | CM39: 0 | CO39: 0 | CP39: =(P39+Q39+S39) -> 0 | CQ39: =AC39*BC39 -> 0 | CR39: =AD39*BB39 -> 0 | CS39: =AE39*BS39 -> 0 | CT39: =AF39*BA39 -> 0 | CU39: =AG39 -> 0 | CV39: =AH39 -> 0 | CW39: =AI39 -> 0 | CX39: =AJ39 -> 0 | CY39: =(((S39+R39)*AT39)/100) -> 0 | CZ39: =(((S39+R39)*AU39)/100) -> 0 | DN39: 0 | DO39: 0 | DP39: 1 | DQ39: 1 | DU39: 1009 | DV39: т | DW39: т | DX39: 1000 | EE39: 27029104 | EF39: 6 | EG39: Ремонтно-строительные работы | EH39: 0 | EJ39: 1 | EK39: 59001 | EL39: Лестницы, кровля | EM39: рФЕР-59 | EQ39: 0 | ER39: 0 | ES39: 0 | ET39: 0 | EU39: 0 | EV39: 0 | EW39: 0 | EX39: 0 | FQ39: 0 | FR39: =ROUND(IF(AND(BH39=3,BI39=3),P39,0),2) -> 0 | FS39: 0 | FX39: 76 | FY39: 60 | GD39: 0 | GF39: -179832266 | GG39: 1 | GH39: 1 | GI39: -2 | GJ39: 0 | GK39: =ROUND(R39*(S12)/100,2) -> 0 | GL39: =ROUND(IF(AND(BH39=3,BI39=3,FS39<>0),P39,0),2) -> 0 | GM39: =ROUND(O39+X39+Y39+GK39,2)+GX39 -> 0 | GN39: =IF(OR(BI39=0,BI39=1),ROUND(O39+X39+Y39+GK39,2),0) -> 0 | GO39: =IF(BI39=2,ROUND(O39+X39+Y39+GK39,2),0) -> 0 | GP39: =IF(BI39=4,ROUND(O39+X39+Y39+GK39,2)+GX39,0) -> 0 | GR39: 0 | GS39: 3 | GT39: 0 | GV39: =ROUND(GT39,6) -> 0 | GW39: 1 | GX39: =ROUND(GV39*GW39*I39,2) -> 0 | HA39: 0 | HB39: 0 | IK39: 0
A40: 17 | B40: 1 | C40: =ROW(SmtRes!A19) -> 19 | D40: =ROW(EtalonRes!A20) -> 20 | E40: 3 | F40: 10-01-059-01 | G40: Демонтаж шкафов пожарных прим. | H40: 100 ШТ | I40: =ROUND(5/100,9) -> 0.05 | J40: 0 | O40: =ROUND(CP40,2) -> 44.23 | P40: =ROUND(CQ40*I40,2) -> 0 | Q40: =ROUND(CR40*I40,2) -> 11.68 | R40: =ROUND(CS40*I40,2) -> 2.81 | S40: =ROUND(CT40*I40,2) -> 32.55 | T40: =ROUND(CU40*I40,2) -> 0 | U40: =CV40*I40 -> 4.0581 | V40: =CW40*I40 -> 0.2268 | W40: =ROUND(CX40*I40,2) -> 0 | X40: =ROUND(CY40,2) -> 37.48 | Y40: =ROUND(CZ40,2) -> 19.09 | AA40: 27703374 | AB40: =ROUND((AC40+AD40+AF40),6) -> 884.6064 | AC40: =ROUND(((ES40*0)),6) -> 0 | AD40: =ROUND((((((ET40*0.8)*1.35))-(((EU40*0.8)*1.35)))+AE40),6) -> 233.6904 | AE40: =ROUND((((EU40*0.8)*1.35)),6) -> 56.1708 | AF40: =ROUND((((EV40*0.8)*1.35)),6) -> 650.916 | AG40: =ROUND((AP40),6) -> 0 | AH40: =(((EW40*0.8)*1.35)) -> 81.162 | AI40: =(((EX40*0.8)*1.35)) -> 4.536 | AJ40: =ROUND((AS40),6) -> 0 | AK40: 2452.44 | AL40: 1633.36 | AM40: 216.38 | AN40: 52.01 | AO40: 602.7 | AP40: 0 | AQ40: 75.15 | AR40: 4.2 | AS40: 0 | AT40: 106 | AU40: 54 | AV40: 1 | AW40: 1 | AZ40: 1 | BA40: 1 | BB40: 1 | BC40: 1 | BH40: 0 | BI40: 1 | BJ40: ФЕР-2001, 10-01-059-01, приказ Минстроя России №1039/пр от 30.12.2016г. | BM40: 10001 | BN40: 0 | BP40: 0 | BQ40: 2 | BR40: 0 | BS40: 1 | BT40: 1 | BU40: 1 | BV40: 1 | BW40: 1 | BX40: 1 | BZ40: 118 | CA40: 63 | CF40: 0 | CG40: 0 | CM40: 0 | CN40: Поправка: МДС 81-36.2004, п.3.3.1.б Наименование: При демонтаже сборных деревянных конструкций Поправка: МДС 81-35.2004, прил.1, т.3, п.2 Наименование: Производство ремонтных работ в существующих зданиях и сооружениях в стесненных условиях: с наличием в зоне производства работ действующего технологического оборудования (станков, установок, кранов и т.п.) или загромождающих предметов (лабораторное оборудование, мебель и т. п.), или движения транспорта по внутрицеховым путям. | CO40: 0 | CP40: =(P40+Q40+S40) -> 44.23 | CQ40: =AC40*BC40 -> 0 | CR40: =AD40*BB40 -> 233.6904 | CS40: =AE40*BS40 -> 56.1708 | CT40: =AF40*BA40 -> 650.916 | CU40: =AG40 -> 0 | CV40: =AH40 -> 81.162 | CW40: =AI40 -> 4.536 | CX40: =AJ40 -> 0 | CY40: =(((S40+R40)*AT40)/100) -> 37.4816 | CZ40: =(((S40+R40)*AU40)/100) -> 19.0944 | DD40: )*0 | DE40: )*0,8)*1,35 | DF40: )*0,8)*1,35 | DG40: )*0,8)*1,35 | DI40: )*0,8)*1,35 | DJ40: )*0,8)*1,35 | DN40: 0 | DO40: 0 | DP40: 1 | DQ40: 1 | DU40: 1013 | DV40: 100 ШТ | DW40: 100 ШТ | DX40: 1 | EE40: 27029023 | EF40: 2 | EG40: Общестроительные работы | EH40: 0 | EJ40: 1 | EK40: 10001 | EL40: Деревянные конструкции | EM40: ФЕР-10 | EO40: Поправка: МДС 81-36.2004, п.3.3.1.б Поправка: МДС 81-35.2004, прил.1, т.3, п.2 | EQ40: 0 | ER40: 2452.44 | ES40: 1633.36 | ET40: 216.38 | EU40: 52.01 | EV40: 602.7 | EW40: 75.15 | EX40: 4.2 | EY40: 0 | FQ40: 0 | FR40: =ROUND(IF(AND(BH40=3,BI40=3),P40,0),2) -> 0 | FS40: 0 | FT40: *0,9 | FU40: *0,85 | FX40: 106.2 | FY40: 53.55 | GD40: 0 | GF40: 680488592 | GG40: 2 | GH40: 1 | GI40: -2 | GJ40: 0 | GK40: =ROUND(R40*(R12)/100,2) -> 0 | GL40: =ROUND(IF(AND(BH40=3,BI40=3,FS40<>0),P40,0),2) -> 0 | GM40: =ROUND(O40+X40+Y40+GK40,2)+GX40 -> 100.8 | GN40: =IF(OR(BI40=0,BI40=1),ROUND(O40+X40+Y40+GK40,2),0) -> 100.8 | GO40: =IF(BI40=2,ROUND(O40+X40+Y40+GK40,2),0) -> 0 | GP40: =IF(BI40=4,ROUND(O40+X40+Y40+GK40,2)+GX40,0) -> 0 | GR40: 0 | GS40: 3 | GT40: 0 | GV40: =ROUND(GT40,6) -> 0 | GW40: 1 | GX40: =ROUND(GV40*GW40*I40,2) -> 0 | HA40: 0 | HB40: 0 | IK40: 0
A41: 17 | B41: 1 | C41: =ROW(SmtRes!A26) -> 26 | D41: =ROW(EtalonRes!A28) -> 28 | E41: 3 | F41: 10-01-059-01 | G41: Демонтаж шкафов пожарных прим. | H41: 100 ШТ | I41: =ROUND(5/100,9) -> 0.05 | J41: 0 | O41: =ROUND(CP41,2) -> 44.23 | P41: =ROUND(CQ41*I41,2) -> 0 | Q41: =ROUND(CR41*I41,2) -> 11.68 | R41: =ROUND(CS41*I41,2) -> 2.81 | S41: =ROUND(CT41*I41,2) -> 32.55 | T41: =ROUND(CU41*I41,2) -> 0 | U41: =CV41*I41 -> 4.0581 | V41: =CW41*I41 -> 0.2268 | W41: =ROUND(CX41*I41,2) -> 0 | X41: =ROUND(CY41,2) -> 37.48 | Y41: =ROUND(CZ41,2) -> 19.09 | AA41: 27703388 | AB41: =ROUND((AC41+AD41+AF41),6) -> 884.6064 | AC41: =ROUND(((ES41*0)),6) -> 0 | AD41: =ROUND((((((ET41*0.8)*1.35))-(((EU41*0.8)*1.35)))+AE41),6) -> 233.6904 | AE41: =ROUND((((EU41*0.8)*1.35)),6) -> 56.1708 | AF41: =ROUND((((EV41*0.8)*1.35)),6) -> 650.916 | AG41: =ROUND((AP41),6) -> 0 | AH41: =(((EW41*0.8)*1.35)) -> 81.162 | AI41: =(((EX41*0.8)*1.35)) -> 4.536 | AJ41: =ROUND((AS41),6) -> 0 | AK41: 2452.44 | AL41: 1633.36 | AM41: 216.38 | AN41: 52.01 | AO41: 602.7 | AP41: 0 | AQ41: 75.15 | AR41: 4.2 | AS41: 0 | AT41: 106 | AU41: 54 | AV41: 1 | AW41: 1 | AZ41: 1 | BA41: 1 | BB41: 1 | BC41: 1 | BH41: 0 | BI41: 1 | BJ41: ФЕР-2001, 10-01-059-01, приказ Минстроя России №1039/пр от 30.12.2016г. | BM41: 10001 | BN41: 0 | BP41: 0 | BQ41: 2 | BR41: 0 | BS41: 1 | BT41: 1 | BU41: 1 | BV41: 1 | BW41: 1 | BX41: 1 | BZ41: 118 | CA41: 63 | CF41: 0 | CG41: 0 | CM41: 0 | CN41: Поправка: МДС 81-36.2004, п.3.3.1.б Наименование: При демонтаже сборных деревянных конструкций Поправка: МДС 81-35.2004, прил.1, т.3, п.2 Наименование: Производство ремонтных работ в существующих зданиях и сооружениях в стесненных условиях: с наличием в зоне производства работ действующего технологического оборудования (станков, установок, кранов и т.п.) или загромождающих предметов (лабораторное оборудование, мебель и т. п.), или движения транспорта по внутрицеховым путям. | CO41: 0 | CP41: =(P41+Q41+S41) -> 44.23 | CQ41: =AC41*BC41 -> 0 | CR41: =AD41*BB41 -> 233.6904 | CS41: =AE41*BS41 -> 56.1708 | CT41: =AF41*BA41 -> 650.916 | CU41: =AG41 -> 0 | CV41: =AH41 -> 81.162 | CW41: =AI41 -> 4.536 | CX41: =AJ41 -> 0 | CY41: =(((S41+R41)*AT41)/100) -> 37.4816 | CZ41: =(((S41+R41)*AU41)/100) -> 19.0944 | DD41: )*0 | DE41: )*0,8)*1,35 | DF41: )*0,8)*1,35 | DG41: )*0,8)*1,35 | DI41: )*0,8)*1,35 | DJ41: )*0,8)*1,35 | DN41: 0 | DO41: 0 | DP41: 1 | DQ41: 1 | DU41: 1013 | DV41: 100 ШТ | DW41: 100 ШТ | DX41: 1 | EE41: 27029023 | EF41: 2 | EG41: Общестроительные работы | EH41: 0 | EJ41: 1 | EK41: 10001 | EL41: Деревянные конструкции | EM41: ФЕР-10 | EO41: Поправка: МДС 81-36.2004, п.3.3.1.б Поправка: МДС 81-35.2004, прил.1, т.3, п.2 | EQ41: 0 | ER41: 2452.44 | ES41: 1633.36 | ET41: 216.38 | EU41: 52.01 | EV41: 602.7 | EW41: 75.15 | EX41: 4.2 | EY41: 0 | FQ41: 0 | FR41: =ROUND(IF(AND(BH41=3,BI41=3),P41,0),2) -> 0 | FS41: 0 | FT41: *0,9 | FU41: *0,85 | FX41: 106.2 | FY41: 53.55 | GD41: 0 | GF41: 680488592 | GG41: 1 | GH41: 1 | GI41: -2 | GJ41: 0 | GK41: =ROUND(R41*(S12)/100,2) -> 0 | GL41: =ROUND(IF(AND(BH41=3,BI41=3,FS41<>0),P41,0),2) -> 0 | GM41: =ROUND(O41+X41+Y41+GK41,2)+GX41 -> 100.8 | GN41: =IF(OR(BI41=0,BI41=1),ROUND(O41+X41+Y41+GK41,2),0) -> 100.8 | GO41: =IF(BI41=2,ROUND(O41+X41+Y41+GK41,2),0) -> 0 | GP41: =IF(BI41=4,ROUND(O41+X41+Y41+GK41,2)+GX41,0) -> 0 | GR41: 0 | GS41: 3 | GT41: 0 | GV41: =ROUND(GT41,6) -> 0 | GW41: 1 | GX41: =ROUND(GV41*GW41*I41,2) -> 0 | HA41: 0 | HB41: 0 | IK41: 0
A42: 17 | B42: 1 | C42: =ROW(SmtRes!A27) -> 27 | D42: =ROW(EtalonRes!A29) -> 29 | E42: 4 | F42: 13-06-003-01 | G42: Очистка поверхности стен и потолков от краски щетками | H42: м2 | I42: =ROUND(104+278.5,9) -> 382.5 | J42: 0 | O42: =ROUND(CP42,2) -> 4560.62 | P42: =ROUND(CQ42*I42,2) -> 0 | Q42: =ROUND(CR42*I42,2) -> 0 | R42: =ROUND(CS42*I42,2) -> 0 | S42: =ROUND(CT42*I42,2) -> 4560.62 | T42: =ROUND(CU42*I42,2) -> 0 | U42: =CV42*I42 -> 534.44813 | V42: =CW42*I42 -> 0 | W42: =ROUND(CX42*I42,2) -> 0 | X42: =ROUND(CY42,2) -> 3694.1 | Y42: =ROUND(CZ42,2) -> 2736.37 | AA42: 27703374 | AB42: =ROUND((AC42+AD42+AF42),6) -> 11.9232 | AC42: =ROUND((ES42),6) -> 0 | AD42: =ROUND((((((ET42*1.25)*1.35))-(((EU42*1.25)*1.35)))+AE42),6) -> 0 | AE42: =ROUND((((EU42*1.25)*1.35)),6) -> 0 | AF42: =ROUND((((EV42*1.15)*1.35)),6) -> 11.9232 | AG42: =ROUND((AP42),6) -> 0 | AH42: =(((EW42*1.15)*1.35)) -> 1.39725 | AI42: =(((EX42*1.25)*1.35)) -> 0 | AJ42: =ROUND((AS42),6) -> 0 | AK42: 7.68 | AL42: 0 | AM42: 0 | AN42: 0 | AO42: 7.68 | AP42: 0 | AQ42: 0.9 | AR42: 0 | AS42: 0 | AT42: 81 | AU42: 60 | AV42: 1 | AW42: 1 | AZ42: 1 | BA42: 1 | BB42: 1 | BC42: 1 | BH42: 0 | BI42: 1 | BJ42: ФЕР-2001, 13-06-003-01, приказ Минстроя России №1039/пр от 30.12.2016г. | BM42: 13001 | BN42: 0 | BP42: 0 | BQ42: 2 | BR42: 0 | BS42: 1 | BT42: 1 | BU42: 1 | BV42: 1 | BW42: 1 | BX42: 1 | BZ42: 90 | CA42: 70 | CF42: 0 | CG42: 0 | CM42: 0 | CN42: Поправка: МДС 81-35.2004, п.4.7 Наименование: Работы, выполняемые при реконструкции зданий и сооружений работы, аналогичные технологическим процессам в новом строительстве (в том числе возведение новых конструктивных элементов) стоимость которых определена по соответствующим сборникам ФЕР, кроме сборника № 46 «Работы при реконструкции зданий и сооружений» Поправка: МДС 81-35.2004, прил.1, т.3, п.2 Наименование: Производство ремонтных работ в существующих зданиях и сооружениях в стесненных условиях: с наличием в зоне производства работ действующего технологического оборудования (станков, установок, кранов и т.п.) или загромождающих предметов (лабораторное оборудование, мебель и т. п.), или движения транспорта по внутрицеховым путям. | CO42: 0 | CP42: =(P42+Q42+S42) -> 4560.62 | CQ42: =AC42*BC42 -> 0 | CR42: =AD42*BB42 -> 0 | CS42: =AE42*BS42 -> 0 | CT42: =AF42*BA42 -> 11.9232 | CU42: =AG42 -> 0 | CV42: =AH42 -> 1.39725 | CW42: =AI42 -> 0 | CX42: =AJ42 -> 0 | CY42: =(((S42+R42)*AT42)/100) -> 3694.1022 | CZ42: =(((S42+R42)*AU42)/100) -> 2736.372 | DE42: )*1,25)*1,35 | DF42: )*1,25)*1,35 | DG42: )*1,15)*1,35 | DI42: )*1,15)*1,35 | DJ42: )*1,25)*1,35 | DN42: 0 | DO42: 0 | DP42: 1 | DQ42: 1 | DU42: 1005 | DV42: м2 | DW42: м2 | DX42: 1 | EE42: 27029026 | EF42: 2 | EG42: Общестроительные работы | EH42: 0 | EJ42: 1 | EK42: 13001 | EL42: Защита строительных конструкций | EM42: ФЕР-13 | EO42: Поправка: МДС 81-35.2004, п.4.7 Поправка: МДС 81-35.2004, прил.1, т.3, п.2 | EQ42: 0 | ER42: 7.68 | ES42: 0 | ET42: 0 | EU42: 0 | EV42: 7.68 | EW42: 0.9 | EX42: 0 | EY42: 0 | FQ42: 0 | FR42: =ROUND(IF(AND(BH42=3,BI42=3),P42,0),2) -> 0 | FS42: 0 | FT42: *0,9 | FU42: *0,85 | FX42: 81 | FY42: 59.5 | GD42: 0 | GF42: 1201020605 | GG42: 2 | GH42: 1 | GI42: -2 | GJ42: 0 | GK42: =ROUND(R42*(R12)/100,2) -> 0 | GL42: =ROUND(IF(AND(BH42=3,BI42=3,FS42<>0),P42,0),2) -> 0 | GM42: =ROUND(O42+X42+Y42+GK42,2)+GX42 -> 10991.09 | GN42: =IF(OR(BI42=0,BI42=1),ROUND(O42+X42+Y42+GK42,2),0) -> 10991.09 | GO42: =IF(BI42=2,ROUND(O42+X42+Y42+GK42,2),0) -> 0 | GP42: =IF(BI42=4,ROUND(O42+X42+Y42+GK42,2)+GX42,0) -> 0 | GR42: 0 | GS42: 3 | GT42: 0 | GV42: =ROUND(GT42,6) -> 0 | GW42: 1 | GX42: =ROUND(GV42*GW42*I42,2) -> 0 | HA42: 0 | HB42: 0 | IK42: 0
A43: 17 | B43: 1 | C43: =ROW(SmtRes!A28) -> 28 | D43: =ROW(EtalonRes!A30) -> 30 | E43: 4 | F43: 13-06-003-01 | G43: Очистка поверхности стен и потолков от краски щетками | H43: м2 | I43: =ROUND(104+278.5,9) -> 382.5 | J43: 0 | O43: =ROUND(CP43,2) -> 4560.62 | P43: =ROUND(CQ43*I43,2) -> 0 | Q43: =ROUND(CR43*I43,2) -> 0 | R43: =ROUND(CS43*I43,2) -> 0 | S43: =ROUND(CT43*I43,2) -> 4560.62 | T43: =ROUND(CU43*I43,2) -> 0 | U43: =CV43*I43 -> 534.44813 | V43: =CW43*I43 -> 0 | W43: =ROUND(CX43*I43,2) -> 0 | X43: =ROUND(CY43,2) -> 3694.1 | Y43: =ROUND(CZ43,2) -> 2736.37 | AA43: 27703388 | AB43: =ROUND((AC43+AD43+AF43),6) -> 11.9232 | AC43: =ROUND((ES43),6) -> 0 | AD43: =ROUND((((((ET43*1.25)*1.35))-(((EU43*1.25)*1.35)))+AE43),6) -> 0 | AE43: =ROUND((((EU43*1.25)*1.35)),6) -> 0 | AF43: =ROUND((((EV43*1.15)*1.35)),6) -> 11.9232 | AG43: =ROUND((AP43),6) -> 0 | AH43: =(((EW43*1.15)*1.35)) -> 1.39725 | AI43: =(((EX43*1.25)*1.35)) -> 0 | AJ43: =ROUND((AS43),6) -> 0 | AK43: 7.68 | AL43: 0 | AM43: 0 | AN43: 0 | AO43: 7.68 | AP43: 0 | AQ43: 0.9 | AR43: 0 | AS43: 0 | AT43: 81 | AU43: 60 | AV43: 1 | AW43: 1 | AZ43: 1 | BA43: 1 | BB43: 1 | BC43: 1 | BH43: 0 | BI43: 1 | BJ43: ФЕР-2001, 13-06-003-01, приказ Минстроя России №1039/пр от 30.12.2016г. | BM43: 13001 | BN43: 0 | BP43: 0 | BQ43: 2 | BR43: 0 | BS43: 1 | BT43: 1 | BU43: 1 | BV43: 1 | BW43: 1 | BX43: 1 | BZ43: 90 | CA43: 70 | CF43: 0 | CG43: 0 | CM43: 0 | CN43: Поправка: МДС 81-35.2004, п.4.7 Наименование: Работы, выполняемые при реконструкции зданий и сооружений работы, аналогичные технологическим процессам в новом строительстве (в том числе возведение новых конструктивных элементов) стоимость которых определена по соответствующим сборникам ФЕР, кроме сборника № 46 «Работы при реконструкции зданий и сооружений» Поправка: МДС 81-35.2004, прил.1, т.3, п.2 Наименование: Производство ремонтных работ в существующих зданиях и сооружениях в стесненных условиях: с наличием в зоне производства работ действующего технологического оборудования (станков, установок, кранов и т.п.) или загромождающих предметов (лабораторное оборудование, мебель и т. п.), или движения транспорта по внутрицеховым путям. | CO43: 0 | CP43: =(P43+Q43+S43) -> 4560.62 | CQ43: =AC43*BC43 -> 0 | CR43: =AD43*BB43 -> 0 | CS43: =AE43*BS43 -> 0 | CT43: =AF43*BA43 -> 11.9232 | CU43: =AG43 -> 0 | CV43: =AH43 -> 1.39725 | CW43: =AI43 -> 0 | CX43: =AJ43 -> 0 | CY43: =(((S43+R43)*AT43)/100) -> 3694.1022 | CZ43: =(((S43+R43)*AU43)/100) -> 2736.372 | DE43: )*1,25)*1,35 | DF43: )*1,25)*1,35 | DG43: )*1,15)*1,35 | DI43: )*1,15)*1,35 | DJ43: )*1,25)*1,35 | DN43: 0 | DO43: 0 | DP43: 1 | DQ43: 1 | DU43: 1005 | DV43: м2 | DW43: м2 | DX43: 1 | EE43: 27029026 | EF43: 2 | EG43: Общестроительные работы | EH43: 0 | EJ43: 1 | EK43: 13001 | EL43: Защита строительных конструкций | EM43: ФЕР-13 | EO43: Поправка: МДС 81-35.2004, п.4.7 Поправка: МДС 81-35.2004, прил.1, т.3, п.2 | EQ43: 0 | ER43: 7.68 | ES43: 0 | ET43: 0 | EU43: 0 | EV43: 7.68 | EW43: 0.9 | EX43: 0 | EY43: 0 | FQ43: 0 | FR43: =ROUND(IF(AND(BH43=3,BI43=3),P43,0),2) -> 0 | FS43: 0 | FT43: *0,9 | FU43: *0,85 | FX43: 81 | FY43: 59.5 | GD43: 0 | GF43: 1201020605 | GG43: 1 | GH43: 1 | GI43: -2 | GJ43: 0 | GK43: =ROUND(R43*(S12)/100,2) -> 0 | GL43: =ROUND(IF(AND(BH43=3,BI43=3,FS43<>0),P43,0),2) -> 0 | GM43: =ROUND(O43+X43+Y43+GK43,2)+GX43 -> 10991.09 | GN43: =IF(OR(BI43=0,BI43=1),ROUND(O43+X43+Y43+GK43,2),0) -> 10991.09 | GO43: =IF(BI43=2,ROUND(O43+X43+Y43+GK43,2),0) -> 0 | GP43: =IF(BI43=4,ROUND(O43+X43+Y43+GK43,2)+GX43,0) -> 0 | GR43: 0 | GS43: 3 | GT43: 0 | GV43: =ROUND(GT43,6) -> 0 | GW43: 1 | GX43: =ROUND(GV43*GW43*I43,2) -> 0 | HA43: 0 | HB43: 0 | IK43: 0
A44: 17 | B44: 1 | C44: =ROW(SmtRes!A46) -> 46 | D44: =ROW(EtalonRes!A49) -> 49 | E44: 5 | F44: 09-06-001-02 | G44: Демонтаж решеток из полосовой и тонколистовой стали | H44: т | I44: 0.19 | J44: 0 | O44: =ROUND(CP44,2) -> 100.38 | P44: =ROUND(CQ44*I44,2) -> 0 | Q44: =ROUND(CR44*I44,2) -> 22.59 | R44: =ROUND(CS44*I44,2) -> 0.69 | S44: =ROUND(CT44*I44,2) -> 77.79 | T44: =ROUND(CU44*I44,2) -> 0 | U44: =CV44*I44 -> 9.1193445 | V44: =CW44*I44 -> 0.0556605 | W44: =ROUND(CX44*I44,2) -> 0 | X44: =ROUND(CY44,2) -> 63.57 | Y44: =ROUND(CZ44,2) -> 56.51 | AA44: 27703374 | AB44: =ROUND((AC44+AD44+AF44),6) -> 528.2928 | AC44: =ROUND(((ES44*0)),6) -> 0 | AD44: =ROUND((((((ET44*0.7)*1.35))-(((EU44*0.7)*1.35)))+AE44),6) -> 118.881 | AE44: =ROUND((((EU44*0.7)*1.35)),6) -> 3.6099 | AF44: =ROUND((((EV44*0.7)*1.35)),6) -> 409.4118 | AG44: =ROUND((AP44),6) -> 0 | AH44: =(((EW44*0.7)*1.35)) -> 47.99655 | AI44: =(((EX44*0.7)*1.35)) -> 0.29295 | AJ44: =ROUND((AS44),6) -> 0 | AK44: 641 | AL44: 81.96 | AM44: 125.8 | AN44: 3.82 | AO44: 433.24 | AP44: 0 | AQ44: 50.79 | AR44: 0.31 | AS44: 0 | AT44: 81 | AU44: 72 | AV44: 1 | AW44: 1 | AZ44: 1 | BA44: 1 | BB44: 1 | BC44: 1 | BH44: 0 | BI44: 1 | BJ44: ФЕР-2001, 09-06-001-02, приказ Минстроя России №1039/пр от 30.12.2016г. | BM44: 9001 | BN44: 0 | BP44: 0 | BQ44: 2 | BR44: 0 | BS44: 1 | BT44: 1 | BU44: 1 | BV44: 1 | BW44: 1 | BX44: 1 | BZ44: 90 | CA44: 85 | CF44: 0 | CG44: 0 | CM44: 0 | CN44: Поправка: МДС 81-36.2004, п.3.3.1.д Наименование: При демонтаже металлических конструкций Поправка: МДС 81-35.2004, прил.1, т.3, п.2 Наименование: Производство ремонтных работ в существующих зданиях и сооружениях в стесненных условиях: с наличием в зоне производства работ действующего технологического оборудования (станков, установок, кранов и т.п.) или загромождающих предметов (лабораторное оборудование, мебель и т. п.), или движения транспорта по внутрицеховым путям. | CO44: 0 | CP44: =(P44+Q44+S44) -> 100.38 | CQ44: =AC44*BC44 -> 0 | CR44: =AD44*BB44 -> 118.881 | CS44: =AE44*BS44 -> 3.6099 | CT44: =AF44*BA44 -> 409.4118 | CU44: =AG44 -> 0 | CV44: =AH44 -> 47.99655 | CW44: =AI44 -> 0.29295 | CX44: =AJ44 -> 0 | CY44: =(((S44+R44)*AT44)/100) -> 63.5688 | CZ44: =(((S44+R44)*AU44)/100) -> 56.5056 | DD44: )*0 | DE44: )*0,7)*1,35 | DF44: )*0,7)*1,35 | DG44: )*0,7)*1,35 | DI44: )*0,7)*1,35 | DJ44: )*0,7)*1,35 | DN44: 0 | DO44: 0 | DP44: 1 | DQ44: 1 | DU44: 1009 | DV44: т | DW44: т | DX44: 1000 | EE44: 27029022 | EF44: 2 | EG44: Общестроительные работы | EH44: 0 | EJ44: 1 | EK44: 9001 | EL44: Металлические конструкции | EM44: ФЕР-09 | EO44: Поправка: МДС 81-36.2004, п.3.3.1.д Поправка: МДС 81-35.2004, прил.1, т.3, п.2 | EQ44: 0 | ER44: 641 | ES44: 81.96 | ET44: 125.8 | EU44: 3.82 | EV44: 433.24 | EW44: 50.79 | EX44: 0.31 | EY44: 0 | FQ44: 0 | FR44: =ROUND(IF(AND(BH44=3,BI44=3),P44,0),2) -> 0 | FS44: 0 | FT44: *0,9 | FU44: *0,85 | FX44: 81 | FY44: 72.25 | GD44: 0 | GF44: -1527117950 | GG44: 2 | GH44: 1 | GI44: -2 | GJ44: 0 | GK44: =ROUND(R44*(R12)/100,2) -> 0 | GL44: =ROUND(IF(AND(BH44=3,BI44=3,FS44<>0),P44,0),2) -> 0 | GM44: =ROUND(O44+X44+Y44+GK44,2)+GX44 -> 220.46 | GN44: =IF(OR(BI44=0,BI44=1),ROUND(O44+X44+Y44+GK44,2),0) -> 220.46 | GO44: =IF(BI44=2,ROUND(O44+X44+Y44+GK44,2),0) -> 0 | GP44: =IF(BI44=4,ROUND(O44+X44+Y44+GK44,2)+GX44,0) -> 0 | GR44: 0 | GS44: 3 | GT44: 0 | GV44: =ROUND(GT44,6) -> 0 | GW44: 1 | GX44: =ROUND(GV44*GW44*I44,2) -> 0 | HA44: 0 | HB44: 0 | IK44: 0
A45: 17 | B45: 1 | C45: =ROW(SmtRes!A64) -> 64 | D45: =ROW(EtalonRes!A68) -> 68 | E45: 5 | F45: 09-06-001-02 | G45: Демонтаж решеток из полосовой и тонколистовой стали | H45: т | I45: 0.19 | J45: 0 | O45: =ROUND(CP45,2) -> 100.38 | P45: =ROUND(CQ45*I45,2) -> 0 | Q45: =ROUND(CR45*I45,2) -> 22.59 | R45: =ROUND(CS45*I45,2) -> 0.69 | S45: =ROUND(CT45*I45,2) -> 77.79 | T45: =ROUND(CU45*I45,2) -> 0 | U45: =CV45*I45 -> 9.1193445 | V45: =CW45*I45 -> 0.0556605 | W45: =ROUND(CX45*I45,2) -> 0 | X45: =ROUND(CY45,2) -> 63.57 | Y45: =ROUND(CZ45,2) -> 56.51 | AA45: 27703388 | AB45: =ROUND((AC45+AD45+AF45),6) -> 528.2928 | AC45: =ROUND(((ES45*0)),6) -> 0 | AD45: =ROUND((((((ET45*0.7)*1.35))-(((EU45*0.7)*1.35)))+AE45),6) -> 118.881 | AE45: =ROUND((((EU45*0.7)*1.35)),6) -> 3.6099 | AF45: =ROUND((((EV45*0.7)*1.35)),6) -> 409.4118 | AG45: =ROUND((AP45),6) -> 0 | AH45: =(((EW45*0.7)*1.35)) -> 47.99655 | AI45: =(((EX45*0.7)*1.35)) -> 0.29295 | AJ45: =ROUND((AS45),6) -> 0 | AK45: 641 | AL45: 81.96 | AM45: 125.8 | AN45: 3.82 | AO45: 433.24 | AP45: 0 | AQ45: 50.79 | AR45: 0.31 | AS45: 0 | AT45: 81 | AU45: 72 | AV45: 1 | AW45: 1 | AZ45: 1 | BA45: 1 | BB45: 1 | BC45: 1 | BH45: 0 | BI45: 1 | BJ45: ФЕР-2001, 09-06-001-02, приказ Минстроя России №1039/пр от 30.12.2016г. | BM45: 9001 | BN45: 0 | BP45: 0 | BQ45: 2 | BR45: 0 | BS45: 1 | BT45: 1 | BU45: 1 | BV45: 1 | BW45: 1 | BX45: 1 | BZ45: 90 | CA45: 85 | CF45: 0 | CG45: 0 | CM45: 0 | CN45: Поправка: МДС 81-36.2004, п.3.3.1.д Наименование: При демонтаже металлических конструкций Поправка: МДС 81-35.2004, прил.1, т.3, п.2 Наименование: Производство ремонтных работ в существующих зданиях и сооружениях в стесненных условиях: с наличием в зоне производства работ действующего технологического оборудования (станков, установок, кранов и т.п.) или загромождающих предметов (лабораторное оборудование, мебель и т. п.), или движения транспорта по внутрицеховым путям. | CO45: 0 | CP45: =(P45+Q45+S45) -> 100.38 | CQ45: =AC45*BC45 -> 0 | CR45: =AD45*BB45 -> 118.881 | CS45: =AE45*BS45 -> 3.6099 | CT45: =AF45*BA45 -> 409.4118 | CU45: =AG45 -> 0 | CV45: =AH45 -> 47.99655 | CW45: =AI45 -> 0.29295 | CX45: =AJ45 -> 0 | CY45: =(((S45+R45)*AT45)/100) -> 63.5688 | CZ45: =(((S45+R45)*AU45)/100) -> 56.5056 | DD45: )*0 | DE45: )*0,7)*1,35 | DF45: )*0,7)*1,35 | DG45: )*0,7)*1,35 | DI45: )*0,7)*1,35 | DJ45: )*0,7)*1,35 | DN45: 0 | DO45: 0 | DP45: 1 | DQ45: 1 | DU45: 1009 | DV45: т | DW45: т | DX45: 1000 | EE45: 27029022 | EF45: 2 | EG45: Общестроительные работы | EH45: 0 | EJ45: 1 | EK45: 9001 | EL45: Металлические конструкции | EM45: ФЕР-09 | EO45: Поправка: МДС 81-36.2004, п.3.3.1.д Поправка: МДС 81-35.2004, прил.1, т.3, п.2 | EQ45: 0 | ER45: 641 | ES45: 81.96 | ET45: 125.8 | EU45: 3.82 | EV45: 433.24 | EW45: 50.79 | EX45: 0.31 | EY45: 0 | FQ45: 0 | FR45: =ROUND(IF(AND(BH45=3,BI45=3),P45,0),2) -> 0 | FS45: 0 | FT45: *0,9 | FU45: *0,85 | FX45: 81 | FY45: 72.25 | GD45: 0 | GF45: -1527117950 | GG45: 1 | GH45: 1 | GI45: -2 | GJ45: 0 | GK45: =ROUND(R45*(S12)/100,2) -> 0 | GL45: =ROUND(IF(AND(BH45=3,BI45=3,FS45<>0),P45,0),2) -> 0 | GM45: =ROUND(O45+X45+Y45+GK45,2)+GX45 -> 220.46 | GN45: =IF(OR(BI45=0,BI45=1),ROUND(O45+X45+Y45+GK45,2),0) -> 220.46 | GO45: =IF(BI45=2,ROUND(O45+X45+Y45+GK45,2),0) -> 0 | GP45: =IF(BI45=4,ROUND(O45+X45+Y45+GK45,2)+GX45,0) -> 0 | GR45: 0 | GS45: 3 | GT45: 0 | GV45: =ROUND(GT45,6) -> 0 | GW45: 1 | GX45: =ROUND(GV45*GW45*I45,2) -> 0 | HA45: 0 | HB45: 0 | IK45: 0
A46: 17 | B46: 1 | C46: =ROW(SmtRes!A67) -> 67 | D46: =ROW(EtalonRes!A71) -> 71 | E46: 6 | F46: 46-04-012-03 | G46: Разборка деревянных заполнений проемов дверных и воротных | H46: 100 м2 | I46: =ROUND(6.86/100,9) -> 0.0686 | J46: 0 | O46: =ROUND(CP46,2) -> 85.41 | P46: =ROUND(CQ46*I46,2) -> 0 | Q46: =ROUND(CR46*I46,2) -> 19.09 | R46: =ROUND(CS46*I46,2) -> 8.24 | S46: =ROUND(CT46*I46,2) -> 66.32 | T46: =ROUND(CU46*I46,2) -> 0 | U46: =CV46*I46 -> 8.1974599 | V46: =CW46*I46 -> 0.6106086 | W46: =ROUND(CX46*I46,2) -> 0 | X46: =ROUND(CY46,2) -> 73.81 | Y46: =ROUND(CZ46,2) -> 44.74 | AA46: 27703374 | AB46: =ROUND((AC46+AD46+AF46),6) -> 1244.967 | AC46: =ROUND((ES46),6) -> 0 | AD46: =ROUND(((((ET46*1.15))-((EU46*1.15)))+AE46),6) -> 278.2425 | AE46: =ROUND(((EU46*1.15)),6) -> 120.1635 | AF46: =ROUND(((EV46*1.15)),6) -> 966.7245 | AG46: =ROUND((AP46),6) -> 0 | AH46: =((EW46*1.15)) -> 119.4965 | AI46: =((EX46*1.15)) -> 8.901 | AJ46: =ROUND((AS46),6) -> 0 | AK46: 1082.58 | AL46: 0 | AM46: 241.95 | AN46: 104.49 | AO46: 840.63 | AP46: 0 | AQ46: 103.91 | AR46: 7.74 | AS46: 0 | AT46: 99 | AU46: 60 | AV46: 1 | AW46: 1 | AZ46: 1 | BA46: 1 | BB46: 1 | BC46: 1 | BH46: 0 | BI46: 1 | BJ46: ФЕР-2001, 46-04-012-03, приказ Минстроя России №1039/пр от 30.12.2016г. | BM46: 46001 | BN46: 0 | BP46: 0 | BQ46: 2 | BR46: 0 | BS46: 1 | BT46: 1 | BU46: 1 | BV46: 1 | BW46: 1 | BX46: 1 | BZ46: 110 | CA46: 70 | CF46: 0 | CG46: 0 | CM46: 0 | CN46: Поправка: МДС 81-36.2004, прил.3, п.3р Наименование: Производство строительных и других работ в существующих зданиях и сооружениях в стесненных условиях: с наличием в зоне производства работ действующего технологического оборудования (станков, установок, кранов и т.п.) или загромождающих предметов (лабораторное оборудование, мебель и т. п.), или движения транспорта по внутрицеховым путям | CO46: 0 | CP46: =(P46+Q46+S46) -> 85.41 | CQ46: =AC46*BC46 -> 0 | CR46: =AD46*BB46 -> 278.2425 | CS46: =AE46*BS46 -> 120.1635 | CT46: =AF46*BA46 -> 966.7245 | CU46: =AG46 -> 0 | CV46: =AH46 -> 119.4965 | CW46: =AI46 -> 8.901 | CX46: =AJ46 -> 0 | CY46: =(((S46+R46)*AT46)/100) -> 73.8144 | CZ46: =(((S46+R46)*AU46)/100) -> 44.736 | DE46: )*1,15 | DF46: )*1,15 | DG46: )*1,15 | DI46: )*1,15 | DJ46: )*1,15 | DN46: 0 | DO46: 0 | DP46: 1 | DQ46: 1 | DU46: 1005 | DV46: 100 м2 | DW46: 100 м2 | DX46: 100 | EE46: 27029091 | EF46: 2 | EG46: Общестроительные работы | EH46: 0 | EJ46: 1 | EK46: 46001 | EL46: Реконструкция зданий и сооружений | EM46: ФЕР-46 | EO46: Поправка: МДС 81-36.2004, прил.3, п.3р | EQ46: 0 | ER46: 1082.58 | ES46: 0 | ET46: 241.95 | EU46: 104.49 | EV46: 840.63 | EW46: 103.91 | EX46: 7.74 | EY46: 0 | FQ46: 0 | FR46: =ROUND(IF(AND(BH46=3,BI46=3),P46,0),2) -> 0 | FS46: 0 | FT46: *0,9 | FU46: *0,85 | FX46: 99 | FY46: 59.5 | GD46: 0 | GF46: 309229644 | GG46: 2 | GH46: 1 | GI46: -2 | GJ46: 0 | GK46: =ROUND(R46*(R12)/100,2) -> 0 | GL46: =ROUND(IF(AND(BH46=3,BI46=3,FS46<>0),P46,0),2) -> 0 | GM46: =ROUND(O46+X46+Y46+GK46,2)+GX46 -> 203.96 | GN46: =IF(OR(BI46=0,BI46=1),ROUND(O46+X46+Y46+GK46,2),0) -> 203.96 | GO46: =IF(BI46=2,ROUND(O46+X46+Y46+GK46,2),0) -> 0 | GP46: =IF(BI46=4,ROUND(O46+X46+Y46+GK46,2)+GX46,0) -> 0 | GR46: 0 | GS46: 3 | GT46: 0 | GV46: =ROUND(GT46,6) -> 0 | GW46: 1 | GX46: =ROUND(GV46*GW46*I46,2) -> 0 | HA46: 0 | HB46: 0 | IK46: 0
A47: 17 | B47: 1 | C47: =ROW(SmtRes!A70) -> 70 | D47: =ROW(EtalonRes!A74) -> 74 | E47: 6 | F47: 46-04-012-03 | G47: Разборка деревянных заполнений проемов дверных и воротных | H47: 100 м2 | I47: =ROUND(6.86/100,9) -> 0.0686 | J47: 0 | O47: =ROUND(CP47,2) -> 85.41 | P47: =ROUND(CQ47*I47,2) -> 0 | Q47: =ROUND(CR47*I47,2) -> 19.09 | R47: =ROUND(CS47*I47,2) -> 8.24 | S47: =ROUND(CT47*I47,2) -> 66.32 | T47: =ROUND(CU47*I47,2) -> 0 | U47: =CV47*I47 -> 8.1974599 | V47: =CW47*I47 -> 0.6106086 | W47: =ROUND(CX47*I47,2) -> 0 | X47: =ROUND(CY47,2) -> 73.81 | Y47: =ROUND(CZ47,2) -> 44.74 | AA47: 27703388 | AB47: =ROUND((AC47+AD47+AF47),6) -> 1244.967 | AC47: =ROUND((ES47),6) -> 0 | AD47: =ROUND(((((ET47*1.15))-((EU47*1.15)))+AE47),6) -> 278.2425 | AE47: =ROUND(((EU47*1.15)),6) -> 120.1635 | AF47: =ROUND(((EV47*1.15)),6) -> 966.7245 | AG47: =ROUND((AP47),6) -> 0 | AH47: =((EW47*1.15)) -> 119.4965 | AI47: =((EX47*1.15)) -> 8.901 | AJ47: =ROUND((AS47),6) -> 0 | AK47: 1082.58 | AL47: 0 | AM47: 241.95 | AN47: 104.49 | AO47: 840.63 | AP47: 0 | AQ47: 103.91 | AR47: 7.74 | AS47: 0 | AT47: 99 | AU47: 60 | AV47: 1 | AW47: 1 | AZ47: 1 | BA47: 1 | BB47: 1 | BC47: 1 | BH47: 0 | BI47: 1 | BJ47: ФЕР-2001, 46-04-012-03, приказ Минстроя России №1039/пр от 30.12.2016г. | BM47: 46001 | BN47: 0 | BP47: 0 | BQ47: 2 | BR47: 0 | BS47: 1 | BT47: 1 | BU47: 1 | BV47: 1 | BW47: 1 | BX47: 1 | BZ47: 110 | CA47: 70 | CF47: 0 | CG47: 0 | CM47: 0 | CN47: Поправка: МДС 81-36.2004, прил.3, п.3р Наименование: Производство строительных и других работ в существующих зданиях и сооружениях в стесненных условиях: с наличием в зоне производства работ действующего технологического оборудования (станков, установок, кранов и т.п.) или загромождающих предметов (лабораторное оборудование, мебель и т. п.), или движения транспорта по внутрицеховым путям | CO47: 0 | CP47: =(P47+Q47+S47) -> 85.41 | CQ47: =AC47*BC47 -> 0 | CR47: =AD47*BB47 -> 278.2425 | CS47: =AE47*BS47 -> 120.1635 | CT47: =AF47*BA47 -> 966.7245 | CU47: =AG47 -> 0 | CV47: =AH47 -> 119.4965 | CW47: =AI47 -> 8.901 | CX47: =AJ47 -> 0 | CY47: =(((S47+R47)*AT47)/100) -> 73.8144 | CZ47: =(((S47+R47)*AU47)/100) -> 44.736 | DE47: )*1,15 | DF47: )*1,15 | DG47: )*1,15 | DI47: )*1,15 | DJ47: )*1,15 | DN47: 0 | DO47: 0 | DP47: 1 | DQ47: 1 | DU47: 1005 | DV47: 100 м2 | DW47: 100 м2 | DX47: 100 | EE47: 27029091 | EF47: 2 | EG47: Общестроительные работы | EH47: 0 | EJ47: 1 | EK47: 46001 | EL47: Реконструкция зданий и сооружений | EM47: ФЕР-46 | EO47: Поправка: МДС 81-36.2004, прил.3, п.3р | EQ47: 0 | ER47: 1082.58 | ES47: 0 | ET47: 241.95 | EU47: 104.49 | EV47: 840.63 | EW47: 103.91 | EX47: 7.74 | EY47: 0 | FQ47: 0 | FR47: =ROUND(IF(AND(BH47=3,BI47=3),P47,0),2) -> 0 | FS47: 0 | FT47: *0,9 | FU47: *0,85 | FX47: 99 | FY47: 59.5 | GD47: 0 | GF47: 309229644 | GG47: 1 | GH47: 1 | GI47: -2 | GJ47: 0 | GK47: =ROUND(R47*(S12)/100,2) -> 0 | GL47: =ROUND(IF(AND(BH47=3,BI47=3,FS47<>0),P47,0),2) -> 0 | GM47: =ROUND(O47+X47+Y47+GK47,2)+GX47 -> 203.96 | GN47: =IF(OR(BI47=0,BI47=1),ROUND(O47+X47+Y47+GK47,2),0) -> 203.96 | GO47: =IF(BI47=2,ROUND(O47+X47+Y47+GK47,2),0) -> 0 | GP47: =IF(BI47=4,ROUND(O47+X47+Y47+GK47,2)+GX47,0) -> 0 | GR47: 0 | GS47: 3 | GT47: 0 | GV47: =ROUND(GT47,6) -> 0 | GW47: 1 | GX47: =ROUND(GV47*GW47*I47,2) -> 0 | HA47: 0 | HB47: 0 | IK47: 0
A48: 17 | B48: 1 | C48: =ROW(SmtRes!A77) -> 77 | D48: =ROW(EtalonRes!A83) -> 83 | E48: 7 | F48: 09-04-012-01 | G48: Демонтаж металлических дверных блоков в готовые проемы | H48: м2 | I48: =ROUND(6.86+5.67,9) -> 12.53 | J48: 0 | O48: =ROUND(CP48,2) -> 452.56 | P48: =ROUND(CQ48*I48,2) -> 0 | Q48: =ROUND(CR48*I48,2) -> 170.63 | R48: =ROUND(CS48*I48,2) -> 23.33 | S48: =ROUND(CT48*I48,2) -> 281.93 | T48: =ROUND(CU48*I48,2) -> 0 | U48: =CV48*I48 -> 28.41804 | V48: =CW48*I48 -> 2.0129445 | W48: =ROUND(CX48*I48,2) -> 0 | X48: =ROUND(CY48,2) -> 247.26 | Y48: =ROUND(CZ48,2) -> 219.79 | AA48: 27703374 | AB48: =ROUND((AC48+AD48+AF48),6) -> 36.1179 | AC48: =ROUND(((ES48*0)),6) -> 0 | AD48: =ROUND((((((ET48*0.7)*1.35))-(((EU48*0.7)*1.35)))+AE48),6) -> 13.61745 | AE48: =ROUND((((EU48*0.7)*1.35)),6) -> 1.86165 | AF48: =ROUND((((EV48*0.7)*1.35)),6) -> 22.50045 | AG48: =ROUND((AP48),6) -> 0 | AH48: =(((EW48*0.7)*1.35)) -> 2.268 | AI48: =(((EX48*0.7)*1.35)) -> 0.16065 | AJ48: =ROUND((AS48),6) -> 0 | AK48: 63.94 | AL48: 25.72 | AM48: 14.41 | AN48: 1.97 | AO48: 23.81 | AP48: 0 | AQ48: 2.4 | AR48: 0.17 | AS48: 0 | AT48: 81 | AU48: 72 | AV48: 1 | AW48: 1 | AZ48: 1 | BA48: 1 | BB48: 1 | BC48: 1 | BH48: 0 | BI48: 1 | BJ48: ФЕР-2001, 09-04-012-01, приказ Минстроя России №1039/пр от 30.12.2016г. | BM48: 9001 | BN48: 0 | BP48: 0 | BQ48: 2 | BR48: 0 | BS48: 1 | BT48: 1 | BU48: 1 | BV48: 1 | BW48: 1 | BX48: 1 | BZ48: 90 | CA48: 85 | CF48: 0 | CG48: 0 | CM48: 0 | CN48: Поправка: МДС 81-36.2004, п.3.3.1.д Наименование: При демонтаже металлических конструкций Поправка: МДС 81-35.2004, прил.1, т.3, п.2 Наименование: Производство ремонтных работ в существующих зданиях и сооружениях в стесненных условиях: с наличием в зоне производства работ действующего технологического оборудования (станков, установок, кранов и т.п.) или загромождающих предметов (лабораторное оборудование, мебель и т. п.), или движения транспорта по внутрицеховым путям. | CO48: 0 | CP48: =(P48+Q48+S48) -> 452.56 | CQ48: =AC48*BC48 -> 0 | CR48: =AD48*BB48 -> 13.61745 | CS48: =AE48*BS48 -> 1.86165 | CT48: =AF48*BA48 -> 22.50045 | CU48: =AG48 -> 0 | CV48: =AH48 -> 2.268 | CW48: =AI48 -> 0.16065 | CX48: =AJ48 -> 0 | CY48: =(((S48+R48)*AT48)/100) -> 247.2606 | CZ48: =(((S48+R48)*AU48)/100) -> 219.7872 | DD48: )*0 | DE48: )*0,7)*1,35 | DF48: )*0,7)*1,35 | DG48: )*0,7)*1,35 | DI48: )*0,7)*1,35 | DJ48: )*0,7)*1,35 | DN48: 0 | DO48: 0 | DP48: 1 | DQ48: 1 | DU48: 1005 | DV48: м2 | DW48: м2 | DX48: 1 | EE48: 27029022 | EF48: 2 | EG48: Общестроительные работы | EH48: 0 | EJ48: 1 | EK48: 9001 | EL48: Металлические конструкции | EM48: ФЕР-09 | EO48: Поправка: МДС 81-36.2004, п.3.3.1.д Поправка: МДС 81-35.2004, прил.1, т.3, п.2 | EQ48: 0 | ER48: 63.94 | ES48: 25.72 | ET48: 14.41 | EU48: 1.97 | EV48: 23.81 | EW48: 2.4 | EX48: 0.17 | EY48: 0 | FQ48: 0 | FR48: =ROUND(IF(AND(BH48=3,BI48=3),P48,0),2) -> 0 | FS48: 0 | FT48: *0,9 | FU48: *0,85 | FX48: 81 | FY48: 72.25 | GD48: 0 | GF48: 574798821 | GG48: 2 | GH48: 1 | GI48: -2 | GJ48: 0 | GK48: =ROUND(R48*(R12)/100,2) -> 0 | GL48: =ROUND(IF(AND(BH48=3,BI48=3,FS48<>0),P48,0),2) -> 0 | GM48: =ROUND(O48+X48+Y48+GK48,2)+GX48 -> 919.61 | GN48: =IF(OR(BI48=0,BI48=1),ROUND(O48+X48+Y48+GK48,2),0) -> 919.61 | GO48: =IF(BI48=2,ROUND(O48+X48+Y48+GK48,2),0) -> 0 | GP48: =IF(BI48=4,ROUND(O48+X48+Y48+GK48,2)+GX48,0) -> 0 | GR48: 0 | GS48: 3 | GT48: 0 | GV48: =ROUND(GT48,6) -> 0 | GW48: 1 | GX48: =ROUND(GV48*GW48*I48,2) -> 0 | HA48: 0 | HB48: 0 | IK48: 0
A49: 17 | B49: 1 | C49: =ROW(SmtRes!A84) -> 84 | D49: =ROW(EtalonRes!A92) -> 92 | E49: 7 | F49: 09-04-012-01 | G49: Демонтаж металлических дверных блоков в готовые проемы | H49: м2 | I49: =ROUND(6.86+5.67,9) -> 12.53 | J49: 0 | O49: =ROUND(CP49,2) -> 452.56 | P49: =ROUND(CQ49*I49,2) -> 0 | Q49: =ROUND(CR49*I49,2) -> 170.63 | R49: =ROUND(CS49*I49,2) -> 23.33 | S49: =ROUND(CT49*I49,2) -> 281.93 | T49: =ROUND(CU49*I49,2) -> 0 | U49: =CV49*I49 -> 28.41804 | V49: =CW49*I49 -> 2.0129445 | W49: =ROUND(CX49*I49,2) -> 0 | X49: =ROUND(CY49,2) -> 247.26 | Y49: =ROUND(CZ49,2) -> 219.79 | AA49: 27703388 | AB49: =ROUND((AC49+AD49+AF49),6) -> 36.1179 | AC49: =ROUND(((ES49*0)),6) -> 0 | AD49: =ROUND((((((ET49*0.7)*1.35))-(((EU49*0.7)*1.35)))+AE49),6) -> 13.61745 | AE49: =ROUND((((EU49*0.7)*1.35)),6) -> 1.86165 | AF49: =ROUND((((EV49*0.7)*1.35)),6) -> 22.50045 | AG49: =ROUND((AP49),6) -> 0 | AH49: =(((EW49*0.7)*1.35)) -> 2.268 | AI49: =(((EX49*0.7)*1.35)) -> 0.16065 | AJ49: =ROUND((AS49),6) -> 0 | AK49: 63.94 | AL49: 25.72 | AM49: 14.41 | AN49: 1.97 | AO49: 23.81 | AP49: 0 | AQ49: 2.4 | AR49: 0.17 | AS49: 0 | AT49: 81 | AU49: 72 | AV49: 1 | AW49: 1 | AZ49: 1 | BA49: 1 | BB49: 1 | BC49: 1 | BH49: 0 | BI49: 1 | BJ49: ФЕР-2001, 09-04-012-01, приказ Минстроя России №1039/пр от 30.12.2016г. | BM49: 9001 | BN49: 0 | BP49: 0 | BQ49: 2 | BR49: 0 | BS49: 1 | BT49: 1 | BU49: 1 | BV49: 1 | BW49: 1 | BX49: 1 | BZ49: 90 | CA49: 85 | CF49: 0 | CG49: 0 | CM49: 0 | CN49: Поправка: МДС 81-36.2004, п.3.3.1.д Наименование: При демонтаже металлических конструкций Поправка: МДС 81-35.2004, прил.1, т.3, п.2 Наименование: Производство ремонтных работ в существующих зданиях и сооружениях в стесненных условиях: с наличием в зоне производства работ действующего технологического оборудования (станков, установок, кранов и т.п.) или загромождающих предметов (лабораторное оборудование, мебель и т. п.), или движения транспорта по внутрицеховым путям. | CO49: 0 | CP49: =(P49+Q49+S49) -> 452.56 | CQ49: =AC49*BC49 -> 0 | CR49: =AD49*BB49 -> 13.61745 | CS49: =AE49*BS49 -> 1.86165 | CT49: =AF49*BA49 -> 22.50045 | CU49: =AG49 -> 0 | CV49: =AH49 -> 2.268 | CW49: =AI49 -> 0.16065 | CX49: =AJ49 -> 0 | CY49: =(((S49+R49)*AT49)/100) -> 247.2606 | CZ49: =(((S49+R49)*AU49)/100) -> 219.7872 | DD49: )*0 | DE49: )*0,7)*1,35 | DF49: )*0,7)*1,35 | DG49: )*0,7)*1,35 | DI49: )*0,7)*1,35 | DJ49: )*0,7)*1,35 | DN49: 0 | DO49: 0 | DP49: 1 | DQ49: 1 | DU49: 1005 | DV49: м2 | DW49: м2 | DX49: 1 | EE49: 27029022 | EF49: 2 | EG49: Общестроительные работы | EH49: 0 | EJ49: 1 | EK49: 9001 | EL49: Металлические конструкции | EM49: ФЕР-09 | EO49: Поправка: МДС 81-36.2004, п.3.3.1.д Поправка: МДС 81-35.2004, прил.1, т.3, п.2 | EQ49: 0 | ER49: 63.94 | ES49: 25.72 | ET49: 14.41 | EU49: 1.97 | EV49: 23.81 | EW49: 2.4 | EX49: 0.17 | EY49: 0 | FQ49: 0 | FR49: =ROUND(IF(AND(BH49=3,BI49=3),P49,0),2) -> 0 | FS49: 0 | FT49: *0,9 | FU49: *0,85 | FX49: 81 | FY49: 72.25 | GD49: 0 | GF49: 574798821 | GG49: 1 | GH49: 1 | GI49: -2 | GJ49: 0 | GK49: =ROUND(R49*(S12)/100,2) -> 0 | GL49: =ROUND(IF(AND(BH49=3,BI49=3,FS49<>0),P49,0),2) -> 0 | GM49: =ROUND(O49+X49+Y49+GK49,2)+GX49 -> 919.61 | GN49: =IF(OR(BI49=0,BI49=1),ROUND(O49+X49+Y49+GK49,2),0) -> 919.61 | GO49: =IF(BI49=2,ROUND(O49+X49+Y49+GK49,2),0) -> 0 | GP49: =IF(BI49=4,ROUND(O49+X49+Y49+GK49,2)+GX49,0) -> 0 | GR49: 0 | GS49: 3 | GT49: 0 | GV49: =ROUND(GT49,6) -> 0 | GW49: 1 | GX49: =ROUND(GV49*GW49*I49,2) -> 0 | HA49: 0 | HB49: 0 | IK49: 0
A50: 17 | B50: 1 | C50: =ROW(SmtRes!A85) -> 85 | D50: =ROW(EtalonRes!A93) -> 93 | E50: 8 | F50: 46-02-009-02 | G50: Отбивка штукатурки с поверхностей стен и потолков кирпичных | H50: 100 м2 | I50: =ROUND(4.92/100,9) -> 0.0492 | J50: 0 | O50: =ROUND(CP50,2) -> 10.07 | P50: =ROUND(CQ50*I50,2) -> 0 | Q50: =ROUND(CR50*I50,2) -> 0 | R50: =ROUND(CS50*I50,2) -> 0 | S50: =ROUND(CT50*I50,2) -> 10.07 | T50: =ROUND(CU50*I50,2) -> 0 | U50: =CV50*I50 -> 1.2911556 | V50: =CW50*I50 -> 0 | W50: =ROUND(CX50*I50,2) -> 0 | X50: =ROUND(CY50,2) -> 9.97 | Y50: =ROUND(CZ50,2) -> 6.04 | AA50: 27703374 | AB50: =ROUND((AC50+AD50+AF50),6) -> 204.7 | AC50: =ROUND((ES50),6) -> 0 | AD50: =ROUND(((((ET50*1.15))-((EU50*1.15)))+AE50),6) -> 0 | AE50: =ROUND(((EU50*1.15)),6) -> 0 | AF50: =ROUND(((EV50*1.15)),6) -> 204.7 | AG50: =ROUND((AP50),6) -> 0 | AH50: =((EW50*1.15)) -> 26.243 | AI50: =((EX50*1.15)) -> 0 | AJ50: =ROUND((AS50),6) -> 0 | AK50: 178 | AL50: 0 | AM50: 0 | AN50: 0 | AO50: 178 | AP50: 0 | AQ50: 22.82 | AR50: 0 | AS50: 0 | AT50: 99 | AU50: 60 | AV50: 1 | AW50: 1 | AZ50: 1 | BA50: 1 | BB50: 1 | BC50: 1 | BH50: 0 | BI50: 1 | BJ50: ФЕР-2001, 46-02-009-02, приказ Минстроя России №1039/пр от 30.12.2016г. | BM50: 46001 | BN50: 0 | BP50: 0 | BQ50: 2 | BR50: 0 | BS50: 1 | BT50: 1 | BU50: 1 | BV50: 1 | BW50: 1 | BX50: 1 | BZ50: 110 | CA50: 70 | CF50: 0 | CG50: 0 | CM50: 0 | CN50: Поправка: МДС 81-36.2004, прил.3, п.3р Наименование: Производство строительных и других работ в существующих зданиях и сооружениях в стесненных условиях: с наличием в зоне производства работ действующего технологического оборудования (станков, установок, кранов и т.п.) или загромождающих предметов (лабораторное оборудование, мебель и т. п.), или движения транспорта по внутрицеховым путям | CO50: 0 | CP50: =(P50+Q50+S50) -> 10.07 | CQ50: =AC50*BC50 -> 0 | CR50: =AD50*BB50 -> 0 | CS50: =AE50*BS50 -> 0 | CT50: =AF50*BA50 -> 204.7 | CU50: =AG50 -> 0 | CV50: =AH50 -> 26.243 | CW50: =AI50 -> 0 | CX50: =AJ50 -> 0 | CY50: =(((S50+R50)*AT50)/100) -> 9.9693 | CZ50: =(((S50+R50)*AU50)/100) -> 6.042 | DE50: )*1,15 | DF50: )*1,15 | DG50: )*1,15 | DI50: )*1,15 | DJ50: )*1,15 | DN50: 0 | DO50: 0 | DP50: 1 | DQ50: 1 | DU50: 1005 | DV50: 100 м2 | DW50: 100 м2 | DX50: 100 | EE50: 27029091 | EF50: 2 | EG50: Общестроительные работы | EH50: 0 | EJ50: 1 | EK50: 46001 | EL50: Реконструкция зданий и сооружений | EM50: ФЕР-46 | EO50: Поправка: МДС 81-36.2004, прил.3, п.3р | EQ50: 0 | ER50: 178 | ES50: 0 | ET50: 0 | EU50: 0 | EV50: 178 | EW50: 22.82 | EX50: 0 | EY50: 0 | FQ50: 0 | FR50: =ROUND(IF(AND(BH50=3,BI50=3),P50,0),2) -> 0 | FS50: 0 | FT50: *0,9 | FU50: *0,85 | FX50: 99 | FY50: 59.5 | GD50: 0 | GF50: 1716417608 | GG50: 2 | GH50: 1 | GI50: -2 | GJ50: 0 | GK50: =ROUND(R50*(R12)/100,2) -> 0 | GL50: =ROUND(IF(AND(BH50=3,BI50=3,FS50<>0),P50,0),2) -> 0 | GM50: =ROUND(O50+X50+Y50+GK50,2)+GX50 -> 26.08 | GN50: =IF(OR(BI50=0,BI50=1),ROUND(O50+X50+Y50+GK50,2),0) -> 26.08 | GO50: =IF(BI50=2,ROUND(O50+X50+Y50+GK50,2),0) -> 0 | GP50: =IF(BI50=4,ROUND(O50+X50+Y50+GK50,2)+GX50,0) -> 0 | GR50: 0 | GS50: 3 | GT50: 0 | GV50: =ROUND(GT50,6) -> 0 | GW50: 1 | GX50: =ROUND(GV50*GW50*I50,2) -> 0 | HA50: 0 | HB50: 0 | IK50: 0
A51: 17 | B51: 1 | C51: =ROW(SmtRes!A86) -> 86 | D51: =ROW(EtalonRes!A94) -> 94 | E51: 8 | F51: 46-02-009-02 | G51: Отбивка штукатурки с поверхностей стен и потолков кирпичных | H51: 100 м2 | I51: =ROUND(4.92/100,9) -> 0.0492 | J51: 0 | O51: =ROUND(CP51,2) -> 10.07 | P51: =ROUND(CQ51*I51,2) -> 0 | Q51: =ROUND(CR51*I51,2) -> 0 | R51: =ROUND(CS51*I51,2) -> 0 | S51: =ROUND(CT51*I51,2) -> 10.07 | T51: =ROUND(CU51*I51,2) -> 0 | U51: =CV51*I51 -> 1.2911556 | V51: =CW51*I51 -> 0 | W51: =ROUND(CX51*I51,2) -> 0 | X51: =ROUND(CY51,2) -> 9.97 | Y51: =ROUND(CZ51,2) -> 6.04 | AA51: 27703388 | AB51: =ROUND((AC51+AD51+AF51),6) -> 204.7 | AC51: =ROUND((ES51),6) -> 0 | AD51: =ROUND(((((ET51*1.15))-((EU51*1.15)))+AE51),6) -> 0 | AE51: =ROUND(((EU51*1.15)),6) -> 0 | AF51: =ROUND(((EV51*1.15)),6) -> 204.7 | AG51: =ROUND((AP51),6) -> 0 | AH51: =((EW51*1.15)) -> 26.243 | AI51: =((EX51*1.15)) -> 0 | AJ51: =ROUND((AS51),6) -> 0 | AK51: 178 | AL51: 0 | AM51: 0 | AN51: 0 | AO51: 178 | AP51: 0 | AQ51: 22.82 | AR51: 0 | AS51: 0 | AT51: 99 | AU51: 60 | AV51: 1 | AW51: 1 | AZ51: 1 | BA51: 1 | BB51: 1 | BC51: 1 | BH51: 0 | BI51: 1 | BJ51: ФЕР-2001, 46-02-009-02, приказ Минстроя России №1039/пр от 30.12.2016г. | BM51: 46001 | BN51: 0 | BP51: 0 | BQ51: 2 | BR51: 0 | BS51: 1 | BT51: 1 | BU51: 1 | BV51: 1 | BW51: 1 | BX51: 1 | BZ51: 110 | CA51: 70 | CF51: 0 | CG51: 0 | CM51: 0 | CN51: Поправка: МДС 81-36.2004, прил.3, п.3р Наименование: Производство строительных и других работ в существующих зданиях и сооружениях в стесненных условиях: с наличием в зоне производства работ действующего технологического оборудования (станков, установок, кранов и т.п.) или загромождающих предметов (лабораторное оборудование, мебель и т. п.), или движения транспорта по внутрицеховым путям | CO51: 0 | CP51: =(P51+Q51+S51) -> 10.07 | CQ51: =AC51*BC51 -> 0 | CR51: =AD51*BB51 -> 0 | CS51: =AE51*BS51 -> 0 | CT51: =AF51*BA51 -> 204.7 | CU51: =AG51 -> 0 | CV51: =AH51 -> 26.243 | CW51: =AI51 -> 0 | CX51: =AJ51 -> 0 | CY51: =(((S51+R51)*AT51)/100) -> 9.9693 | CZ51: =(((S51+R51)*AU51)/100) -> 6.042 | DE51: )*1,15 | DF51: )*1,15 | DG51: )*1,15 | DI51: )*1,15 | DJ51: )*1,15 | DN51: 0 | DO51: 0 | DP51: 1 | DQ51: 1 | DU51: 1005 | DV51: 100 м2 | DW51: 100 м2 | DX51: 100 | EE51: 27029091 | EF51: 2 | EG51: Общестроительные работы | EH51: 0 | EJ51: 1 | EK51: 46001 | EL51: Реконструкция зданий и сооружений | EM51: ФЕР-46 | EO51: Поправка: МДС 81-36.2004, прил.3, п.3р | EQ51: 0 | ER51: 178 | ES51: 0 | ET51: 0 | EU51: 0 | EV51: 178 | EW51: 22.82 | EX51: 0 | EY51: 0 | FQ51: 0 | FR51: =ROUND(IF(AND(BH51=3,BI51=3),P51,0),2) -> 0 | FS51: 0 | FT51: *0,9 | FU51: *0,85 | FX51: 99 | FY51: 59.5 | GD51: 0 | GF51: 1716417608 | GG51: 1 | GH51: 1 | GI51: -2 | GJ51: 0 | GK51: =ROUND(R51*(S12)/100,2) -> 0 | GL51: =ROUND(IF(AND(BH51=3,BI51=3,FS51<>0),P51,0),2) -> 0 | GM51: =ROUND(O51+X51+Y51+GK51,2)+GX51 -> 26.08 | GN51: =IF(OR(BI51=0,BI51=1),ROUND(O51+X51+Y51+GK51,2),0) -> 26.08 | GO51: =IF(BI51=2,ROUND(O51+X51+Y51+GK51,2),0) -> 0 | GP51: =IF(BI51=4,ROUND(O51+X51+Y51+GK51,2)+GX51,0) -> 0 | GR51: 0 | GS51: 3 | GT51: 0 | GV51: =ROUND(GT51,6) -> 0 | GW51: 1 | GX51: =ROUND(GV51*GW51*I51,2) -> 0 | HA51: 0 | HB51: 0 | IK51: 0
A52: 17 | B52: 1 | C52: =ROW(SmtRes!A92) -> 92 | D52: =ROW(EtalonRes!A100) -> 100 | E52: 9 | F52: 08-07-002-01 | G52: Установка и разборка внутренних трубчатых инвентарных лесов при высоте помещений до 6 м | H52: 100 м2 | I52: =ROUND(18/100,9) -> 0.18 | J52: 0 | O52: =ROUND(CP52,2) -> 207.95 | P52: =ROUND(CQ52*I52,2) -> 34.87 | Q52: =ROUND(CR52*I52,2) -> 3.59 | R52: =ROUND(CS52*I52,2) -> 0.63 | S52: =ROUND(CT52*I52,2) -> 169.49 | T52: =ROUND(CU52*I52,2) -> 0 | U52: =CV52*I52 -> 19.61739 | V52: =CW52*I52 -> 0.054675 | W52: =ROUND(CX52*I52,2) -> 0 | X52: =ROUND(CY52,2) -> 187.13 | Y52: =ROUND(CZ52,2) -> 115.68 | AA52: 27703374 | AB52: =ROUND((AC52+AD52+AF52),6) -> 1155.311 | AC52: =ROUND((ES52),6) -> 193.71 | AD52: =ROUND((((((ET52*1.25)*1.35))-(((EU52*1.25)*1.35)))+AE52),6) -> 19.963125 | AE52: =ROUND((((EU52*1.25)*1.35)),6) -> 3.526875 | AF52: =ROUND((((EV52*1.15)*1.35)),6) -> 941.63783 | AG52: =ROUND((AP52),6) -> 0 | AH52: =(((EW52*1.15)*1.35)) -> 108.9855 | AI52: =(((EX52*1.25)*1.35)) -> 0.30375 | AJ52: =ROUND((AS52),6) -> 0 | AK52: 812.07 | AL52: 193.71 | AM52: 11.83 | AN52: 2.09 | AO52: 606.53 | AP52: 0 | AQ52: 70.2 | AR52: 0.18 | AS52: 0 | AT52: 110 | AU52: 68 | AV52: 1 | AW52: 1 | AZ52: 1 | BA52: 1 | BB52: 1 | BC52: 1 | BH52: 0 | BI52: 1 | BJ52: ФЕР-2001, 08-07-002-01, приказ Минстроя России №1039/пр от 30.12.2016г. | BM52: 8001 | BN52: 0 | BP52: 0 | BQ52: 2 | BR52: 0 | BS52: 1 | BT52: 1 | BU52: 1 | BV52: 1 | BW52: 1 | BX52: 1 | BZ52: 122 | CA52: 80 | CF52: 0 | CG52: 0 | CM52: 0 | CN52: Поправка: МДС 81-35.2004, п.4.7 Наименование: Работы, выполняемые при реконструкции зданий и сооружений работы, аналогичные технологическим процессам в новом строительстве (в том числе возведение новых конструктивных элементов) стоимость которых определена по соответствующим сборникам ФЕР, кроме сборника № 46 «Работы при реконструкции зданий и сооружений» Поправка: МДС 81-35.2004, прил.1, т.3, п.2 Наименование: Производство ремонтных работ в существующих зданиях и сооружениях в стесненных условиях: с наличием в зоне производства работ действующего технологического оборудования (станков, установок, кранов и т.п.) или загромождающих предметов (лабораторное оборудование, мебель и т. п.), или движения транспорта по внутрицеховым путям. | CO52: 0 | CP52: =(P52+Q52+S52) -> 207.95 | CQ52: =AC52*BC52 -> 193.71 | CR52: =AD52*BB52 -> 19.963125 | CS52: =AE52*BS52 -> 3.526875 | CT52: =AF52*BA52 -> 941.63783 | CU52: =AG52 -> 0 | CV52: =AH52 -> 108.9855 | CW52: =AI52 -> 0.30375 | CX52: =AJ52 -> 0 | CY52: =(((S52+R52)*AT52)/100) -> 187.132 | CZ52: =(((S52+R52)*AU52)/100) -> 115.6816 | DE52: )*1,25)*1,35 | DF52: )*1,25)*1,35 | DG52: )*1,15)*1,35 | DI52: )*1,15)*1,35 | DJ52: )*1,25)*1,35 | DN52: 0 | DO52: 0 | DP52: 1 | DQ52: 1 | DU52: 1005 | DV52: 100 м2 | DW52: 100 м2 | DX52: 100 | EE52: 27029021 | EF52: 2 | EG52: Общестроительные работы | EH52: 0 | EJ52: 1 | EK52: 8001 | EL52: Конструкции из кирпича и блоков | EM52: ФЕР-08 | EO52: Поправка: МДС 81-35.2004, п.4.7 Поправка: МДС 81-35.2004, прил.1, т.3, п.2 | EQ52: 0 | ER52: 812.07 | ES52: 193.71 | ET52: 11.83 | EU52: 2.09 | EV52: 606.53 | EW52: 70.2 | EX52: 0.18 | EY52: 0 | FQ52: 0 | FR52: =ROUND(IF(AND(BH52=3,BI52=3),P52,0),2) -> 0 | FS52: 0 | FT52: *0,9 | FU52: *0,85 | FX52: 109.8 | FY52: 68 | GD52: 0 | GF52: -268904767 | GG52: 2 | GH52: 1 | GI52: -2 | GJ52: 0 | GK52: =ROUND(R52*(R12)/100,2) -> 0 | GL52: =ROUND(IF(AND(BH52=3,BI52=3,FS52<>0),P52,0),2) -> 0 | GM52: =ROUND(O52+X52+Y52+GK52,2)+GX52 -> 510.76 | GN52: =IF(OR(BI52=0,BI52=1),ROUND(O52+X52+Y52+GK52,2),0) -> 510.76 | GO52: =IF(BI52=2,ROUND(O52+X52+Y52+GK52,2),0) -> 0 | GP52: =IF(BI52=4,ROUND(O52+X52+Y52+GK52,2)+GX52,0) -> 0 | GR52: 0 | GS52: 3 | GT52: 0 | GV52: =ROUND(GT52,6) -> 0 | GW52: 1 | GX52: =ROUND(GV52*GW52*I52,2) -> 0 | HA52: 0 | HB52: 0 | IK52: 0
A53: 17 | B53: 1 | C53: =ROW(SmtRes!A98) -> 98 | D53: =ROW(EtalonRes!A106) -> 106 | E53: 9 | F53: 08-07-002-01 | G53: Установка и разборка внутренних трубчатых инвентарных лесов при высоте помещений до 6 м | H53: 100 м2 | I53: =ROUND(18/100,9) -> 0.18 | J53: 0 | O53: =ROUND(CP53,2) -> 207.95 | P53: =ROUND(CQ53*I53,2) -> 34.87 | Q53: =ROUND(CR53*I53,2) -> 3.59 | R53: =ROUND(CS53*I53,2) -> 0.63 | S53: =ROUND(CT53*I53,2) -> 169.49 | T53: =ROUND(CU53*I53,2) -> 0 | U53: =CV53*I53 -> 19.61739 | V53: =CW53*I53 -> 0.054675 | W53: =ROUND(CX53*I53,2) -> 0 | X53: =ROUND(CY53,2) -> 187.13 | Y53: =ROUND(CZ53,2) -> 115.68 | AA53: 27703388 | AB53: =ROUND((AC53+AD53+AF53),6) -> 1155.311 | AC53: =ROUND((ES53),6) -> 193.71 | AD53: =ROUND((((((ET53*1.25)*1.35))-(((EU53*1.25)*1.35)))+AE53),6) -> 19.963125 | AE53: =ROUND((((EU53*1.25)*1.35)),6) -> 3.526875 | AF53: =ROUND((((EV53*1.15)*1.35)),6) -> 941.63783 | AG53: =ROUND((AP53),6) -> 0 | AH53: =(((EW53*1.15)*1.35)) -> 108.9855 | AI53: =(((EX53*1.25)*1.35)) -> 0.30375 | AJ53: =ROUND((AS53),6) -> 0 | AK53: 812.07 | AL53: 193.71 | AM53: 11.83 | AN53: 2.09 | AO53: 606.53 | AP53: 0 | AQ53: 70.2 | AR53: 0.18 | AS53: 0 | AT53: 110 | AU53: 68 | AV53: 1 | AW53: 1 | AZ53: 1 | BA53: 1 | BB53: 1 | BC53: 1 | BH53: 0 | BI53: 1 | BJ53: ФЕР-2001, 08-07-002-01, приказ Минстроя России №1039/пр от 30.12.2016г. | BM53: 8001 | BN53: 0 | BP53: 0 | BQ53: 2 | BR53: 0 | BS53: 1 | BT53: 1 | BU53: 1 | BV53: 1 | BW53: 1 | BX53: 1 | BZ53: 122 | CA53: 80 | CF53: 0 | CG53: 0 | CM53: 0 | CN53: Поправка: МДС 81-35.2004, п.4.7 Наименование: Работы, выполняемые при реконструкции зданий и сооружений работы, аналогичные технологическим процессам в новом строительстве (в том числе возведение новых конструктивных элементов) стоимость которых определена по соответствующим сборникам ФЕР, кроме сборника № 46 «Работы при реконструкции зданий и сооружений» Поправка: МДС 81-35.2004, прил.1, т.3, п.2 Наименование: Производство ремонтных работ в существующих зданиях и сооружениях в стесненных условиях: с наличием в зоне производства работ действующего технологического оборудования (станков, установок, кранов и т.п.) или загромождающих предметов (лабораторное оборудование, мебель и т. п.), или движения транспорта по внутрицеховым путям. | CO53: 0 | CP53: =(P53+Q53+S53) -> 207.95 | CQ53: =AC53*BC53 -> 193.71 | CR53: =AD53*BB53 -> 19.963125 | CS53: =AE53*BS53 -> 3.526875 | CT53: =AF53*BA53 -> 941.63783 | CU53: =AG53 -> 0 | CV53: =AH53 -> 108.9855 | CW53: =AI53 -> 0.30375 | CX53: =AJ53 -> 0 | CY53: =(((S53+R53)*AT53)/100) -> 187.132 | CZ53: =(((S53+R53)*AU53)/100) -> 115.6816 | DE53: )*1,25)*1,35 | DF53: )*1,25)*1,35 | DG53: )*1,15)*1,35 | DI53: )*1,15)*1,35 | DJ53: )*1,25)*1,35 | DN53: 0 | DO53: 0 | DP53: 1 | DQ53: 1 | DU53: 1005 | DV53: 100 м2 | DW53: 100 м2 | DX53: 100 | EE53: 27029021 | EF53: 2 | EG53: Общестроительные работы | EH53: 0 | EJ53: 1 | EK53: 8001 | EL53: Конструкции из кирпича и блоков | EM53: ФЕР-08 | EO53: Поправка: МДС 81-35.2004, п.4.7 Поправка: МДС 81-35.2004, прил.1, т.3, п.2 | EQ53: 0 | ER53: 812.07 | ES53: 193.71 | ET53: 11.83 | EU53: 2.09 | EV53: 606.53 | EW53: 70.2 | EX53: 0.18 | EY53: 0 | FQ53: 0 | FR53: =ROUND(IF(AND(BH53=3,BI53=3),P53,0),2) -> 0 | FS53: 0 | FT53: *0,9 | FU53: *0,85 | FX53: 109.8 | FY53: 68 | GD53: 0 | GF53: -268904767 | GG53: 1 | GH53: 1 | GI53: -2 | GJ53: 0 | GK53: =ROUND(R53*(S12)/100,2) -> 0 | GL53: =ROUND(IF(AND(BH53=3,BI53=3,FS53<>0),P53,0),2) -> 0 | GM53: =ROUND(O53+X53+Y53+GK53,2)+GX53 -> 510.76 | GN53: =IF(OR(BI53=0,BI53=1),ROUND(O53+X53+Y53+GK53,2),0) -> 510.76 | GO53: =IF(BI53=2,ROUND(O53+X53+Y53+GK53,2),0) -> 0 | GP53: =IF(BI53=4,ROUND(O53+X53+Y53+GK53,2)+GX53,0) -> 0 | GR53: 0 | GS53: 3 | GT53: 0 | GV53: =ROUND(GT53,6) -> 0 | GW53: 1 | GX53: =ROUND(GV53*GW53*I53,2) -> 0 | HA53: 0 | HB53: 0 | IK53: 0
A54: 18 | B54: 1 | C54: 90 | E54: 9,1 | F54: 01.7.16.02-0001 | G54: Детали деревянные лесов из пиломатериалов хвойных пород | H54: м3 | I54: =I52*J54 -> 0.00144 | J54: 0.008 | O54: =ROUND(CP54,2) -> 1.58 | P54: =ROUND(CQ54*I54,2) -> 1.58 | Q54: =ROUND(CR54*I54,2) -> 0 | R54: =ROUND(CS54*I54,2) -> 0 | S54: =ROUND(CT54*I54,2) -> 0 | T54: =ROUND(CU54*I54,2) -> 0 | U54: =CV54*I54 -> 0 | V54: =CW54*I54 -> 0 | W54: =ROUND(CX54*I54,2) -> 0 | X54: =ROUND(CY54,2) -> 0 | Y54: =ROUND(CZ54,2) -> 0 | AA54: 27703374 | AB54: =ROUND((AC54+AD54+AF54),6) -> 1100 | AC54: =ROUND((ES54),6) -> 1100 | AD54: =ROUND((((ET54)-(EU54))+AE54),6) -> 0 | AE54: =ROUND((EU54),6) -> 0 | AF54: =ROUND((EV54),6) -> 0 | AG54: =ROUND((AP54),6) -> 0 | AH54: =(EW54) -> 0 | AI54: =(EX54) -> 0 | AJ54: =ROUND((AS54),6) -> 0 | AK54: 1100 | AL54: 1100 | AM54: 0 | AN54: 0 | AO54: 0 | AP54: 0 | AQ54: 0 | AR54: 0 | AS54: 0 | AT54: 110 | AU54: 68 | AV54: 1 | AW54: 1 | AZ54: 1 | BA54: 1 | BB54: 1 | BC54: 1 | BH54: 3 | BI54: 1 | BJ54: ФССЦ-2001, 01.7.16.02-0001, приказ Минстроя России №1039/пр от 30.12.2016г. | BM54: 8001 | BN54: 0 | BP54: 0 | BQ54: 2 | BR54: 0 | BS54: 1 | BT54: 1 | BU54: 1 | BV54: 1 | BW54: 1 | BX54: 1 | BZ54: 122 | CA54: 80 | CF54: 0 | CG54: 0 | CM54: 0 | CO54: 0 | CP54: =(P54+Q54+S54) -> 1.58 | CQ54: =AC54*BC54 -> 1100 | CR54: =AD54*BB54 -> 0 | CS54: =AE54*BS54 -> 0 | CT54: =AF54*BA54 -> 0 | CU54: =AG54 -> 0 | CV54: =AH54 -> 0 | CW54: =AI54 -> 0 | CX54: =AJ54 -> 0 | CY54: =(((S54+R54)*AT54)/100) -> 0 | CZ54: =(((S54+R54)*AU54)/100) -> 0 | DN54: 0 | DO54: 0 | DP54: 1 | DQ54: 1 | DU54: 1007 | DV54: м3 | DW54: м3 | DX54: 1 | EE54: 27029021 | EF54: 2 | EG54: Общестроительные работы | EH54: 0 | EJ54: 1 | EK54: 8001 | EL54: Конструкции из кирпича и блоков | EM54: ФЕР-08 | EQ54: 0 | ER54: 1100 | ES54: 1100 | ET54: 0 | EU54: 0 | EV54: 0 | EW54: 0 | EX54: 0 | FQ54: 0 | FR54: =ROUND(IF(AND(BH54=3,BI54=3),P54,0),2) -> 0 | FS54: 0 | FT54: *0,9 | FU54: *0,85 | FX54: 109.8 | FY54: 68 | GD54: 0 | GF54: -493139387 | GG54: 2 | GH54: 1 | GI54: -2 | GJ54: 0 | GK54: =ROUND(R54*(R12)/100,2) -> 0 | GL54: =ROUND(IF(AND(BH54=3,BI54=3,FS54<>0),P54,0),2) -> 0 | GM54: =ROUND(O54+X54+Y54+GK54,2)+GX54 -> 1.58 | GN54: =IF(OR(BI54=0,BI54=1),ROUND(O54+X54+Y54+GK54,2),0) -> 1.58 | GO54: =IF(BI54=2,ROUND(O54+X54+Y54+GK54,2),0) -> 0 | GP54: =IF(BI54=4,ROUND(O54+X54+Y54+GK54,2)+GX54,0) -> 0 | GR54: 0 | GS54: 3 | GT54: 0 | GV54: =ROUND(GT54,6) -> 0 | GW54: 1 | GX54: =ROUND(GV54*GW54*I54,2) -> 0 | HA54: 0 | HB54: 0 | IK54: 0
A55: 18 | B55: 1 | C55: 96 | E55: 9,1 | F55: 01.7.16.02-0001 | G55: Детали деревянные лесов из пиломатериалов хвойных пород | H55: м3 | I55: =I53*J55 -> 0.00144 | J55: 0.008 | O55: =ROUND(CP55,2) -> 1.58 | P55: =ROUND(CQ55*I55,2) -> 1.58 | Q55: =ROUND(CR55*I55,2) -> 0 | R55: =ROUND(CS55*I55,2) -> 0 | S55: =ROUND(CT55*I55,2) -> 0 | T55: =ROUND(CU55*I55,2) -> 0 | U55: =CV55*I55 -> 0 | V55: =CW55*I55 -> 0 | W55: =ROUND(CX55*I55,2) -> 0 | X55: =ROUND(CY55,2) -> 0 | Y55: =ROUND(CZ55,2) -> 0 | AA55: 27703388 | AB55: =ROUND((AC55+AD55+AF55),6) -> 1100 | AC55: =ROUND((ES55),6) -> 1100 | AD55: =ROUND((((ET55)-(EU55))+AE55),6) -> 0 | AE55: =ROUND((EU55),6) -> 0 | AF55: =ROUND((EV55),6) -> 0 | AG55: =ROUND((AP55),6) -> 0 | AH55: =(EW55) -> 0 | AI55: =(EX55) -> 0 | AJ55: =ROUND((AS55),6) -> 0 | AK55: 1100 | AL55: 1100 | AM55: 0 | AN55: 0 | AO55: 0 | AP55: 0 | AQ55: 0 | AR55: 0 | AS55: 0 | AT55: 110 | AU55: 68 | AV55: 1 | AW55: 1 | AZ55: 1 | BA55: 1 | BB55: 1 | BC55: 1 | BH55: 3 | BI55: 1 | BJ55: ФССЦ-2001, 01.7.16.02-0001, приказ Минстроя России №1039/пр от 30.12.2016г. | BM55: 8001 | BN55: 0 | BP55: 0 | BQ55: 2 | BR55: 0 | BS55: 1 | BT55: 1 | BU55: 1 | BV55: 1 | BW55: 1 | BX55: 1 | BZ55: 122 | CA55: 80 | CF55: 0 | CG55: 0 | CM55: 0 | CO55: 0 | CP55: =(P55+Q55+S55) -> 1.58 | CQ55: =AC55*BC55 -> 1100 | CR55: =AD55*BB55 -> 0 | CS55: =AE55*BS55 -> 0 | CT55: =AF55*BA55 -> 0 | CU55: =AG55 -> 0 | CV55: =AH55 -> 0 | CW55: =AI55 -> 0 | CX55: =AJ55 -> 0 | CY55: =(((S55+R55)*AT55)/100) -> 0 | CZ55: =(((S55+R55)*AU55)/100) -> 0 | DN55: 0 | DO55: 0 | DP55: 1 | DQ55: 1 | DU55: 1007 | DV55: м3 | DW55: м3 | DX55: 1 | EE55: 27029021 | EF55: 2 | EG55: Общестроительные работы | EH55: 0 | EJ55: 1 | EK55: 8001 | EL55: Конструкции из кирпича и блоков | EM55: ФЕР-08 | EQ55: 0 | ER55: 1100 | ES55: 1100 | ET55: 0 | EU55: 0 | EV55: 0 | EW55: 0 | EX55: 0 | FQ55: 0 | FR55: =ROUND(IF(AND(BH55=3,BI55=3),P55,0),2) -> 0 | FS55: 0 | FT55: *0,9 | FU55: *0,85 | FX55: 109.8 | FY55: 68 | GD55: 0 | GF55: -493139387 | GG55: 1 | GH55: 1 | GI55: -2 | GJ55: 0 | GK55: =ROUND(R55*(S12)/100,2) -> 0 | GL55: =ROUND(IF(AND(BH55=3,BI55=3,FS55<>0),P55,0),2) -> 0 | GM55: =ROUND(O55+X55+Y55+GK55,2)+GX55 -> 1.58 | GN55: =IF(OR(BI55=0,BI55=1),ROUND(O55+X55+Y55+GK55,2),0) -> 1.58 | GO55: =IF(BI55=2,ROUND(O55+X55+Y55+GK55,2),0) -> 0 | GP55: =IF(BI55=4,ROUND(O55+X55+Y55+GK55,2)+GX55,0) -> 0 | GR55: 0 | GS55: 3 | GT55: 0 | GV55: =ROUND(GT55,6) -> 0 | GW55: 1 | GX55: =ROUND(GV55*GW55*I55,2) -> 0 | HA55: 0 | HB55: 0 | IK55: 0
A56: 18 | B56: 1 | C56: 91 | E56: 9,2 | F56: 01.7.16.02-0003 | G56: Детали стальных трубчатых лесов, укомплектованные пробками, крючками и хомутами, окрашенные | H56: т | I56: =I52*J56 -> 0.00522 | J56: 0.029 | O56: =ROUND(CP56,2) -> 31.85 | P56: =ROUND(CQ56*I56,2) -> 31.85 | Q56: =ROUND(CR56*I56,2) -> 0 | R56: =ROUND(CS56*I56,2) -> 0 | S56: =ROUND(CT56*I56,2) -> 0 | T56: =ROUND(CU56*I56,2) -> 0 | U56: =CV56*I56 -> 0 | V56: =CW56*I56 -> 0 | W56: =ROUND(CX56*I56,2) -> 0 | X56: =ROUND(CY56,2) -> 0 | Y56: =ROUND(CZ56,2) -> 0 | AA56: 27703374 | AB56: =ROUND((AC56+AD56+AF56),6) -> 6102 | AC56: =ROUND((ES56),6) -> 6102 | AD56: =ROUND((((ET56)-(EU56))+AE56),6) -> 0 | AE56: =ROUND((EU56),6) -> 0 | AF56: =ROUND((EV56),6) -> 0 | AG56: =ROUND((AP56),6) -> 0 | AH56: =(EW56) -> 0 | AI56: =(EX56) -> 0 | AJ56: =ROUND((AS56),6) -> 0 | AK56: 6102 | AL56: 6102 | AM56: 0 | AN56: 0 | AO56: 0 | AP56: 0 | AQ56: 0 | AR56: 0 | AS56: 0 | AT56: 110 | AU56: 68 | AV56: 1 | AW56: 1 | AZ56: 1 | BA56: 1 | BB56: 1 | BC56: 1 | BH56: 3 | BI56: 1 | BJ56: ФССЦ-2001, 01.7.16.02-0003, приказ Минстроя России №1039/пр от 30.12.2016г. | BM56: 8001 | BN56: 0 | BP56: 0 | BQ56: 2 | BR56: 0 | BS56: 1 | BT56: 1 | BU56: 1 | BV56: 1 | BW56: 1 | BX56: 1 | BZ56: 122 | CA56: 80 | CF56: 0 | CG56: 0 | CM56: 0 | CO56: 0 | CP56: =(P56+Q56+S56) -> 31.85 | CQ56: =AC56*BC56 -> 6102 | CR56: =AD56*BB56 -> 0 | CS56: =AE56*BS56 -> 0 | CT56: =AF56*BA56 -> 0 | CU56: =AG56 -> 0 | CV56: =AH56 -> 0 | CW56: =AI56 -> 0 | CX56: =AJ56 -> 0 | CY56: =(((S56+R56)*AT56)/100) -> 0 | CZ56: =(((S56+R56)*AU56)/100) -> 0 | DN56: 0 | DO56: 0 | DP56: 1 | DQ56: 1 | DU56: 1009 | DV56: т | DW56: т | DX56: 1000 | EE56: 27029021 | EF56: 2 | EG56: Общестроительные работы | EH56: 0 | EJ56: 1 | EK56: 8001 | EL56: Конструкции из кирпича и блоков | EM56: ФЕР-08 | EQ56: 0 | ER56: 6102 | ES56: 6102 | ET56: 0 | EU56: 0 | EV56: 0 | EW56: 0 | EX56: 0 | FQ56: 0 | FR56: =ROUND(IF(AND(BH56=3,BI56=3),P56,0),2) -> 0 | FS56: 0 | FT56: *0,9 | FU56: *0,85 | FX56: 109.8 | FY56: 68 | GD56: 0 | GF56: -823871947 | GG56: 2 | GH56: 1 | GI56: -2 | GJ56: 0 | GK56: =ROUND(R56*(R12)/100,2) -> 0 | GL56: =ROUND(IF(AND(BH56=3,BI56=3,FS56<>0),P56,0),2) -> 0 | GM56: =ROUND(O56+X56+Y56+GK56,2)+GX56 -> 31.85 | GN56: =IF(OR(BI56=0,BI56=1),ROUND(O56+X56+Y56+GK56,2),0) -> 31.85 | GO56: =IF(BI56=2,ROUND(O56+X56+Y56+GK56,2),0) -> 0 | GP56: =IF(BI56=4,ROUND(O56+X56+Y56+GK56,2)+GX56,0) -> 0 | GR56: 0 | GS56: 3 | GT56: 0 | GV56: =ROUND(GT56,6) -> 0 | GW56: 1 | GX56: =ROUND(GV56*GW56*I56,2) -> 0 | HA56: 0 | HB56: 0 | IK56: 0
A57: 18 | B57: 1 | C57: 97 | E57: 9,2 | F57: 01.7.16.02-0003 | G57: Детали стальных трубчатых лесов, укомплектованные пробками, крючками и хомутами, окрашенные | H57: т | I57: =I53*J57 -> 0.00522 | J57: 0.029 | O57: =ROUND(CP57,2) -> 31.85 | P57: =ROUND(CQ57*I57,2) -> 31.85 | Q57: =ROUND(CR57*I57,2) -> 0 | R57: =ROUND(CS57*I57,2) -> 0 | S57: =ROUND(CT57*I57,2) -> 0 | T57: =ROUND(CU57*I57,2) -> 0 | U57: =CV57*I57 -> 0 | V57: =CW57*I57 -> 0 | W57: =ROUND(CX57*I57,2) -> 0 | X57: =ROUND(CY57,2) -> 0 | Y57: =ROUND(CZ57,2) -> 0 | AA57: 27703388 | AB57: =ROUND((AC57+AD57+AF57),6) -> 6102 | AC57: =ROUND((ES57),6) -> 6102 | AD57: =ROUND((((ET57)-(EU57))+AE57),6) -> 0 | AE57: =ROUND((EU57),6) -> 0 | AF57: =ROUND((EV57),6) -> 0 | AG57: =ROUND((AP57),6) -> 0 | AH57: =(EW57) -> 0 | AI57: =(EX57) -> 0 | AJ57: =ROUND((AS57),6) -> 0 | AK57: 6102 | AL57: 6102 | AM57: 0 | AN57: 0 | AO57: 0 | AP57: 0 | AQ57: 0 | AR57: 0 | AS57: 0 | AT57: 110 | AU57: 68 | AV57: 1 | AW57: 1 | AZ57: 1 | BA57: 1 | BB57: 1 | BC57: 1 | BH57: 3 | BI57: 1 | BJ57: ФССЦ-2001, 01.7.16.02-0003, приказ Минстроя России №1039/пр от 30.12.2016г. | BM57: 8001 | BN57: 0 | BP57: 0 | BQ57: 2 | BR57: 0 | BS57: 1 | BT57: 1 | BU57: 1 | BV57: 1 | BW57: 1 | BX57: 1 | BZ57: 122 | CA57: 80 | CF57: 0 | CG57: 0 | CM57: 0 | CO57: 0 | CP57: =(P57+Q57+S57) -> 31.85 | CQ57: =AC57*BC57 -> 6102 | CR57: =AD57*BB57 -> 0 | CS57: =AE57*BS57 -> 0 | CT57: =AF57*BA57 -> 0 | CU57: =AG57 -> 0 | CV57: =AH57 -> 0 | CW57: =AI57 -> 0 | CX57: =AJ57 -> 0 | CY57: =(((S57+R57)*AT57)/100) -> 0 | CZ57: =(((S57+R57)*AU57)/100) -> 0 | DN57: 0 | DO57: 0 | DP57: 1 | DQ57: 1 | DU57: 1009 | DV57: т | DW57: т | DX57: 1000 | EE57: 27029021 | EF57: 2 | EG57: Общестроительные работы | EH57: 0 | EJ57: 1 | EK57: 8001 | EL57: Конструкции из кирпича и блоков | EM57: ФЕР-08 | EQ57: 0 | ER57: 6102 | ES57: 6102 | ET57: 0 | EU57: 0 | EV57: 0 | EW57: 0 | EX57: 0 | FQ57: 0 | FR57: =ROUND(IF(AND(BH57=3,BI57=3),P57,0),2) -> 0 | FS57: 0 | FT57: *0,9 | FU57: *0,85 | FX57: 109.8 | FY57: 68 | GD57: 0 | GF57: -823871947 | GG57: 1 | GH57: 1 | GI57: -2 | GJ57: 0 | GK57: =ROUND(R57*(S12)/100,2) -> 0 | GL57: =ROUND(IF(AND(BH57=3,BI57=3,FS57<>0),P57,0),2) -> 0 | GM57: =ROUND(O57+X57+Y57+GK57,2)+GX57 -> 31.85 | GN57: =IF(OR(BI57=0,BI57=1),ROUND(O57+X57+Y57+GK57,2),0) -> 31.85 | GO57: =IF(BI57=2,ROUND(O57+X57+Y57+GK57,2),0) -> 0 | GP57: =IF(BI57=4,ROUND(O57+X57+Y57+GK57,2)+GX57,0) -> 0 | GR57: 0 | GS57: 3 | GT57: 0 | GV57: =ROUND(GT57,6) -> 0 | GW57: 1 | GX57: =ROUND(GV57*GW57*I57,2) -> 0 | HA57: 0 | HB57: 0 | IK57: 0
A58: 17 | B58: 1 | C58: =ROW(SmtRes!A110) -> 110 | D58: =ROW(EtalonRes!A115) -> 115 | E58: 10 | F58: 09-04-012-01 | G58: Установка металлических дверных блоков в готовые проемы | H58: м2 | I58: =ROUND(13.72+2.94+3.78+1.89,9) -> 22.33 | J58: 0 | O58: =ROUND(CP58,2) -> 1942.76 | P58: =ROUND(CQ58*I58,2) -> 574.33 | Q58: =ROUND(CR58*I58,2) -> 543 | R58: =ROUND(CS58*I58,2) -> 74.23 | S58: =ROUND(CT58*I58,2) -> 825.43 | T58: =ROUND(CU58*I58,2) -> 0 | U58: =CV58*I58 -> 83.20158 | V58: =CW58*I58 -> 6.4059188 | W58: =ROUND(CX58*I58,2) -> 0 | X58: =ROUND(CY58,2) -> 728.72 | Y58: =ROUND(CZ58,2) -> 647.76 | AA58: 27703374 | AB58: =ROUND((AC58+AD58+AF58),6) -> 87.0019 | AC58: =ROUND((ES58),6) -> 25.72 | AD58: =ROUND((((((ET58*1.25)*1.35))-(((EU58*1.25)*1.35)))+AE58),6) -> 24.316875 | AE58: =ROUND((((EU58*1.25)*1.35)),6) -> 3.324375 | AF58: =ROUND((((EV58*1.15)*1.35)),6) -> 36.965025 | AG58: =ROUND((AP58),6) -> 0 | AH58: =(((EW58*1.15)*1.35)) -> 3.726 | AI58: =(((EX58*1.25)*1.35)) -> 0.286875 | AJ58: =ROUND((AS58),6) -> 0 | AK58: 63.94 | AL58: 25.72 | AM58: 14.41 | AN58: 1.97 | AO58: 23.81 | AP58: 0 | AQ58: 2.4 | AR58: 0.17 | AS58: 0 | AT58: 81 | AU58: 72 | AV58: 1 | AW58: 1 | AZ58: 1 | BA58: 1 | BB58: 1 | BC58: 1 | BH58: 0 | BI58: 1 | BJ58: ФЕР-2001, 09-04-012-01, приказ Минстроя России №1039/пр от 30.12.2016г. | BM58: 9001 | BN58: 0 | BP58: 0 | BQ58: 2 | BR58: 0 | BS58: 1 | BT58: 1 | BU58: 1 | BV58: 1 | BW58: 1 | BX58: 1 | BZ58: 90 | CA58: 85 | CF58: 0 | CG58: 0 | CM58: 0 | CN58: Поправка: МДС 81-35.2004, п.4.7 Наименование: Работы, выполняемые при реконструкции зданий и сооружений работы, аналогичные технологическим процессам в новом строительстве (в том числе возведение новых конструктивных элементов) стоимость которых определена по соответствующим сборникам ФЕР, кроме сборника № 46 «Работы при реконструкции зданий и сооружений» Поправка: МДС 81-35.2004, прил.1, т.3, п.2 Наименование: Производство ремонтных работ в существующих зданиях и сооружениях в стесненных условиях: с наличием в зоне производства работ действующего технологического оборудования (станков, установок, кранов и т.п.) или загромождающих предметов (лабораторное оборудование, мебель и т. п.), или движения транспорта по внутрицеховым путям. | CO58: 0 | CP58: =(P58+Q58+S58) -> 1942.76 | CQ58: =AC58*BC58 -> 25.72 | CR58: =AD58*BB58 -> 24.316875 | CS58: =AE58*BS58 -> 3.324375 | CT58: =AF58*BA58 -> 36.965025 | CU58: =AG58 -> 0 | CV58: =AH58 -> 3.726 | CW58: =AI58 -> 0.286875 | CX58: =AJ58 -> 0 | CY58: =(((S58+R58)*AT58)/100) -> 728.7246 | CZ58: =(((S58+R58)*AU58)/100) -> 647.7552 | DE58: )*1,25)*1,35 | DF58: )*1,25)*1,35 | DG58: )*1,15)*1,35 | DI58: )*1,15)*1,35 | DJ58: )*1,25)*1,35 | DN58: 0 | DO58: 0 | DP58: 1 | DQ58: 1 | DU58: 1005 | DV58: м2 | DW58: м2 | DX58: 1 | EE58: 27029022 | EF58: 2 | EG58: Общестроительные работы | EH58: 0 | EJ58: 1 | EK58: 9001 | EL58: Металлические конструкции | EM58: ФЕР-09 | EO58: Поправка: МДС 81-35.2004, п.4.7 Поправка: МДС 81-35.2004, прил.1, т.3, п.2 | EQ58: 0 | ER58: 63.94 | ES58: 25.72 | ET58: 14.41 | EU58: 1.97 | EV58: 23.81 | EW58: 2.4 | EX58: 0.17 | EY58: 0 | FQ58: 0 | FR58: =ROUND(IF(AND(BH58=3,BI58=3),P58,0),2) -> 0 | FS58: 0 | FT58: *0,9 | FU58: *0,85 | FX58: 81 | FY58: 72.25 | GD58: 0 | GF58: 1555078569 | GG58: 2 | GH58: 1 | GI58: -2 | GJ58: 0 | GK58: =ROUND(R58*(R12)/100,2) -> 0 | GL58: =ROUND(IF(AND(BH58=3,BI58=3,FS58<>0),P58,0),2) -> 0 | GM58: =ROUND(O58+X58+Y58+GK58,2)+GX58 -> 3319.24 | GN58: =IF(OR(BI58=0,BI58=1),ROUND(O58+X58+Y58+GK58,2),0) -> 3319.24 | GO58: =IF(BI58=2,ROUND(O58+X58+Y58+GK58,2),0) -> 0 | GP58: =IF(BI58=4,ROUND(O58+X58+Y58+GK58,2)+GX58,0) -> 0 | GR58: 0 | GS58: 3 | GT58: 0 | GV58: =ROUND(GT58,6) -> 0 | GW58: 1 | GX58: =ROUND(GV58*GW58*I58,2) -> 0 | HA58: 0 | HB58: 0 | IK58: 0
A59: 17 | B59: 1 | C59: =ROW(SmtRes!A122) -> 122 | D59: =ROW(EtalonRes!A124) -> 124 | E59: 10 | F59: 09-04-012-01 | G59: Установка металлических дверных блоков в готовые проемы | H59: м2 | I59: =ROUND(13.72+2.94+3.78+1.89,9) -> 22.33 | J59: 0 | O59: =ROUND(CP59,2) -> 1942.76 | P59: =ROUND(CQ59*I59,2) -> 574.33 | Q59: =ROUND(CR59*I59,2) -> 543 | R59: =ROUND(CS59*I59,2) -> 74.23 | S59: =ROUND(CT59*I59,2) -> 825.43 | T59: =ROUND(CU59*I59,2) -> 0 | U59: =CV59*I59 -> 83.20158 | V59: =CW59*I59 -> 6.4059188 | W59: =ROUND(CX59*I59,2) -> 0 | X59: =ROUND(CY59,2) -> 728.72 | Y59: =ROUND(CZ59,2) -> 647.76 | AA59: 27703388 | AB59: =ROUND((AC59+AD59+AF59),6) -> 87.0019 | AC59: =ROUND((ES59),6) -> 25.72 | AD59: =ROUND((((((ET59*1.25)*1.35))-(((EU59*1.25)*1.35)))+AE59),6) -> 24.316875 | AE59: =ROUND((((EU59*1.25)*1.35)),6) -> 3.324375 | AF59: =ROUND((((EV59*1.15)*1.35)),6) -> 36.965025 | AG59: =ROUND((AP59),6) -> 0 | AH59: =(((EW59*1.15)*1.35)) -> 3.726 | AI59: =(((EX59*1.25)*1.35)) -> 0.286875 | AJ59: =ROUND((AS59),6) -> 0 | AK59: 63.94 | AL59: 25.72 | AM59: 14.41 | AN59: 1.97 | AO59: 23.81 | AP59: 0 | AQ59: 2.4 | AR59: 0.17 | AS59: 0 | AT59: 81 | AU59: 72 | AV59: 1 | AW59: 1 | AZ59: 1 | BA59: 1 | BB59: 1 | BC59: 1 | BH59: 0 | BI59: 1 | BJ59: ФЕР-2001, 09-04-012-01, приказ Минстроя России №1039/пр от 30.12.2016г. | BM59: 9001 | BN59: 0 | BP59: 0 | BQ59: 2 | BR59: 0 | BS59: 1 | BT59: 1 | BU59: 1 | BV59: 1 | BW59: 1 | BX59: 1 | BZ59: 90 | CA59: 85 | CF59: 0 | CG59: 0 | CM59: 0 | CN59: Поправка: МДС 81-35.2004, п.4.7 Наименование: Работы, выполняемые при реконструкции зданий и сооружений работы, аналогичные технологическим процессам в новом строительстве (в том числе возведение новых конструктивных элементов) стоимость которых определена по соответствующим сборникам ФЕР, кроме сборника № 46 «Работы при реконструкции зданий и сооружений» Поправка: МДС 81-35.2004, прил.1, т.3, п.2 Наименование: Производство ремонтных работ в существующих зданиях и сооружениях в стесненных условиях: с наличием в зоне производства работ действующего технологического оборудования (станков, установок, кранов и т.п.) или загромождающих предметов (лабораторное оборудование, мебель и т. п.), или движения транспорта по внутрицеховым путям. | CO59: 0 | CP59: =(P59+Q59+S59) -> 1942.76 | CQ59: =AC59*BC59 -> 25.72 | CR59: =AD59*BB59 -> 24.316875 | CS59: =AE59*BS59 -> 3.324375 | CT59: =AF59*BA59 -> 36.965025 | CU59: =AG59 -> 0 | CV59: =AH59 -> 3.726 | CW59: =AI59 -> 0.286875 | CX59: =AJ59 -> 0 | CY59: =(((S59+R59)*AT59)/100) -> 728.7246 | CZ59: =(((S59+R59)*AU59)/100) -> 647.7552 | DE59: )*1,25)*1,35 | DF59: )*1,25)*1,35 | DG59: )*1,15)*1,35 | DI59: )*1,15)*1,35 | DJ59: )*1,25)*1,35 | DN59: 0 | DO59: 0 | DP59: 1 | DQ59: 1 | DU59: 1005 | DV59: м2 | DW59: м2 | DX59: 1 | EE59: 27029022 | EF59: 2 | EG59: Общестроительные работы | EH59: 0 | EJ59: 1 | EK59: 9001 | EL59: Металлические конструкции | EM59: ФЕР-09 | EO59: Поправка: МДС 81-35.2004, п.4.7 Поправка: МДС 81-35.2004, прил.1, т.3, п.2 | EQ59: 0 | ER59: 63.94 | ES59: 25.72 | ET59: 14.41 | EU59: 1.97 | EV59: 23.81 | EW59: 2.4 | EX59: 0.17 | EY59: 0 | FQ59: 0 | FR59: =ROUND(IF(AND(BH59=3,BI59=3),P59,0),2) -> 0 | FS59: 0 | FT59: *0,9 | FU59: *0,85 | FX59: 81 | FY59: 72.25 | GD59: 0 | GF59: 1555078569 | GG59: 1 | GH59: 1 | GI59: -2 | GJ59: 0 | GK59: =ROUND(R59*(S12)/100,2) -> 0 | GL59: =ROUND(IF(AND(BH59=3,BI59=3,FS59<>0),P59,0),2) -> 0 | GM59: =ROUND(O59+X59+Y59+GK59,2)+GX59 -> 3319.24 | GN59: =IF(OR(BI59=0,BI59=1),ROUND(O59+X59+Y59+GK59,2),0) -> 3319.24 | GO59: =IF(BI59=2,ROUND(O59+X59+Y59+GK59,2),0) -> 0 | GP59: =IF(BI59=4,ROUND(O59+X59+Y59+GK59,2)+GX59,0) -> 0 | GR59: 0 | GS59: 3 | GT59: 0 | GV59: =ROUND(GT59,6) -> 0 | GW59: 1 | GX59: =ROUND(GV59*GW59*I59,2) -> 0 | HA59: 0 | HB59: 0 | IK59: 0
A60: 18 | B60: 1 | C60: 105 | E60: 10,1 | F60: 01.7.04.07-0003 | G60: Скобяные изделия для блоков входных дверей в помещение однопольных | H60: компл. | I60: =I58*J60 -> 3 | J60: 0.13434841 | O60: =ROUND(CP60,2) -> 284.04 | P60: =ROUND(CQ60*I60,2) -> 284.04 | Q60: =ROUND(CR60*I60,2) -> 0 | R60: =ROUND(CS60*I60,2) -> 0 | S60: =ROUND(CT60*I60,2) -> 0 | T60: =ROUND(CU60*I60,2) -> 0 | U60: =CV60*I60 -> 0 | V60: =CW60*I60 -> 0 | W60: =ROUND(CX60*I60,2) -> 0 | X60: =ROUND(CY60,2) -> 0 | Y60: =ROUND(CZ60,2) -> 0 | AA60: 27703374 | AB60: =ROUND((AC60+AD60+AF60),6) -> 94.68 | AC60: =ROUND((ES60),6) -> 94.68 | AD60: =ROUND((((ET60)-(EU60))+AE60),6) -> 0 | AE60: =ROUND((EU60),6) -> 0 | AF60: =ROUND((EV60),6) -> 0 | AG60: =ROUND((AP60),6) -> 0 | AH60: =(EW60) -> 0 | AI60: =(EX60) -> 0 | AJ60: =ROUND((AS60),6) -> 0 | AK60: 94.68 | AL60: 94.68 | AM60: 0 | AN60: 0 | AO60: 0 | AP60: 0 | AQ60: 0 | AR60: 0 | AS60: 0 | AT60: 81 | AU60: 72 | AV60: 1 | AW60: 1 | AZ60: 1 | BA60: 1 | BB60: 1 | BC60: 1 | BH60: 3 | BI60: 1 | BJ60: ФССЦ-2001, 01.7.04.07-0003, приказ Минстроя России №1039/пр от 30.12.2016г. | BM60: 9001 | BN60: 0 | BP60: 0 | BQ60: 2 | BR60: 0 | BS60: 1 | BT60: 1 | BU60: 1 | BV60: 1 | BW60: 1 | BX60: 1 | BZ60: 90 | CA60: 85 | CF60: 0 | CG60: 0 | CM60: 0 | CO60: 0 | CP60: =(P60+Q60+S60) -> 284.04 | CQ60: =AC60*BC60 -> 94.68 | CR60: =AD60*BB60 -> 0 | CS60: =AE60*BS60 -> 0 | CT60: =AF60*BA60 -> 0 | CU60: =AG60 -> 0 | CV60: =AH60 -> 0 | CW60: =AI60 -> 0 | CX60: =AJ60 -> 0 | CY60: =(((S60+R60)*AT60)/100) -> 0 | CZ60: =(((S60+R60)*AU60)/100) -> 0 | DN60: 0 | DO60: 0 | DP60: 1 | DQ60: 1 | DU60: 1013 | DV60: компл. | DW60: компл. | DX60: 1 | EE60: 27029022 | EF60: 2 | EG60: Общестроительные работы | EH60: 0 | EJ60: 1 | EK60: 9001 | EL60: Металлические конструкции | EM60: ФЕР-09 | EQ60: 0 | ER60: 94.68 | ES60: 94.68 | ET60: 0 | EU60: 0 | EV60: 0 | EW60: 0 | EX60: 0 | FQ60: 0 | FR60: =ROUND(IF(AND(BH60=3,BI60=3),P60,0),2) -> 0 | FS60: 0 | FT60: *0,9 | FU60: *0,85 | FX60: 81 | FY60: 72.25 | GD60: 0 | GF60: 1882669443 | GG60: 2 | GH60: 1 | GI60: -2 | GJ60: 0 | GK60: =ROUND(R60*(R12)/100,2) -> 0 | GL60: =ROUND(IF(AND(BH60=3,BI60=3,FS60<>0),P60,0),2) -> 0 | GM60: =ROUND(O60+X60+Y60+GK60,2)+GX60 -> 284.04 | GN60: =IF(OR(BI60=0,BI60=1),ROUND(O60+X60+Y60+GK60,2),0) -> 284.04 | GO60: =IF(BI60=2,ROUND(O60+X60+Y60+GK60,2),0) -> 0 | GP60: =IF(BI60=4,ROUND(O60+X60+Y60+GK60,2)+GX60,0) -> 0 | GR60: 0 | GS60: 3 | GT60: 0 | GV60: =ROUND(GT60,6) -> 0 | GW60: 1 | GX60: =ROUND(GV60*GW60*I60,2) -> 0 | HA60: 0 | HB60: 0 | IK60: 0
A61: 18 | B61: 1 | C61: 117 | E61: 10,1 | F61: 01.7.04.07-0003 | G61: Скобяные изделия для блоков входных дверей в помещение однопольных | H61: компл. | I61: =I59*J61 -> 3 | J61: 0.13434841 | O61: =ROUND(CP61,2) -> 284.04 | P61: =ROUND(CQ61*I61,2) -> 284.04 | Q61: =ROUND(CR61*I61,2) -> 0 | R61: =ROUND(CS61*I61,2) -> 0 | S61: =ROUND(CT61*I61,2) -> 0 | T61: =ROUND(CU61*I61,2) -> 0 | U61: =CV61*I61 -> 0 | V61: =CW61*I61 -> 0 | W61: =ROUND(CX61*I61,2) -> 0 | X61: =ROUND(CY61,2) -> 0 | Y61: =ROUND(CZ61,2) -> 0 | AA61: 27703388 | AB61: =ROUND((AC61+AD61+AF61),6) -> 94.68 | AC61: =ROUND((ES61),6) -> 94.68 | AD61: =ROUND((((ET61)-(EU61))+AE61),6) -> 0 | AE61: =ROUND((EU61),6) -> 0 | AF61: =ROUND((EV61),6) -> 0 | AG61: =ROUND((AP61),6) -> 0 | AH61: =(EW61) -> 0 | AI61: =(EX61) -> 0 | AJ61: =ROUND((AS61),6) -> 0 | AK61: 94.68 | AL61: 94.68 | AM61: 0 | AN61: 0 | AO61: 0 | AP61: 0 | AQ61: 0 | AR61: 0 | AS61: 0 | AT61: 81 | AU61: 72 | AV61: 1 | AW61: 1 | AZ61: 1 | BA61: 1 | BB61: 1 | BC61: 1 | BH61: 3 | BI61: 1 | BJ61: ФССЦ-2001, 01.7.04.07-0003, приказ Минстроя России №1039/пр от 30.12.2016г. | BM61: 9001 | BN61: 0 | BP61: 0 | BQ61: 2 | BR61: 0 | BS61: 1 | BT61: 1 | BU61: 1 | BV61: 1 | BW61: 1 | BX61: 1 | BZ61: 90 | CA61: 85 | CF61: 0 | CG61: 0 | CM61: 0 | CO61: 0 | CP61: =(P61+Q61+S61) -> 284.04 | CQ61: =AC61*BC61 -> 94.68 | CR61: =AD61*BB61 -> 0 | CS61: =AE61*BS61 -> 0 | CT61: =AF61*BA61 -> 0 | CU61: =AG61 -> 0 | CV61: =AH61 -> 0 | CW61: =AI61 -> 0 | CX61: =AJ61 -> 0 | CY61: =(((S61+R61)*AT61)/100) -> 0 | CZ61: =(((S61+R61)*AU61)/100) -> 0 | DN61: 0 | DO61: 0 | DP61: 1 | DQ61: 1 | DU61: 1013 | DV61: компл. | DW61: компл. | DX61: 1 | EE61: 27029022 | EF61: 2 | EG61: Общестроительные работы | EH61: 0 | EJ61: 1 | EK61: 9001 | EL61: Металлические конструкции | EM61: ФЕР-09 | EQ61: 0 | ER61: 94.68 | ES61: 94.68 | ET61: 0 | EU61: 0 | EV61: 0 | EW61: 0 | EX61: 0 | FQ61: 0 | FR61: =ROUND(IF(AND(BH61=3,BI61=3),P61,0),2) -> 0 | FS61: 0 | FT61: *0,9 | FU61: *0,85 | FX61: 81 | FY61: 72.25 | GD61: 0 | GF61: 1882669443 | GG61: 1 | GH61: 1 | GI61: -2 | GJ61: 0 | GK61: =ROUND(R61*(S12)/100,2) -> 0 | GL61: =ROUND(IF(AND(BH61=3,BI61=3,FS61<>0),P61,0),2) -> 0 | GM61: =ROUND(O61+X61+Y61+GK61,2)+GX61 -> 284.04 | GN61: =IF(OR(BI61=0,BI61=1),ROUND(O61+X61+Y61+GK61,2),0) -> 284.04 | GO61: =IF(BI61=2,ROUND(O61+X61+Y61+GK61,2),0) -> 0 | GP61: =IF(BI61=4,ROUND(O61+X61+Y61+GK61,2)+GX61,0) -> 0 | GR61: 0 | GS61: 3 | GT61: 0 | GV61: =ROUND(GT61,6) -> 0 | GW61: 1 | GX61: =ROUND(GV61*GW61*I61,2) -> 0 | HA61: 0 | HB61: 0 | IK61: 0
A62: 18 | B62: 1 | C62: 104 | E62: 10,2 | F62: 01.7.04.07-0002 | G62: Скобяные изделия для блоков входных дверей в помещение двупольных | H62: компл. | I62: =I58*J62 -> 5 | J62: 0.22391402 | O62: =ROUND(CP62,2) -> 473.4 | P62: =ROUND(CQ62*I62,2) -> 473.4 | Q62: =ROUND(CR62*I62,2) -> 0 | R62: =ROUND(CS62*I62,2) -> 0 | S62: =ROUND(CT62*I62,2) -> 0 | T62: =ROUND(CU62*I62,2) -> 0 | U62: =CV62*I62 -> 0 | V62: =CW62*I62 -> 0 | W62: =ROUND(CX62*I62,2) -> 0 | X62: =ROUND(CY62,2) -> 0 | Y62: =ROUND(CZ62,2) -> 0 | AA62: 27703374 | AB62: =ROUND((AC62+AD62+AF62),6) -> 94.68 | AC62: =ROUND((ES62),6) -> 94.68 | AD62: =ROUND((((ET62)-(EU62))+AE62),6) -> 0 | AE62: =ROUND((EU62),6) -> 0 | AF62: =ROUND((EV62),6) -> 0 | AG62: =ROUND((AP62),6) -> 0 | AH62: =(EW62) -> 0 | AI62: =(EX62) -> 0 | AJ62: =ROUND((AS62),6) -> 0 | AK62: 94.68 | AL62: 94.68 | AM62: 0 | AN62: 0 | AO62: 0 | AP62: 0 | AQ62: 0 | AR62: 0 | AS62: 0 | AT62: 81 | AU62: 72 | AV62: 1 | AW62: 1 | AZ62: 1 | BA62: 1 | BB62: 1 | BC62: 1 | BH62: 3 | BI62: 1 | BJ62: ФССЦ-2001, 01.7.04.07-0002, приказ Минстроя России №1039/пр от 30.12.2016г. | BM62: 9001 | BN62: 0 | BP62: 0 | BQ62: 2 | BR62: 0 | BS62: 1 | BT62: 1 | BU62: 1 | BV62: 1 | BW62: 1 | BX62: 1 | BZ62: 90 | CA62: 85 | CF62: 0 | CG62: 0 | CM62: 0 | CO62: 0 | CP62: =(P62+Q62+S62) -> 473.4 | CQ62: =AC62*BC62 -> 94.68 | CR62: =AD62*BB62 -> 0 | CS62: =AE62*BS62 -> 0 | CT62: =AF62*BA62 -> 0 | CU62: =AG62 -> 0 | CV62: =AH62 -> 0 | CW62: =AI62 -> 0 | CX62: =AJ62 -> 0 | CY62: =(((S62+R62)*AT62)/100) -> 0 | CZ62: =(((S62+R62)*AU62)/100) -> 0 | DN62: 0 | DO62: 0 | DP62: 1 | DQ62: 1 | DU62: 1013 | DV62: компл. | DW62: компл. | DX62: 1 | EE62: 27029022 | EF62: 2 | EG62: Общестроительные работы | EH62: 0 | EJ62: 1 | EK62: 9001 | EL62: Металлические конструкции | EM62: ФЕР-09 | EQ62: 0 | ER62: 94.68 | ES62: 94.68 | ET62: 0 | EU62: 0 | EV62: 0 | EW62: 0 | EX62: 0 | FQ62: 0 | FR62: =ROUND(IF(AND(BH62=3,BI62=3),P62,0),2) -> 0 | FS62: 0 | FT62: *0,9 | FU62: *0,85 | FX62: 81 | FY62: 72.25 | GD62: 0 | GF62: -161471996 | GG62: 2 | GH62: 1 | GI62: -2 | GJ62: 0 | GK62: =ROUND(R62*(R12)/100,2) -> 0 | GL62: =ROUND(IF(AND(BH62=3,BI62=3,FS62<>0),P62,0),2) -> 0 | GM62: =ROUND(O62+X62+Y62+GK62,2)+GX62 -> 473.4 | GN62: =IF(OR(BI62=0,BI62=1),ROUND(O62+X62+Y62+GK62,2),0) -> 473.4 | GO62: =IF(BI62=2,ROUND(O62+X62+Y62+GK62,2),0) -> 0 | GP62: =IF(BI62=4,ROUND(O62+X62+Y62+GK62,2)+GX62,0) -> 0 | GR62: 0 | GS62: 3 | GT62: 0 | GV62: =ROUND(GT62,6) -> 0 | GW62: 1 | GX62: =ROUND(GV62*GW62*I62,2) -> 0 | HA62: 0 | HB62: 0 | IK62: 0
A63: 18 | B63: 1 | C63: 116 | E63: 10,2 | F63: 01.7.04.07-0002 | G63: Скобяные изделия для блоков входных дверей в помещение двупольных | H63: компл. | I63: =I59*J63 -> 5 | J63: 0.22391402 | O63: =ROUND(CP63,2) -> 473.4 | P63: =ROUND(CQ63*I63,2) -> 473.4 | Q63: =ROUND(CR63*I63,2) -> 0 | R63: =ROUND(CS63*I63,2) -> 0 | S63: =ROUND(CT63*I63,2) -> 0 | T63: =ROUND(CU63*I63,2) -> 0 | U63: =CV63*I63 -> 0 | V63: =CW63*I63 -> 0 | W63: =ROUND(CX63*I63,2) -> 0 | X63: =ROUND(CY63,2) -> 0 | Y63: =ROUND(CZ63,2) -> 0 | AA63: 27703388 | AB63: =ROUND((AC63+AD63+AF63),6) -> 94.68 | AC63: =ROUND((ES63),6) -> 94.68 | AD63: =ROUND((((ET63)-(EU63))+AE63),6) -> 0 | AE63: =ROUND((EU63),6) -> 0 | AF63: =ROUND((EV63),6) -> 0 | AG63: =ROUND((AP63),6) -> 0 | AH63: =(EW63) -> 0 | AI63: =(EX63) -> 0 | AJ63: =ROUND((AS63),6) -> 0 | AK63: 94.68 | AL63: 94.68 | AM63: 0 | AN63: 0 | AO63: 0 | AP63: 0 | AQ63: 0 | AR63: 0 | AS63: 0 | AT63: 81 | AU63: 72 | AV63: 1 | AW63: 1 | AZ63: 1 | BA63: 1 | BB63: 1 | BC63: 1 | BH63: 3 | BI63: 1 | BJ63: ФССЦ-2001, 01.7.04.07-0002, приказ Минстроя России №1039/пр от 30.12.2016г. | BM63: 9001 | BN63: 0 | BP63: 0 | BQ63: 2 | BR63: 0 | BS63: 1 | BT63: 1 | BU63: 1 | BV63: 1 | BW63: 1 | BX63: 1 | BZ63: 90 | CA63: 85 | CF63: 0 | CG63: 0 | CM63: 0 | CO63: 0 | CP63: =(P63+Q63+S63) -> 473.4 | CQ63: =AC63*BC63 -> 94.68 | CR63: =AD63*BB63 -> 0 | CS63: =AE63*BS63 -> 0 | CT63: =AF63*BA63 -> 0 | CU63: =AG63 -> 0 | CV63: =AH63 -> 0 | CW63: =AI63 -> 0 | CX63: =AJ63 -> 0 | CY63: =(((S63+R63)*AT63)/100) -> 0 | CZ63: =(((S63+R63)*AU63)/100) -> 0 | DN63: 0 | DO63: 0 | DP63: 1 | DQ63: 1 | DU63: 1013 | DV63: компл. | DW63: компл. | DX63: 1 | EE63: 27029022 | EF63: 2 | EG63: Общестроительные работы | EH63: 0 | EJ63: 1 | EK63: 9001 | EL63: Металлические конструкции | EM63: ФЕР-09 | EQ63: 0 | ER63: 94.68 | ES63: 94.68 | ET63: 0 | EU63: 0 | EV63: 0 | EW63: 0 | EX63: 0 | FQ63: 0 | FR63: =ROUND(IF(AND(BH63=3,BI63=3),P63,0),2) -> 0 | FS63: 0 | FT63: *0,9 | FU63: *0,85 | FX63: 81 | FY63: 72.25 | GD63: 0 | GF63: -161471996 | GG63: 1 | GH63: 1 | GI63: -2 | GJ63: 0 | GK63: =ROUND(R63*(S12)/100,2) -> 0 | GL63: =ROUND(IF(AND(BH63=3,BI63=3,FS63<>0),P63,0),2) -> 0 | GM63: =ROUND(O63+X63+Y63+GK63,2)+GX63 -> 473.4 | GN63: =IF(OR(BI63=0,BI63=1),ROUND(O63+X63+Y63+GK63,2),0) -> 473.4 | GO63: =IF(BI63=2,ROUND(O63+X63+Y63+GK63,2),0) -> 0 | GP63: =IF(BI63=4,ROUND(O63+X63+Y63+GK63,2)+GX63,0) -> 0 | GR63: 0 | GS63: 3 | GT63: 0 | GV63: =ROUND(GT63,6) -> 0 | GW63: 1 | GX63: =ROUND(GV63*GW63*I63,2) -> 0 | HA63: 0 | HB63: 0 | IK63: 0
A64: 18 | B64: 1 | C64: 107 | E64: 10,3 | F64: 07.1.01.03-0001 | G64: Блок дверной стальной внутренний однопольный | H64: м2 | I64: =I58*J64 -> 5.67 | J64: 0.2539185 | O64: =ROUND(CP64,2) -> 10201.12 | P64: =ROUND(CQ64*I64,2) -> 10201.12 | Q64: =ROUND(CR64*I64,2) -> 0 | R64: =ROUND(CS64*I64,2) -> 0 | S64: =ROUND(CT64*I64,2) -> 0 | T64: =ROUND(CU64*I64,2) -> 0 | U64: =CV64*I64 -> 0 | V64: =CW64*I64 -> 0 | W64: =ROUND(CX64*I64,2) -> 0 | X64: =ROUND(CY64,2) -> 0 | Y64: =ROUND(CZ64,2) -> 0 | AA64: 27703374 | AB64: =ROUND((AC64+AD64+AF64),6) -> 1799.14 | AC64: =ROUND((ES64),6) -> 1799.14 | AD64: =ROUND((((ET64)-(EU64))+AE64),6) -> 0 | AE64: =ROUND((EU64),6) -> 0 | AF64: =ROUND((EV64),6) -> 0 | AG64: =ROUND((AP64),6) -> 0 | AH64: =(EW64) -> 0 | AI64: =(EX64) -> 0 | AJ64: =ROUND((AS64),6) -> 0 | AK64: 1799.14 | AL64: 1799.14 | AM64: 0 | AN64: 0 | AO64: 0 | AP64: 0 | AQ64: 0 | AR64: 0 | AS64: 0 | AT64: 81 | AU64: 72 | AV64: 1 | AW64: 1 | AZ64: 1 | BA64: 1 | BB64: 1 | BC64: 1 | BH64: 3 | BI64: 1 | BJ64: ФССЦ-2001, 07.1.01.03-0001, приказ Минстроя России №1039/пр от 30.12.2016г. | BM64: 9001 | BN64: 0 | BP64: 0 | BQ64: 2 | BR64: 0 | BS64: 1 | BT64: 1 | BU64: 1 | BV64: 1 | BW64: 1 | BX64: 1 | BZ64: 90 | CA64: 85 | CF64: 0 | CG64: 0 | CM64: 0 | CO64: 0 | CP64: =(P64+Q64+S64) -> 10201.12 | CQ64: =AC64*BC64 -> 1799.14 | CR64: =AD64*BB64 -> 0 | CS64: =AE64*BS64 -> 0 | CT64: =AF64*BA64 -> 0 | CU64: =AG64 -> 0 | CV64: =AH64 -> 0 | CW64: =AI64 -> 0 | CX64: =AJ64 -> 0 | CY64: =(((S64+R64)*AT64)/100) -> 0 | CZ64: =(((S64+R64)*AU64)/100) -> 0 | DN64: 0 | DO64: 0 | DP64: 1 | DQ64: 1 | DU64: 1005 | DV64: м2 | DW64: м2 | DX64: 1 | EE64: 27029022 | EF64: 2 | EG64: Общестроительные работы | EH64: 0 | EJ64: 1 | EK64: 9001 | EL64: Металлические конструкции | EM64: ФЕР-09 | EQ64: 0 | ER64: 1799.14 | ES64: 1799.14 | ET64: 0 | EU64: 0 | EV64: 0 | EW64: 0 | EX64: 0 | FQ64: 0 | FR64: =ROUND(IF(AND(BH64=3,BI64=3),P64,0),2) -> 0 | FS64: 0 | FT64: *0,9 | FU64: *0,85 | FX64: 81 | FY64: 72.25 | GD64: 0 | GF64: 187887284 | GG64: 2 | GH64: 1 | GI64: -2 | GJ64: 0 | GK64: =ROUND(R64*(R12)/100,2) -> 0 | GL64: =ROUND(IF(AND(BH64=3,BI64=3,FS64<>0),P64,0),2) -> 0 | GM64: =ROUND(O64+X64+Y64+GK64,2)+GX64 -> 10201.12 | GN64: =IF(OR(BI64=0,BI64=1),ROUND(O64+X64+Y64+GK64,2),0) -> 10201.12 | GO64: =IF(BI64=2,ROUND(O64+X64+Y64+GK64,2),0) -> 0 | GP64: =IF(BI64=4,ROUND(O64+X64+Y64+GK64,2)+GX64,0) -> 0 | GR64: 0 | GS64: 3 | GT64: 0 | GV64: =ROUND(GT64,6) -> 0 | GW64: 1 | GX64: =ROUND(GV64*GW64*I64,2) -> 0 | HA64: 0 | HB64: 0 | IK64: 0
A65: 18 | B65: 1 | C65: 119 | E65: 10,3 | F65: 07.1.01.03-0001 | G65: Блок дверной стальной внутренний однопольный | H65: м2 | I65: =I59*J65 -> 5.67 | J65: 0.2539185 | O65: =ROUND(CP65,2) -> 10201.12 | P65: =ROUND(CQ65*I65,2) -> 10201.12 | Q65: =ROUND(CR65*I65,2) -> 0 | R65: =ROUND(CS65*I65,2) -> 0 | S65: =ROUND(CT65*I65,2) -> 0 | T65: =ROUND(CU65*I65,2) -> 0 | U65: =CV65*I65 -> 0 | V65: =CW65*I65 -> 0 | W65: =ROUND(CX65*I65,2) -> 0 | X65: =ROUND(CY65,2) -> 0 | Y65: =ROUND(CZ65,2) -> 0 | AA65: 27703388 | AB65: =ROUND((AC65+AD65+AF65),6) -> 1799.14 | AC65: =ROUND((ES65),6) -> 1799.14 | AD65: =ROUND((((ET65)-(EU65))+AE65),6) -> 0 | AE65: =ROUND((EU65),6) -> 0 | AF65: =ROUND((EV65),6) -> 0 | AG65: =ROUND((AP65),6) -> 0 | AH65: =(EW65) -> 0 | AI65: =(EX65) -> 0 | AJ65: =ROUND((AS65),6) -> 0 | AK65: 1799.14 | AL65: 1799.14 | AM65: 0 | AN65: 0 | AO65: 0 | AP65: 0 | AQ65: 0 | AR65: 0 | AS65: 0 | AT65: 81 | AU65: 72 | AV65: 1 | AW65: 1 | AZ65: 1 | BA65: 1 | BB65: 1 | BC65: 1 | BH65: 3 | BI65: 1 | BJ65: ФССЦ-2001, 07.1.01.03-0001, приказ Минстроя России №1039/пр от 30.12.2016г. | BM65: 9001 | BN65: 0 | BP65: 0 | BQ65: 2 | BR65: 0 | BS65: 1 | BT65: 1 | BU65: 1 | BV65: 1 | BW65: 1 | BX65: 1 | BZ65: 90 | CA65: 85 | CF65: 0 | CG65: 0 | CM65: 0 | CO65: 0 | CP65: =(P65+Q65+S65) -> 10201.12 | CQ65: =AC65*BC65 -> 1799.14 | CR65: =AD65*BB65 -> 0 | CS65: =AE65*BS65 -> 0 | CT65: =AF65*BA65 -> 0 | CU65: =AG65 -> 0 | CV65: =AH65 -> 0 | CW65: =AI65 -> 0 | CX65: =AJ65 -> 0 | CY65: =(((S65+R65)*AT65)/100) -> 0 | CZ65: =(((S65+R65)*AU65)/100) -> 0 | DN65: 0 | DO65: 0 | DP65: 1 | DQ65: 1 | DU65: 1005 | DV65: м2 | DW65: м2 | DX65: 1 | EE65: 27029022 | EF65: 2 | EG65: Общестроительные работы | EH65: 0 | EJ65: 1 | EK65: 9001 | EL65: Металлические конструкции | EM65: ФЕР-09 | EQ65: 0 | ER65: 1799.14 | ES65: 1799.14 | ET65: 0 | EU65: 0 | EV65: 0 | EW65: 0 | EX65: 0 | FQ65: 0 | FR65: =ROUND(IF(AND(BH65=3,BI65=3),P65,0),2) -> 0 | FS65: 0 | FT65: *0,9 | FU65: *0,85 | FX65: 81 | FY65: 72.25 | GD65: 0 | GF65: 187887284 | GG65: 1 | GH65: 1 | GI65: -2 | GJ65: 0 | GK65: =ROUND(R65*(S12)/100,2) -> 0 | GL65: =ROUND(IF(AND(BH65=3,BI65=3,FS65<>0),P65,0),2) -> 0 | GM65: =ROUND(O65+X65+Y65+GK65,2)+GX65 -> 10201.12 | GN65: =IF(OR(BI65=0,BI65=1),ROUND(O65+X65+Y65+GK65,2),0) -> 10201.12 | GO65: =IF(BI65=2,ROUND(O65+X65+Y65+GK65,2),0) -> 0 | GP65: =IF(BI65=4,ROUND(O65+X65+Y65+GK65,2)+GX65,0) -> 0 | GR65: 0 | GS65: 3 | GT65: 0 | GV65: =ROUND(GT65,6) -> 0 | GW65: 1 | GX65: =ROUND(GV65*GW65*I65,2) -> 0 | HA65: 0 | HB65: 0 | IK65: 0
A66: 18 | B66: 1 | C66: 108 | E66: 10,4 | F66: 07.1.01.03-0002 | G66: Блок дверной стальной наружный двупольный | H66: м2 | I66: =I58*J66 -> 16.66 | J66: 0.7460815 | O66: =ROUND(CP66,2) -> 24408.73 | P66: =ROUND(CQ66*I66,2) -> 24408.73 | Q66: =ROUND(CR66*I66,2) -> 0 | R66: =ROUND(CS66*I66,2) -> 0 | S66: =ROUND(CT66*I66,2) -> 0 | T66: =ROUND(CU66*I66,2) -> 0 | U66: =CV66*I66 -> 0 | V66: =CW66*I66 -> 0 | W66: =ROUND(CX66*I66,2) -> 0 | X66: =ROUND(CY66,2) -> 0 | Y66: =ROUND(CZ66,2) -> 0 | AA66: 27703374 | AB66: =ROUND((AC66+AD66+AF66),6) -> 1465.11 | AC66: =ROUND((ES66),6) -> 1465.11 | AD66: =ROUND((((ET66)-(EU66))+AE66),6) -> 0 | AE66: =ROUND((EU66),6) -> 0 | AF66: =ROUND((EV66),6) -> 0 | AG66: =ROUND((AP66),6) -> 0 | AH66: =(EW66) -> 0 | AI66: =(EX66) -> 0 | AJ66: =ROUND((AS66),6) -> 0 | AK66: 1465.11 | AL66: 1465.11 | AM66: 0 | AN66: 0 | AO66: 0 | AP66: 0 | AQ66: 0 | AR66: 0 | AS66: 0 | AT66: 81 | AU66: 72 | AV66: 1 | AW66: 1 | AZ66: 1 | BA66: 1 | BB66: 1 | BC66: 1 | BH66: 3 | BI66: 1 | BJ66: ФССЦ-2001, 07.1.01.03-0002, приказ Минстроя России №1039/пр от 30.12.2016г. | BM66: 9001 | BN66: 0 | BP66: 0 | BQ66: 2 | BR66: 0 | BS66: 1 | BT66: 1 | BU66: 1 | BV66: 1 | BW66: 1 | BX66: 1 | BZ66: 90 | CA66: 85 | CF66: 0 | CG66: 0 | CM66: 0 | CO66: 0 | CP66: =(P66+Q66+S66) -> 24408.73 | CQ66: =AC66*BC66 -> 1465.11 | CR66: =AD66*BB66 -> 0 | CS66: =AE66*BS66 -> 0 | CT66: =AF66*BA66 -> 0 | CU66: =AG66 -> 0 | CV66: =AH66 -> 0 | CW66: =AI66 -> 0 | CX66: =AJ66 -> 0 | CY66: =(((S66+R66)*AT66)/100) -> 0 | CZ66: =(((S66+R66)*AU66)/100) -> 0 | DN66: 0 | DO66: 0 | DP66: 1 | DQ66: 1 | DU66: 1005 | DV66: м2 | DW66: м2 | DX66: 1 | EE66: 27029022 | EF66: 2 | EG66: Общестроительные работы | EH66: 0 | EJ66: 1 | EK66: 9001 | EL66: Металлические конструкции | EM66: ФЕР-09 | EQ66: 0 | ER66: 1465.11 | ES66: 1465.11 | ET66: 0 | EU66: 0 | EV66: 0 | EW66: 0 | EX66: 0 | FQ66: 0 | FR66: =ROUND(IF(AND(BH66=3,BI66=3),P66,0),2) -> 0 | FS66: 0 | FT66: *0,9 | FU66: *0,85 | FX66: 81 | FY66: 72.25 | GD66: 0 | GF66: -271919700 | GG66: 2 | GH66: 1 | GI66: -2 | GJ66: 0 | GK66: =ROUND(R66*(R12)/100,2) -> 0 | GL66: =ROUND(IF(AND(BH66=3,BI66=3,FS66<>0),P66,0),2) -> 0 | GM66: =ROUND(O66+X66+Y66+GK66,2)+GX66 -> 24408.73 | GN66: =IF(OR(BI66=0,BI66=1),ROUND(O66+X66+Y66+GK66,2),0) -> 24408.73 | GO66: =IF(BI66=2,ROUND(O66+X66+Y66+GK66,2),0) -> 0 | GP66: =IF(BI66=4,ROUND(O66+X66+Y66+GK66,2)+GX66,0) -> 0 | GR66: 0 | GS66: 3 | GT66: 0 | GV66: =ROUND(GT66,6) -> 0 | GW66: 1 | GX66: =ROUND(GV66*GW66*I66,2) -> 0 | HA66: 0 | HB66: 0 | IK66: 0
A67: 18 | B67: 1 | C67: 120 | E67: 10,4 | F67: 07.1.01.03-0002 | G67: Блок дверной стальной наружный двупольный | H67: м2 | I67: =I59*J67 -> 16.66 | J67: 0.7460815 | O67: =ROUND(CP67,2) -> 24408.73 | P67: =ROUND(CQ67*I67,2) -> 24408.73 | Q67: =ROUND(CR67*I67,2) -> 0 | R67: =ROUND(CS67*I67,2) -> 0 | S67: =ROUND(CT67*I67,2) -> 0 | T67: =ROUND(CU67*I67,2) -> 0 | U67: =CV67*I67 -> 0 | V67: =CW67*I67 -> 0 | W67: =ROUND(CX67*I67,2) -> 0 | X67: =ROUND(CY67,2) -> 0 | Y67: =ROUND(CZ67,2) -> 0 | AA67: 27703388 | AB67: =ROUND((AC67+AD67+AF67),6) -> 1465.11 | AC67: =ROUND((ES67),6) -> 1465.11 | AD67: =ROUND((((ET67)-(EU67))+AE67),6) -> 0 | AE67: =ROUND((EU67),6) -> 0 | AF67: =ROUND((EV67),6) -> 0 | AG67: =ROUND((AP67),6) -> 0 | AH67: =(EW67) -> 0 | AI67: =(EX67) -> 0 | AJ67: =ROUND((AS67),6) -> 0 | AK67: 1465.11 | AL67: 1465.11 | AM67: 0 | AN67: 0 | AO67: 0 | AP67: 0 | AQ67: 0 | AR67: 0 | AS67: 0 | AT67: 81 | AU67: 72 | AV67: 1 | AW67: 1 | AZ67: 1 | BA67: 1 | BB67: 1 | BC67: 1 | BH67: 3 | BI67: 1 | BJ67: ФССЦ-2001, 07.1.01.03-0002, приказ Минстроя России №1039/пр от 30.12.2016г. | BM67: 9001 | BN67: 0 | BP67: 0 | BQ67: 2 | BR67: 0 | BS67: 1 | BT67: 1 | BU67: 1 | BV67: 1 | BW67: 1 | BX67: 1 | BZ67: 90 | CA67: 85 | CF67: 0 | CG67: 0 | CM67: 0 | CO67: 0 | CP67: =(P67+Q67+S67) -> 24408.73 | CQ67: =AC67*BC67 -> 1465.11 | CR67: =AD67*BB67 -> 0 | CS67: =AE67*BS67 -> 0 | CT67: =AF67*BA67 -> 0 | CU67: =AG67 -> 0 | CV67: =AH67 -> 0 | CW67: =AI67 -> 0 | CX67: =AJ67 -> 0 | CY67: =(((S67+R67)*AT67)/100) -> 0 | CZ67: =(((S67+R67)*AU67)/100) -> 0 | DN67: 0 | DO67: 0 | DP67: 1 | DQ67: 1 | DU67: 1005 | DV67: м2 | DW67: м2 | DX67: 1 | EE67: 27029022 | EF67: 2 | EG67: Общестроительные работы | EH67: 0 | EJ67: 1 | EK67: 9001 | EL67: Металлические конструкции | EM67: ФЕР-09 | EQ67: 0 | ER67: 1465.11 | ES67: 1465.11 | ET67: 0 | EU67: 0 | EV67: 0 | EW67: 0 | EX67: 0 | FQ67: 0 | FR67: =ROUND(IF(AND(BH67=3,BI67=3),P67,0),2) -> 0 | FS67: 0 | FT67: *0,9 | FU67: *0,85 | FX67: 81 | FY67: 72.25 | GD67: 0 | GF67: -271919700 | GG67: 1 | GH67: 1 | GI67: -2 | GJ67: 0 | GK67: =ROUND(R67*(S12)/100,2) -> 0 | GL67: =ROUND(IF(AND(BH67=3,BI67=3,FS67<>0),P67,0),2) -> 0 | GM67: =ROUND(O67+X67+Y67+GK67,2)+GX67 -> 24408.73 | GN67: =IF(OR(BI67=0,BI67=1),ROUND(O67+X67+Y67+GK67,2),0) -> 24408.73 | GO67: =IF(BI67=2,ROUND(O67+X67+Y67+GK67,2),0) -> 0 | GP67: =IF(BI67=4,ROUND(O67+X67+Y67+GK67,2)+GX67,0) -> 0 | GR67: 0 | GS67: 3 | GT67: 0 | GV67: =ROUND(GT67,6) -> 0 | GW67: 1 | GX67: =ROUND(GV67*GW67*I67,2) -> 0 | HA67: 0 | HB67: 0 | IK67: 0
A68: 18 | B68: 1 | C68: 103 | E68: 10,5 | F68: 01.7.04.04-0012 | G68: Замок врезной оцинкованный с цилиндровым механизмом из латуни | H68: компл. | I68: =I58*J68 -> 8 | J68: 0.35826243 | O68: =ROUND(CP68,2) -> 740.16 | P68: =ROUND(CQ68*I68,2) -> 740.16 | Q68: =ROUND(CR68*I68,2) -> 0 | R68: =ROUND(CS68*I68,2) -> 0 | S68: =ROUND(CT68*I68,2) -> 0 | T68: =ROUND(CU68*I68,2) -> 0 | U68: =CV68*I68 -> 0 | V68: =CW68*I68 -> 0 | W68: =ROUND(CX68*I68,2) -> 0 | X68: =ROUND(CY68,2) -> 0 | Y68: =ROUND(CZ68,2) -> 0 | AA68: 27703374 | AB68: =ROUND((AC68+AD68+AF68),6) -> 92.52 | AC68: =ROUND((ES68),6) -> 92.52 | AD68: =ROUND((((ET68)-(EU68))+AE68),6) -> 0 | AE68: =ROUND((EU68),6) -> 0 | AF68: =ROUND((EV68),6) -> 0 | AG68: =ROUND((AP68),6) -> 0 | AH68: =(EW68) -> 0 | AI68: =(EX68) -> 0 | AJ68: =ROUND((AS68),6) -> 0 | AK68: 92.52 | AL68: 92.52 | AM68: 0 | AN68: 0 | AO68: 0 | AP68: 0 | AQ68: 0 | AR68: 0 | AS68: 0 | AT68: 81 | AU68: 72 | AV68: 1 | AW68: 1 | AZ68: 1 | BA68: 1 | BB68: 1 | BC68: 1 | BH68: 3 | BI68: 1 | BJ68: ФССЦ-2001, 01.7.04.04-0012, приказ Минстроя России №1039/пр от 30.12.2016г. | BM68: 9001 | BN68: 0 | BP68: 0 | BQ68: 2 | BR68: 0 | BS68: 1 | BT68: 1 | BU68: 1 | BV68: 1 | BW68: 1 | BX68: 1 | BZ68: 90 | CA68: 85 | CF68: 0 | CG68: 0 | CM68: 0 | CO68: 0 | CP68: =(P68+Q68+S68) -> 740.16 | CQ68: =AC68*BC68 -> 92.52 | CR68: =AD68*BB68 -> 0 | CS68: =AE68*BS68 -> 0 | CT68: =AF68*BA68 -> 0 | CU68: =AG68 -> 0 | CV68: =AH68 -> 0 | CW68: =AI68 -> 0 | CX68: =AJ68 -> 0 | CY68: =(((S68+R68)*AT68)/100) -> 0 | CZ68: =(((S68+R68)*AU68)/100) -> 0 | DN68: 0 | DO68: 0 | DP68: 1 | DQ68: 1 | DU68: 1013 | DV68: компл. | DW68: компл. | DX68: 1 | EE68: 27029022 | EF68: 2 | EG68: Общестроительные работы | EH68: 0 | EJ68: 1 | EK68: 9001 | EL68: Металлические конструкции | EM68: ФЕР-09 | EQ68: 0 | ER68: 92.52 | ES68: 92.52 | ET68: 0 | EU68: 0 | EV68: 0 | EW68: 0 | EX68: 0 | FQ68: 0 | FR68: =ROUND(IF(AND(BH68=3,BI68=3),P68,0),2) -> 0 | FS68: 0 | FT68: *0,9 | FU68: *0,85 | FX68: 81 | FY68: 72.25 | GD68: 0 | GF68: 1610584286 | GG68: 2 | GH68: 1 | GI68: -2 | GJ68: 0 | GK68: =ROUND(R68*(R12)/100,2) -> 0 | GL68: =ROUND(IF(AND(BH68=3,BI68=3,FS68<>0),P68,0),2) -> 0 | GM68: =ROUND(O68+X68+Y68+GK68,2)+GX68 -> 740.16 | GN68: =IF(OR(BI68=0,BI68=1),ROUND(O68+X68+Y68+GK68,2),0) -> 740.16 | GO68: =IF(BI68=2,ROUND(O68+X68+Y68+GK68,2),0) -> 0 | GP68: =IF(BI68=4,ROUND(O68+X68+Y68+GK68,2)+GX68,0) -> 0 | GR68: 0 | GS68: 3 | GT68: 0 | GV68: =ROUND(GT68,6) -> 0 | GW68: 1 | GX68: =ROUND(GV68*GW68*I68,2) -> 0 | HA68: 0 | HB68: 0 | IK68: 0
A69: 18 | B69: 1 | C69: 115 | E69: 10,5 | F69: 01.7.04.04-0012 | G69: Замок врезной оцинкованный с цилиндровым механизмом из латуни | H69: компл. | I69: =I59*J69 -> 8 | J69: 0.35826243 | O69: =ROUND(CP69,2) -> 740.16 | P69: =ROUND(CQ69*I69,2) -> 740.16 | Q69: =ROUND(CR69*I69,2) -> 0 | R69: =ROUND(CS69*I69,2) -> 0 | S69: =ROUND(CT69*I69,2) -> 0 | T69: =ROUND(CU69*I69,2) -> 0 | U69: =CV69*I69 -> 0 | V69: =CW69*I69 -> 0 | W69: =ROUND(CX69*I69,2) -> 0 | X69: =ROUND(CY69,2) -> 0 | Y69: =ROUND(CZ69,2) -> 0 | AA69: 27703388 | AB69: =ROUND((AC69+AD69+AF69),6) -> 92.52 | AC69: =ROUND((ES69),6) -> 92.52 | AD69: =ROUND((((ET69)-(EU69))+AE69),6) -> 0 | AE69: =ROUND((EU69),6) -> 0 | AF69: =ROUND((EV69),6) -> 0 | AG69: =ROUND((AP69),6) -> 0 | AH69: =(EW69) -> 0 | AI69: =(EX69) -> 0 | AJ69: =ROUND((AS69),6) -> 0 | AK69: 92.52 | AL69: 92.52 | AM69: 0 | AN69: 0 | AO69: 0 | AP69: 0 | AQ69: 0 | AR69: 0 | AS69: 0 | AT69: 81 | AU69: 72 | AV69: 1 | AW69: 1 | AZ69: 1 | BA69: 1 | BB69: 1 | BC69: 1 | BH69: 3 | BI69: 1 | BJ69: ФССЦ-2001, 01.7.04.04-0012, приказ Минстроя России №1039/пр от 30.12.2016г. | BM69: 9001 | BN69: 0 | BP69: 0 | BQ69: 2 | BR69: 0 | BS69: 1 | BT69: 1 | BU69: 1 | BV69: 1 | BW69: 1 | BX69: 1 | BZ69: 90 | CA69: 85 | CF69: 0 | CG69: 0 | CM69: 0 | CO69: 0 | CP69: =(P69+Q69+S69) -> 740.16 | CQ69: =AC69*BC69 -> 92.52 | CR69: =AD69*BB69 -> 0 | CS69: =AE69*BS69 -> 0 | CT69: =AF69*BA69 -> 0 | CU69: =AG69 -> 0 | CV69: =AH69 -> 0 | CW69: =AI69 -> 0 | CX69: =AJ69 -> 0 | CY69: =(((S69+R69)*AT69)/100) -> 0 | CZ69: =(((S69+R69)*AU69)/100) -> 0 | DN69: 0 | DO69: 0 | DP69: 1 | DQ69: 1 | DU69: 1013 | DV69: компл. | DW69: компл. | DX69: 1 | EE69: 27029022 | EF69: 2 | EG69: Общестроительные работы | EH69: 0 | EJ69: 1 | EK69: 9001 | EL69: Металлические конструкции | EM69: ФЕР-09 | EQ69: 0 | ER69: 92.52 | ES69: 92.52 | ET69: 0 | EU69: 0 | EV69: 0 | EW69: 0 | EX69: 0 | FQ69: 0 | FR69: =ROUND(IF(AND(BH69=3,BI69=3),P69,0),2) -> 0 | FS69: 0 | FT69: *0,9 | FU69: *0,85 | FX69: 81 | FY69: 72.25 | GD69: 0 | GF69: 1610584286 | GG69: 1 | GH69: 1 | GI69: -2 | GJ69: 0 | GK69: =ROUND(R69*(S12)/100,2) -> 0 | GL69: =ROUND(IF(AND(BH69=3,BI69=3,FS69<>0),P69,0),2) -> 0 | GM69: =ROUND(O69+X69+Y69+GK69,2)+GX69 -> 740.16 | GN69: =IF(OR(BI69=0,BI69=1),ROUND(O69+X69+Y69+GK69,2),0) -> 740.16 | GO69: =IF(BI69=2,ROUND(O69+X69+Y69+GK69,2),0) -> 0 | GP69: =IF(BI69=4,ROUND(O69+X69+Y69+GK69,2)+GX69,0) -> 0 | GR69: 0 | GS69: 3 | GT69: 0 | GV69: =ROUND(GT69,6) -> 0 | GW69: 1 | GX69: =ROUND(GV69*GW69*I69,2) -> 0 | HA69: 0 | HB69: 0 | IK69: 0
A70: 17 | B70: 1 | C70: =ROW(SmtRes!A141) -> 141 | D70: =ROW(EtalonRes!A143) -> 143 | E70: 11 | F70: 09-06-001-02 | G70: Монтаж решеток из полосовой и тонколистовой стали | H70: т | I70: 0.19 | J70: 0 | O70: =ROUND(CP70,2) -> 183.69 | P70: =ROUND(CQ70*I70,2) -> 15.57 | Q70: =ROUND(CR70*I70,2) -> 40.33 | R70: =ROUND(CS70*I70,2) -> 1.22 | S70: =ROUND(CT70*I70,2) -> 127.79 | T70: =ROUND(CU70*I70,2) -> 0 | U70: =CV70*I70 -> 14.98178 | V70: =CW70*I70 -> 0.09939375 | W70: =ROUND(CX70*I70,2) -> 0 | X70: =ROUND(CY70,2) -> 104.5 | Y70: =ROUND(CZ70,2) -> 92.89 | AA70: 27703374 | AB70: =ROUND((AC70+AD70+AF70),6) -> 966.8526 | AC70: =ROUND((ES70),6) -> 81.96 | AD70: =ROUND((((((ET70*1.25)*1.35))-(((EU70*1.25)*1.35)))+AE70),6) -> 212.2875 | AE70: =ROUND((((EU70*1.25)*1.35)),6) -> 6.44625 | AF70: =ROUND((((EV70*1.15)*1.35)),6) -> 672.6051 | AG70: =ROUND((AP70),6) -> 0 | AH70: =(((EW70*1.15)*1.35)) -> 78.851475 | AI70: =(((EX70*1.25)*1.35)) -> 0.523125 | AJ70: =ROUND((AS70),6) -> 0 | AK70: 641 | AL70: 81.96 | AM70: 125.8 | AN70: 3.82 | AO70: 433.24 | AP70: 0 | AQ70: 50.79 | AR70: 0.31 | AS70: 0 | AT70: 81 | AU70: 72 | AV70: 1 | AW70: 1 | AZ70: 1 | BA70: 1 | BB70: 1 | BC70: 1 | BH70: 0 | BI70: 1 | BJ70: ФЕР-2001, 09-06-001-02, приказ Минстроя России №1039/пр от 30.12.2016г. | BM70: 9001 | BN70: 0 | BP70: 0 | BQ70: 2 | BR70: 0 | BS70: 1 | BT70: 1 | BU70: 1 | BV70: 1 | BW70: 1 | BX70: 1 | BZ70: 90 | CA70: 85 | CF70: 0 | CG70: 0 | CM70: 0 | CN70: Поправка: МДС 81-35.2004, п.4.7 Наименование: Работы, выполняемые при реконструкции зданий и сооружений работы, аналогичные технологическим процессам в новом строительстве (в том числе возведение новых конструктивных элементов) стоимость которых определена по соответствующим сборникам ФЕР, кроме сборника № 46 «Работы при реконструкции зданий и сооружений» Поправка: МДС 81-35.2004, прил.1, т.3, п.2 Наименование: Производство ремонтных работ в существующих зданиях и сооружениях в стесненных условиях: с наличием в зоне производства работ действующего технологического оборудования (станков, установок, кранов и т.п.) или загромождающих предметов (лабораторное оборудование, мебель и т. п.), или движения транспорта по внутрицеховым путям. | CO70: 0 | CP70: =(P70+Q70+S70) -> 183.69 | CQ70: =AC70*BC70 -> 81.96 | CR70: =AD70*BB70 -> 212.2875 | CS70: =AE70*BS70 -> 6.44625 | CT70: =AF70*BA70 -> 672.6051 | CU70: =AG70 -> 0 | CV70: =AH70 -> 78.851475 | CW70: =AI70 -> 0.523125 | CX70: =AJ70 -> 0 | CY70: =(((S70+R70)*AT70)/100) -> 104.4981 | CZ70: =(((S70+R70)*AU70)/100) -> 92.8872 | DE70: )*1,25)*1,35 | DF70: )*1,25)*1,35 | DG70: )*1,15)*1,35 | DI70: )*1,15)*1,35 | DJ70: )*1,25)*1,35 | DN70: 0 | DO70: 0 | DP70: 1 | DQ70: 1 | DU70: 1009 | DV70: т | DW70: т | DX70: 1000 | EE70: 27029022 | EF70: 2 | EG70: Общестроительные работы | EH70: 0 | EJ70: 1 | EK70: 9001 | EL70: Металлические конструкции | EM70: ФЕР-09 | EO70: Поправка: МДС 81-35.2004, п.4.7 Поправка: МДС 81-35.2004, прил.1, т.3, п.2 | EQ70: 0 | ER70: 641 | ES70: 81.96 | ET70: 125.8 | EU70: 3.82 | EV70: 433.24 | EW70: 50.79 | EX70: 0.31 | EY70: 0 | FQ70: 0 | FR70: =ROUND(IF(AND(BH70=3,BI70=3),P70,0),2) -> 0 | FS70: 0 | FT70: *0,9 | FU70: *0,85 | FX70: 81 | FY70: 72.25 | GD70: 0 | GF70: 1469956334 | GG70: 2 | GH70: 1 | GI70: -2 | GJ70: 0 | GK70: =ROUND(R70*(R12)/100,2) -> 0 | GL70: =ROUND(IF(AND(BH70=3,BI70=3,FS70<>0),P70,0),2) -> 0 | GM70: =ROUND(O70+X70+Y70+GK70,2)+GX70 -> 381.08 | GN70: =IF(OR(BI70=0,BI70=1),ROUND(O70+X70+Y70+GK70,2),0) -> 381.08 | GO70: =IF(BI70=2,ROUND(O70+X70+Y70+GK70,2),0) -> 0 | GP70: =IF(BI70=4,ROUND(O70+X70+Y70+GK70,2)+GX70,0) -> 0 | GR70: 0 | GS70: 3 | GT70: 0 | GV70: =ROUND(GT70,6) -> 0 | GW70: 1 | GX70: =ROUND(GV70*GW70*I70,2) -> 0 | HA70: 0 | HB70: 0 | IK70: 0
A71: 17 | B71: 1 | C71: =ROW(SmtRes!A160) -> 160 | D71: =ROW(EtalonRes!A162) -> 162 | E71: 11 | F71: 09-06-001-02 | G71: Монтаж решеток из полосовой и тонколистовой стали | H71: т | I71: 0.19 | J71: 0 | O71: =ROUND(CP71,2) -> 183.69 | P71: =ROUND(CQ71*I71,2) -> 15.57 | Q71: =ROUND(CR71*I71,2) -> 40.33 | R71: =ROUND(CS71*I71,2) -> 1.22 | S71: =ROUND(CT71*I71,2) -> 127.79 | T71: =ROUND(CU71*I71,2) -> 0 | U71: =CV71*I71 -> 14.98178 | V71: =CW71*I71 -> 0.09939375 | W71: =ROUND(CX71*I71,2) -> 0 | X71: =ROUND(CY71,2) -> 104.5 | Y71: =ROUND(CZ71,2) -> 92.89 | AA71: 27703388 | AB71: =ROUND((AC71+AD71+AF71),6) -> 966.8526 | AC71: =ROUND((ES71),6) -> 81.96 | AD71: =ROUND((((((ET71*1.25)*1.35))-(((EU71*1.25)*1.35)))+AE71),6) -> 212.2875 | AE71: =ROUND((((EU71*1.25)*1.35)),6) -> 6.44625 | AF71: =ROUND((((EV71*1.15)*1.35)),6) -> 672.6051 | AG71: =ROUND((AP71),6) -> 0 | AH71: =(((EW71*1.15)*1.35)) -> 78.851475 | AI71: =(((EX71*1.25)*1.35)) -> 0.523125 | AJ71: =ROUND((AS71),6) -> 0 | AK71: 641 | AL71: 81.96 | AM71: 125.8 | AN71: 3.82 | AO71: 433.24 | AP71: 0 | AQ71: 50.79 | AR71: 0.31 | AS71: 0 | AT71: 81 | AU71: 72 | AV71: 1 | AW71: 1 | AZ71: 1 | BA71: 1 | BB71: 1 | BC71: 1 | BH71: 0 | BI71: 1 | BJ71: ФЕР-2001, 09-06-001-02, приказ Минстроя России №1039/пр от 30.12.2016г. | BM71: 9001 | BN71: 0 | BP71: 0 | BQ71: 2 | BR71: 0 | BS71: 1 | BT71: 1 | BU71: 1 | BV71: 1 | BW71: 1 | BX71: 1 | BZ71: 90 | CA71: 85 | CF71: 0 | CG71: 0 | CM71: 0 | CN71: Поправка: МДС 81-35.2004, п.4.7 Наименование: Работы, выполняемые при реконструкции зданий и сооружений работы, аналогичные технологическим процессам в новом строительстве (в том числе возведение новых конструктивных элементов) стоимость которых определена по соответствующим сборникам ФЕР, кроме сборника № 46 «Работы при реконструкции зданий и сооружений» Поправка: МДС 81-35.2004, прил.1, т.3, п.2 Наименование: Производство ремонтных работ в существующих зданиях и сооружениях в стесненных условиях: с наличием в зоне производства работ действующего технологического оборудования (станков, установок, кранов и т.п.) или загромождающих предметов (лабораторное оборудование, мебель и т. п.), или движения транспорта по внутрицеховым путям. | CO71: 0 | CP71: =(P71+Q71+S71) -> 183.69 | CQ71: =AC71*BC71 -> 81.96 | CR71: =AD71*BB71 -> 212.2875 | CS71: =AE71*BS71 -> 6.44625 | CT71: =AF71*BA71 -> 672.6051 | CU71: =AG71 -> 0 | CV71: =AH71 -> 78.851475 | CW71: =AI71 -> 0.523125 | CX71: =AJ71 -> 0 | CY71: =(((S71+R71)*AT71)/100) -> 104.4981 | CZ71: =(((S71+R71)*AU71)/100) -> 92.8872 | DE71: )*1,25)*1,35 | DF71: )*1,25)*1,35 | DG71: )*1,15)*1,35 | DI71: )*1,15)*1,35 | DJ71: )*1,25)*1,35 | DN71: 0 | DO71: 0 | DP71: 1 | DQ71: 1 | DU71: 1009 | DV71: т | DW71: т | DX71: 1000 | EE71: 27029022 | EF71: 2 | EG71: Общестроительные работы | EH71: 0 | EJ71: 1 | EK71: 9001 | EL71: Металлические конструкции | EM71: ФЕР-09 | EO71: Поправка: МДС 81-35.2004, п.4.7 Поправка: МДС 81-35.2004, прил.1, т.3, п.2 | EQ71: 0 | ER71: 641 | ES71: 81.96 | ET71: 125.8 | EU71: 3.82 | EV71: 433.24 | EW71: 50.79 | EX71: 0.31 | EY71: 0 | FQ71: 0 | FR71: =ROUND(IF(AND(BH71=3,BI71=3),P71,0),2) -> 0 | FS71: 0 | FT71: *0,9 | FU71: *0,85 | FX71: 81 | FY71: 72.25 | GD71: 0 | GF71: 1469956334 | GG71: 1 | GH71: 1 | GI71: -2 | GJ71: 0 | GK71: =ROUND(R71*(S12)/100,2) -> 0 | GL71: =ROUND(IF(AND(BH71=3,BI71=3,FS71<>0),P71,0),2) -> 0 | GM71: =ROUND(O71+X71+Y71+GK71,2)+GX71 -> 381.08 | GN71: =IF(OR(BI71=0,BI71=1),ROUND(O71+X71+Y71+GK71,2),0) -> 381.08 | GO71: =IF(BI71=2,ROUND(O71+X71+Y71+GK71,2),0) -> 0 | GP71: =IF(BI71=4,ROUND(O71+X71+Y71+GK71,2)+GX71,0) -> 0 | GR71: 0 | GS71: 3 | GT71: 0 | GV71: =ROUND(GT71,6) -> 0 | GW71: 1 | GX71: =ROUND(GV71*GW71*I71,2) -> 0 | HA71: 0 | HB71: 0 | IK71: 0
A72: 18 | B72: 1 | C72: 141 | E72: 11,1 | F72: 15.2.02.03-0028 | G72: Решетка ограждения металлическая с художественной ковкой ОСА-Т15-02.3 высотой 1,6 м | H72: П.М | I72: =I70*J72 -> 2.78 | J72: 14.631579 | O72: =ROUND(CP72,2) -> 1842.33 | P72: =ROUND(CQ72*I72,2) -> 1842.33 | Q72: =ROUND(CR72*I72,2) -> 0 | R72: =ROUND(CS72*I72,2) -> 0 | S72: =ROUND(CT72*I72,2) -> 0 | T72: =ROUND(CU72*I72,2) -> 0 | U72: =CV72*I72 -> 0 | V72: =CW72*I72 -> 0 | W72: =ROUND(CX72*I72,2) -> 0 | X72: =ROUND(CY72,2) -> 0 | Y72: =ROUND(CZ72,2) -> 0 | AA72: 27703374 | AB72: =ROUND((AC72+AD72+AF72),6) -> 662.71 | AC72: =ROUND((ES72),6) -> 662.71 | AD72: =ROUND((((ET72)-(EU72))+AE72),6) -> 0 | AE72: =ROUND((EU72),6) -> 0 | AF72: =ROUND((EV72),6) -> 0 | AG72: =ROUND((AP72),6) -> 0 | AH72: =(EW72) -> 0 | AI72: =(EX72) -> 0 | AJ72: =ROUND((AS72),6) -> 0 | AK72: 662.71 | AL72: 662.71 | AM72: 0 | AN72: 0 | AO72: 0 | AP72: 0 | AQ72: 0 | AR72: 0 | AS72: 0 | AT72: 81 | AU72: 72 | AV72: 1 | AW72: 1 | AZ72: 1 | BA72: 1 | BB72: 1 | BC72: 1 | BH72: 3 | BI72: 1 | BJ72: ФССЦ-2001, 15.2.02.03-0028, приказ Минстроя России №1039/пр от 30.12.2016г. | BM72: 9001 | BN72: 0 | BP72: 0 | BQ72: 2 | BR72: 0 | BS72: 1 | BT72: 1 | BU72: 1 | BV72: 1 | BW72: 1 | BX72: 1 | BZ72: 90 | CA72: 85 | CF72: 0 | CG72: 0 | CM72: 0 | CO72: 0 | CP72: =(P72+Q72+S72) -> 1842.33 | CQ72: =AC72*BC72 -> 662.71 | CR72: =AD72*BB72 -> 0 | CS72: =AE72*BS72 -> 0 | CT72: =AF72*BA72 -> 0 | CU72: =AG72 -> 0 | CV72: =AH72 -> 0 | CW72: =AI72 -> 0 | CX72: =AJ72 -> 0 | CY72: =(((S72+R72)*AT72)/100) -> 0 | CZ72: =(((S72+R72)*AU72)/100) -> 0 | DN72: 0 | DO72: 0 | DP72: 1 | DQ72: 1 | DU72: 1013 | DV72: П.М | DW72: П.М | DX72: 1 | EE72: 27029022 | EF72: 2 | EG72: Общестроительные работы | EH72: 0 | EJ72: 1 | EK72: 9001 | EL72: Металлические конструкции | EM72: ФЕР-09 | EQ72: 0 | ER72: 662.71 | ES72: 662.71 | ET72: 0 | EU72: 0 | EV72: 0 | EW72: 0 | EX72: 0 | FQ72: 0 | FR72: =ROUND(IF(AND(BH72=3,BI72=3),P72,0),2) -> 0 | FS72: 0 | FT72: *0,9 | FU72: *0,85 | FX72: 81 | FY72: 72.25 | GD72: 0 | GF72: 961102505 | GG72: 2 | GH72: 1 | GI72: -2 | GJ72: 0 | GK72: =ROUND(R72*(R12)/100,2) -> 0 | GL72: =ROUND(IF(AND(BH72=3,BI72=3,FS72<>0),P72,0),2) -> 0 | GM72: =ROUND(O72+X72+Y72+GK72,2)+GX72 -> 1842.33 | GN72: =IF(OR(BI72=0,BI72=1),ROUND(O72+X72+Y72+GK72,2),0) -> 1842.33 | GO72: =IF(BI72=2,ROUND(O72+X72+Y72+GK72,2),0) -> 0 | GP72: =IF(BI72=4,ROUND(O72+X72+Y72+GK72,2)+GX72,0) -> 0 | GR72: 0 | GS72: 3 | GT72: 0 | GV72: =ROUND(GT72,6) -> 0 | GW72: 1 | GX72: =ROUND(GV72*GW72*I72,2) -> 0 | HA72: 0 | HB72: 0 | IK72: 0
A73: 18 | B73: 1 | C73: 160 | E73: 11,1 | F73: 15.2.02.03-0028 | G73: Решетка ограждения металлическая с художественной ковкой ОСА-Т15-02.3 высотой 1,6 м | H73: П.М | I73: =I71*J73 -> 2.78 | J73: 14.631579 | O73: =ROUND(CP73,2) -> 1842.33 | P73: =ROUND(CQ73*I73,2) -> 1842.33 | Q73: =ROUND(CR73*I73,2) -> 0 | R73: =ROUND(CS73*I73,2) -> 0 | S73: =ROUND(CT73*I73,2) -> 0 | T73: =ROUND(CU73*I73,2) -> 0 | U73: =CV73*I73 -> 0 | V73: =CW73*I73 -> 0 | W73: =ROUND(CX73*I73,2) -> 0 | X73: =ROUND(CY73,2) -> 0 | Y73: =ROUND(CZ73,2) -> 0 | AA73: 27703388 | AB73: =ROUND((AC73+AD73+AF73),6) -> 662.71 | AC73: =ROUND((ES73),6) -> 662.71 | AD73: =ROUND((((ET73)-(EU73))+AE73),6) -> 0 | AE73: =ROUND((EU73),6) -> 0 | AF73: =ROUND((EV73),6) -> 0 | AG73: =ROUND((AP73),6) -> 0 | AH73: =(EW73) -> 0 | AI73: =(EX73) -> 0 | AJ73: =ROUND((AS73),6) -> 0 | AK73: 662.71 | AL73: 662.71 | AM73: 0 | AN73: 0 | AO73: 0 | AP73: 0 | AQ73: 0 | AR73: 0 | AS73: 0 | AT73: 81 | AU73: 72 | AV73: 1 | AW73: 1 | AZ73: 1 | BA73: 1 | BB73: 1 | BC73: 1 | BH73: 3 | BI73: 1 | BJ73: ФССЦ-2001, 15.2.02.03-0028, приказ Минстроя России №1039/пр от 30.12.2016г. | BM73: 9001 | BN73: 0 | BP73: 0 | BQ73: 2 | BR73: 0 | BS73: 1 | BT73: 1 | BU73: 1 | BV73: 1 | BW73: 1 | BX73: 1 | BZ73: 90 | CA73: 85 | CF73: 0 | CG73: 0 | CM73: 0 | CO73: 0 | CP73: =(P73+Q73+S73) -> 1842.33 | CQ73: =AC73*BC73 -> 662.71 | CR73: =AD73*BB73 -> 0 | CS73: =AE73*BS73 -> 0 | CT73: =AF73*BA73 -> 0 | CU73: =AG73 -> 0 | CV73: =AH73 -> 0 | CW73: =AI73 -> 0 | CX73: =AJ73 -> 0 | CY73: =(((S73+R73)*AT73)/100) -> 0 | CZ73: =(((S73+R73)*AU73)/100) -> 0 | DN73: 0 | DO73: 0 | DP73: 1 | DQ73: 1 | DU73: 1013 | DV73: П.М | DW73: П.М | DX73: 1 | EE73: 27029022 | EF73: 2 | EG73: Общестроительные работы | EH73: 0 | EJ73: 1 | EK73: 9001 | EL73: Металлические конструкции | EM73: ФЕР-09 | EQ73: 0 | ER73: 662.71 | ES73: 662.71 | ET73: 0 | EU73: 0 | EV73: 0 | EW73: 0 | EX73: 0 | FQ73: 0 | FR73: =ROUND(IF(AND(BH73=3,BI73=3),P73,0),2) -> 0 | FS73: 0 | FT73: *0,9 | FU73: *0,85 | FX73: 81 | FY73: 72.25 | GD73: 0 | GF73: 961102505 | GG73: 1 | GH73: 1 | GI73: -2 | GJ73: 0 | GK73: =ROUND(R73*(S12)/100,2) -> 0 | GL73: =ROUND(IF(AND(BH73=3,BI73=3,FS73<>0),P73,0),2) -> 0 | GM73: =ROUND(O73+X73+Y73+GK73,2)+GX73 -> 1842.33 | GN73: =IF(OR(BI73=0,BI73=1),ROUND(O73+X73+Y73+GK73,2),0) -> 1842.33 | GO73: =IF(BI73=2,ROUND(O73+X73+Y73+GK73,2),0) -> 0 | GP73: =IF(BI73=4,ROUND(O73+X73+Y73+GK73,2)+GX73,0) -> 0 | GR73: 0 | GS73: 3 | GT73: 0 | GV73: =ROUND(GT73,6) -> 0 | GW73: 1 | GX73: =ROUND(GV73*GW73*I73,2) -> 0 | HA73: 0 | HB73: 0 | IK73: 0
A74: 17 | B74: 1 | C74: =ROW(SmtRes!A165) -> 165 | D74: =ROW(EtalonRes!A167) -> 167 | E74: 12 | F74: 09-04-012-02 | G74: Установка дверного доводчика к металлическим дверям | H74: ШТ | I74: 8 | J74: 0 | O74: =ROUND(CP74,2) -> 170.99 | P74: =ROUND(CQ74*I74,2) -> 5.76 | Q74: =ROUND(CR74*I74,2) -> 28.49 | R74: =ROUND(CS74*I74,2) -> 0 | S74: =ROUND(CT74*I74,2) -> 136.74 | T74: =ROUND(CU74*I74,2) -> 0 | U74: =CV74*I74 -> 13.7862 | V74: =CW74*I74 -> 0 | W74: =ROUND(CX74*I74,2) -> 0 | X74: =ROUND(CY74,2) -> 110.76 | Y74: =ROUND(CZ74,2) -> 98.45 | AA74: 27703374 | AB74: =ROUND((AC74+AD74+AF74),6) -> 21.37365 | AC74: =ROUND((ES74),6) -> 0.72 | AD74: =ROUND((((((ET74*1.25)*1.35))-(((EU74*1.25)*1.35)))+AE74),6) -> 3.560625 | AE74: =ROUND((((EU74*1.25)*1.35)),6) -> 0 | AF74: =ROUND((((EV74*1.15)*1.35)),6) -> 17.093025 | AG74: =ROUND((AP74),6) -> 0 | AH74: =(((EW74*1.15)*1.35)) -> 1.723275 | AI74: =(((EX74*1.25)*1.35)) -> 0 | AJ74: =ROUND((AS74),6) -> 0 | AK74: 13.84 | AL74: 0.72 | AM74: 2.11 | AN74: 0 | AO74: 11.01 | AP74: 0 | AQ74: 1.11 | AR74: 0 | AS74: 0 | AT74: 81 | AU74: 72 | AV74: 1 | AW74: 1 | AZ74: 1 | BA74: 1 | BB74: 1 | BC74: 1 | BH74: 0 | BI74: 1 | BJ74: ФЕР-2001, 09-04-012-02, приказ Минстроя России №1039/пр от 30.12.2016г. | BM74: 9001 | BN74: 0 | BP74: 0 | BQ74: 2 | BR74: 0 | BS74: 1 | BT74: 1 | BU74: 1 | BV74: 1 | BW74: 1 | BX74: 1 | BZ74: 90 | CA74: 85 | CF74: 0 | CG74: 0 | CM74: 0 | CN74: Поправка: МДС 81-35.2004, п.4.7 Наименование: Работы, выполняемые при реконструкции зданий и сооружений работы, аналогичные технологическим процессам в новом строительстве (в том числе возведение новых конструктивных элементов) стоимость которых определена по соответствующим сборникам ФЕР, кроме сборника № 46 «Работы при реконструкции зданий и сооружений» Поправка: МДС 81-35.2004, прил.1, т.3, п.2 Наименование: Производство ремонтных работ в существующих зданиях и сооружениях в стесненных условиях: с наличием в зоне производства работ действующего технологического оборудования (станков, установок, кранов и т.п.) или загромождающих предметов (лабораторное оборудование, мебель и т. п.), или движения транспорта по внутрицеховым путям. | CO74: 0 | CP74: =(P74+Q74+S74) -> 170.99 | CQ74: =AC74*BC74 -> 0.72 | CR74: =AD74*BB74 -> 3.560625 | CS74: =AE74*BS74 -> 0 | CT74: =AF74*BA74 -> 17.093025 | CU74: =AG74 -> 0 | CV74: =AH74 -> 1.723275 | CW74: =AI74 -> 0 | CX74: =AJ74 -> 0 | CY74: =(((S74+R74)*AT74)/100) -> 110.7594 | CZ74: =(((S74+R74)*AU74)/100) -> 98.4528 | DE74: )*1,25)*1,35 | DF74: )*1,25)*1,35 | DG74: )*1,15)*1,35 | DI74: )*1,15)*1,35 | DJ74: )*1,25)*1,35 | DN74: 0 | DO74: 0 | DP74: 1 | DQ74: 1 | DU74: 1013 | DV74: ШТ | DW74: ШТ | DX74: 1 | EE74: 27029022 | EF74: 2 | EG74: Общестроительные работы | EH74: 0 | EJ74: 1 | EK74: 9001 | EL74: Металлические конструкции | EM74: ФЕР-09 | EO74: Поправка: МДС 81-35.2004, п.4.7 Поправка: МДС 81-35.2004, прил.1, т.3, п.2 | EQ74: 0 | ER74: 13.84 | ES74: 0.72 | ET74: 2.11 | EU74: 0 | EV74: 11.01 | EW74: 1.11 | EX74: 0 | EY74: 0 | FQ74: 0 | FR74: =ROUND(IF(AND(BH74=3,BI74=3),P74,0),2) -> 0 | FS74: 0 | FT74: *0,9 | FU74: *0,85 | FX74: 81 | FY74: 72.25 | GD74: 0 | GF74: -418508909 | GG74: 2 | GH74: 1 | GI74: -2 | GJ74: 0 | GK74: =ROUND(R74*(R12)/100,2) -> 0 | GL74: =ROUND(IF(AND(BH74=3,BI74=3,FS74<>0),P74,0),2) -> 0 | GM74: =ROUND(O74+X74+Y74+GK74,2)+GX74 -> 380.2 | GN74: =IF(OR(BI74=0,BI74=1),ROUND(O74+X74+Y74+GK74,2),0) -> 380.2 | GO74: =IF(BI74=2,ROUND(O74+X74+Y74+GK74,2),0) -> 0 | GP74: =IF(BI74=4,ROUND(O74+X74+Y74+GK74,2)+GX74,0) -> 0 | GR74: 0 | GS74: 3 | GT74: 0 | GV74: =ROUND(GT74,6) -> 0 | GW74: 1 | GX74: =ROUND(GV74*GW74*I74,2) -> 0 | HA74: 0 | HB74: 0 | IK74: 0
A75: 17 | B75: 1 | C75: =ROW(SmtRes!A170) -> 170 | D75: =ROW(EtalonRes!A172) -> 172 | E75: 12 | F75: 09-04-012-02 | G75: Установка дверного доводчика к металлическим дверям | H75: ШТ | I75: 8 | J75: 0 | O75: =ROUND(CP75,2) -> 170.99 | P75: =ROUND(CQ75*I75,2) -> 5.76 | Q75: =ROUND(CR75*I75,2) -> 28.49 | R75: =ROUND(CS75*I75,2) -> 0 | S75: =ROUND(CT75*I75,2) -> 136.74 | T75: =ROUND(CU75*I75,2) -> 0 | U75: =CV75*I75 -> 13.7862 | V75: =CW75*I75 -> 0 | W75: =ROUND(CX75*I75,2) -> 0 | X75: =ROUND(CY75,2) -> 110.76 | Y75: =ROUND(CZ75,2) -> 98.45 | AA75: 27703388 | AB75: =ROUND((AC75+AD75+AF75),6) -> 21.37365 | AC75: =ROUND((ES75),6) -> 0.72 | AD75: =ROUND((((((ET75*1.25)*1.35))-(((EU75*1.25)*1.35)))+AE75),6) -> 3.560625 | AE75: =ROUND((((EU75*1.25)*1.35)),6) -> 0 | AF75: =ROUND((((EV75*1.15)*1.35)),6) -> 17.093025 | AG75: =ROUND((AP75),6) -> 0 | AH75: =(((EW75*1.15)*1.35)) -> 1.723275 | AI75: =(((EX75*1.25)*1.35)) -> 0 | AJ75: =ROUND((AS75),6) -> 0 | AK75: 13.84 | AL75: 0.72 | AM75: 2.11 | AN75: 0 | AO75: 11.01 | AP75: 0 | AQ75: 1.11 | AR75: 0 | AS75: 0 | AT75: 81 | AU75: 72 | AV75: 1 | AW75: 1 | AZ75: 1 | BA75: 1 | BB75: 1 | BC75: 1 | BH75: 0 | BI75: 1 | BJ75: ФЕР-2001, 09-04-012-02, приказ Минстроя России №1039/пр от 30.12.2016г. | BM75: 9001 | BN75: 0 | BP75: 0 | BQ75: 2 | BR75: 0 | BS75: 1 | BT75: 1 | BU75: 1 | BV75: 1 | BW75: 1 | BX75: 1 | BZ75: 90 | CA75: 85 | CF75: 0 | CG75: 0 | CM75: 0 | CN75: Поправка: МДС 81-35.2004, п.4.7 Наименование: Работы, выполняемые при реконструкции зданий и сооружений работы, аналогичные технологическим процессам в новом строительстве (в том числе возведение новых конструктивных элементов) стоимость которых определена по соответствующим сборникам ФЕР, кроме сборника № 46 «Работы при реконструкции зданий и сооружений» Поправка: МДС 81-35.2004, прил.1, т.3, п.2 Наименование: Производство ремонтных работ в существующих зданиях и сооружениях в стесненных условиях: с наличием в зоне производства работ действующего технологического оборудования (станков, установок, кранов и т.п.) или загромождающих предметов (лабораторное оборудование, мебель и т. п.), или движения транспорта по внутрицеховым путям. | CO75: 0 | CP75: =(P75+Q75+S75) -> 170.99 | CQ75: =AC75*BC75 -> 0.72 | CR75: =AD75*BB75 -> 3.560625 | CS75: =AE75*BS75 -> 0 | CT75: =AF75*BA75 -> 17.093025 | CU75: =AG75 -> 0 | CV75: =AH75 -> 1.723275 | CW75: =AI75 -> 0 | CX75: =AJ75 -> 0 | CY75: =(((S75+R75)*AT75)/100) -> 110.7594 | CZ75: =(((S75+R75)*AU75)/100) -> 98.4528 | DE75: )*1,25)*1,35 | DF75: )*1,25)*1,35 | DG75: )*1,15)*1,35 | DI75: )*1,15)*1,35 | DJ75: )*1,25)*1,35 | DN75: 0 | DO75: 0 | DP75: 1 | DQ75: 1 | DU75: 1013 | DV75: ШТ | DW75: ШТ | DX75: 1 | EE75: 27029022 | EF75: 2 | EG75: Общестроительные работы | EH75: 0 | EJ75: 1 | EK75: 9001 | EL75: Металлические конструкции | EM75: ФЕР-09 | EO75: Поправка: МДС 81-35.2004, п.4.7 Поправка: МДС 81-35.2004, прил.1, т.3, п.2 | EQ75: 0 | ER75: 13.84 | ES75: 0.72 | ET75: 2.11 | EU75: 0 | EV75: 11.01 | EW75: 1.11 | EX75: 0 | EY75: 0 | FQ75: 0 | FR75: =ROUND(IF(AND(BH75=3,BI75=3),P75,0),2) -> 0 | FS75: 0 | FT75: *0,9 | FU75: *0,85 | FX75: 81 | FY75: 72.25 | GD75: 0 | GF75: -418508909 | GG75: 1 | GH75: 1 | GI75: -2 | GJ75: 0 | GK75: =ROUND(R75*(S12)/100,2) -> 0 | GL75: =ROUND(IF(AND(BH75=3,BI75=3,FS75<>0),P75,0),2) -> 0 | GM75: =ROUND(O75+X75+Y75+GK75,2)+GX75 -> 380.2 | GN75: =IF(OR(BI75=0,BI75=1),ROUND(O75+X75+Y75+GK75,2),0) -> 380.2 | GO75: =IF(BI75=2,ROUND(O75+X75+Y75+GK75,2),0) -> 0 | GP75: =IF(BI75=4,ROUND(O75+X75+Y75+GK75,2)+GX75,0) -> 0 | GR75: 0 | GS75: 3 | GT75: 0 | GV75: =ROUND(GT75,6) -> 0 | GW75: 1 | GX75: =ROUND(GV75*GW75*I75,2) -> 0 | HA75: 0 | HB75: 0 | IK75: 0
A76: 18 | B76: 1 | C76: 163 | E76: 12,1 | F76: 01.7.04.01-0001 | G76: Доводчик дверной DS 73 BC "Серия Premium", усилие закрывания EN2-5 | H76: шт. | I76: =I74*J76 -> 8 | J76: 1 | O76: =ROUND(CP76,2) -> 2969.6 | P76: =ROUND(CQ76*I76,2) -> 2969.6 | Q76: =ROUND(CR76*I76,2) -> 0 | R76: =ROUND(CS76*I76,2) -> 0 | S76: =ROUND(CT76*I76,2) -> 0 | T76: =ROUND(CU76*I76,2) -> 0 | U76: =CV76*I76 -> 0 | V76: =CW76*I76 -> 0 | W76: =ROUND(CX76*I76,2) -> 0 | X76: =ROUND(CY76,2) -> 0 | Y76: =ROUND(CZ76,2) -> 0 | AA76: 27703374 | AB76: =ROUND((AC76+AD76+AF76),6) -> 371.2 | AC76: =ROUND((ES76),6) -> 371.2 | AD76: =ROUND((((ET76)-(EU76))+AE76),6) -> 0 | AE76: =ROUND((EU76),6) -> 0 | AF76: =ROUND((EV76),6) -> 0 | AG76: =ROUND((AP76),6) -> 0 | AH76: =(EW76) -> 0 | AI76: =(EX76) -> 0 | AJ76: =ROUND((AS76),6) -> 0 | AK76: 371.2 | AL76: 371.2 | AM76: 0 | AN76: 0 | AO76: 0 | AP76: 0 | AQ76: 0 | AR76: 0 | AS76: 0 | AT76: 81 | AU76: 72 | AV76: 1 | AW76: 1 | AZ76: 1 | BA76: 1 | BB76: 1 | BC76: 1 | BH76: 3 | BI76: 1 | BJ76: ФССЦ-2001, 01.7.04.01-0001, приказ Минстроя России №1039/пр от 30.12.2016г. | BM76: 9001 | BN76: 0 | BP76: 0 | BQ76: 2 | BR76: 0 | BS76: 1 | BT76: 1 | BU76: 1 | BV76: 1 | BW76: 1 | BX76: 1 | BZ76: 90 | CA76: 85 | CF76: 0 | CG76: 0 | CM76: 0 | CO76: 0 | CP76: =(P76+Q76+S76) -> 2969.6 | CQ76: =AC76*BC76 -> 371.2 | CR76: =AD76*BB76 -> 0 | CS76: =AE76*BS76 -> 0 | CT76: =AF76*BA76 -> 0 | CU76: =AG76 -> 0 | CV76: =AH76 -> 0 | CW76: =AI76 -> 0 | CX76: =AJ76 -> 0 | CY76: =(((S76+R76)*AT76)/100) -> 0 | CZ76: =(((S76+R76)*AU76)/100) -> 0 | DN76: 0 | DO76: 0 | DP76: 1 | DQ76: 1 | DU76: 1010 | DV76: шт. | DW76: шт. | DX76: 1 | EE76: 27029022 | EF76: 2 | EG76: Общестроительные работы | EH76: 0 | EJ76: 1 | EK76: 9001 | EL76: Металлические конструкции | EM76: ФЕР-09 | EQ76: 0 | ER76: 371.2 | ES76: 371.2 | ET76: 0 | EU76: 0 | EV76: 0 | EW76: 0 | EX76: 0 | FQ76: 0 | FR76: =ROUND(IF(AND(BH76=3,BI76=3),P76,0),2) -> 0 | FS76: 0 | FT76: *0,9 | FU76: *0,85 | FX76: 81 | FY76: 72.25 | GD76: 0 | GF76: -1609859063 | GG76: 2 | GH76: 1 | GI76: -2 | GJ76: 0 | GK76: =ROUND(R76*(R12)/100,2) -> 0 | GL76: =ROUND(IF(AND(BH76=3,BI76=3,FS76<>0),P76,0),2) -> 0 | GM76: =ROUND(O76+X76+Y76+GK76,2)+GX76 -> 2969.6 | GN76: =IF(OR(BI76=0,BI76=1),ROUND(O76+X76+Y76+GK76,2),0) -> 2969.6 | GO76: =IF(BI76=2,ROUND(O76+X76+Y76+GK76,2),0) -> 0 | GP76: =IF(BI76=4,ROUND(O76+X76+Y76+GK76,2)+GX76,0) -> 0 | GR76: 0 | GS76: 3 | GT76: 0 | GV76: =ROUND(GT76,6) -> 0 | GW76: 1 | GX76: =ROUND(GV76*GW76*I76,2) -> 0 | HA76: 0 | HB76: 0 | IK76: 0
A77: 18 | B77: 1 | C77: 168 | E77: 12,1 | F77: 01.7.04.01-0001 | G77: Доводчик дверной DS 73 BC "Серия Premium", усилие закрывания EN2-5 | H77: шт. | I77: =I75*J77 -> 8 | J77: 1 | O77: =ROUND(CP77,2) -> 2969.6 | P77: =ROUND(CQ77*I77,2) -> 2969.6 | Q77: =ROUND(CR77*I77,2) -> 0 | R77: =ROUND(CS77*I77,2) -> 0 | S77: =ROUND(CT77*I77,2) -> 0 | T77: =ROUND(CU77*I77,2) -> 0 | U77: =CV77*I77 -> 0 | V77: =CW77*I77 -> 0 | W77: =ROUND(CX77*I77,2) -> 0 | X77: =ROUND(CY77,2) -> 0 | Y77: =ROUND(CZ77,2) -> 0 | AA77: 27703388 | AB77: =ROUND((AC77+AD77+AF77),6) -> 371.2 | AC77: =ROUND((ES77),6) -> 371.2 | AD77: =ROUND((((ET77)-(EU77))+AE77),6) -> 0 | AE77: =ROUND((EU77),6) -> 0 | AF77: =ROUND((EV77),6) -> 0 | AG77: =ROUND((AP77),6) -> 0 | AH77: =(EW77) -> 0 | AI77: =(EX77) -> 0 | AJ77: =ROUND((AS77),6) -> 0 | AK77: 371.2 | AL77: 371.2 | AM77: 0 | AN77: 0 | AO77: 0 | AP77: 0 | AQ77: 0 | AR77: 0 | AS77: 0 | AT77: 81 | AU77: 72 | AV77: 1 | AW77: 1 | AZ77: 1 | BA77: 1 | BB77: 1 | BC77: 1 | BH77: 3 | BI77: 1 | BJ77: ФССЦ-2001, 01.7.04.01-0001, приказ Минстроя России №1039/пр от 30.12.2016г. | BM77: 9001 | BN77: 0 | BP77: 0 | BQ77: 2 | BR77: 0 | BS77: 1 | BT77: 1 | BU77: 1 | BV77: 1 | BW77: 1 | BX77: 1 | BZ77: 90 | CA77: 85 | CF77: 0 | CG77: 0 | CM77: 0 | CO77: 0 | CP77: =(P77+Q77+S77) -> 2969.6 | CQ77: =AC77*BC77 -> 371.2 | CR77: =AD77*BB77 -> 0 | CS77: =AE77*BS77 -> 0 | CT77: =AF77*BA77 -> 0 | CU77: =AG77 -> 0 | CV77: =AH77 -> 0 | CW77: =AI77 -> 0 | CX77: =AJ77 -> 0 | CY77: =(((S77+R77)*AT77)/100) -> 0 | CZ77: =(((S77+R77)*AU77)/100) -> 0 | DN77: 0 | DO77: 0 | DP77: 1 | DQ77: 1 | DU77: 1010 | DV77: шт. | DW77: шт. | DX77: 1 | EE77: 27029022 | EF77: 2 | EG77: Общестроительные работы | EH77: 0 | EJ77: 1 | EK77: 9001 | EL77: Металлические конструкции | EM77: ФЕР-09 | EQ77: 0 | ER77: 371.2 | ES77: 371.2 | ET77: 0 | EU77: 0 | EV77: 0 | EW77: 0 | EX77: 0 | FQ77: 0 | FR77: =ROUND(IF(AND(BH77=3,BI77=3),P77,0),2) -> 0 | FS77: 0 | FT77: *0,9 | FU77: *0,85 | FX77: 81 | FY77: 72.25 | GD77: 0 | GF77: -1609859063 | GG77: 1 | GH77: 1 | GI77: -2 | GJ77: 0 | GK77: =ROUND(R77*(S12)/100,2) -> 0 | GL77: =ROUND(IF(AND(BH77=3,BI77=3,FS77<>0),P77,0),2) -> 0 | GM77: =ROUND(O77+X77+Y77+GK77,2)+GX77 -> 2969.6 | GN77: =IF(OR(BI77=0,BI77=1),ROUND(O77+X77+Y77+GK77,2),0) -> 2969.6 | GO77: =IF(BI77=2,ROUND(O77+X77+Y77+GK77,2),0) -> 0 | GP77: =IF(BI77=4,ROUND(O77+X77+Y77+GK77,2)+GX77,0) -> 0 | GR77: 0 | GS77: 3 | GT77: 0 | GV77: =ROUND(GT77,6) -> 0 | GW77: 1 | GX77: =ROUND(GV77*GW77*I77,2) -> 0 | HA77: 0 | HB77: 0 | IK77: 0
A78: 17 | B78: 1 | C78: =ROW(SmtRes!A178) -> 178 | D78: =ROW(EtalonRes!A180) -> 180 | E78: 13 | F78: 61-1-11 | G78: Сплошное выравнивание внутренних поверхностей (однослойное оштукатуривание) из сухих растворных смесей толщиной до 10 мм для последующей окраски или оклейки обоями оконных и дверных откосов плоских | H78: 100 м2 | I78: =ROUND(13.37/100,9) -> 0.1337 | J78: 0 | O78: =ROUND(CP78,2) -> 117.07 | P78: =ROUND(CQ78*I78,2) -> 0.24 | Q78: =ROUND(CR78*I78,2) -> 3.66 | R78: =ROUND(CS78*I78,2) -> 2.23 | S78: =ROUND(CT78*I78,2) -> 113.17 | T78: =ROUND(CU78*I78,2) -> 0 | U78: =CV78*I78 -> 13.376685 | V78: =CW78*I78 -> 0.2060317 | W78: =ROUND(CX78*I78,2) -> 0 | X78: =ROUND(CY78,2) -> 91.17 | Y78: =ROUND(CZ78,2) -> 57.7 | AA78: 27703374 | AB78: =ROUND((AC78+AD78+AF78),6) -> 875.626 | AC78: =ROUND((ES78),6) -> 1.81 | AD78: =ROUND(((((ET78*1.15))-((EU78*1.15)))+AE78),6) -> 27.393 | AE78: =ROUND(((EU78*1.15)),6) -> 16.6865 | AF78: =ROUND(((EV78*1.15)),6) -> 846.423 | AG78: =ROUND((AP78),6) -> 0 | AH78: =((EW78*1.15)) -> 100.05 | AI78: =((EX78*1.15)) -> 1.541 | AJ78: =ROUND((AS78),6) -> 0 | AK78: 761.65 | AL78: 1.81 | AM78: 23.82 | AN78: 14.51 | AO78: 736.02 | AP78: 0 | AQ78: 87 | AR78: 1.34 | AS78: 0 | AT78: 79 | AU78: 50 | AV78: 1 | AW78: 1 | AZ78: 1 | BA78: 1 | BB78: 1 | BC78: 1 | BH78: 0 | BI78: 1 | BJ78: ФЕРр-2001, 61-1-11, приказ Минстроя России №1039/пр от 30.12.2016г. | BM78: 61001 | BN78: 0 | BP78: 0 | BQ78: 6 | BR78: 0 | BS78: 1 | BT78: 1 | BU78: 1 | BV78: 1 | BW78: 1 | BX78: 1 | BZ78: 79 | CA78: 50 | CF78: 0 | CG78: 0 | CM78: 0 | CN78: Поправка: МДС 81-36.2004, прил.3, п.3р Наименование: Производство строительных и других работ в существующих зданиях и сооружениях в стесненных условиях: с наличием в зоне производства работ действующего технологического оборудования (станков, установок, кранов и т.п.) или загромождающих предметов (лабораторное оборудование, мебель и т. п.), или движения транспорта по внутрицеховым путям | CO78: 0 | CP78: =(P78+Q78+S78) -> 117.07 | CQ78: =AC78*BC78 -> 1.81 | CR78: =AD78*BB78 -> 27.393 | CS78: =AE78*BS78 -> 16.6865 | CT78: =AF78*BA78 -> 846.423 | CU78: =AG78 -> 0 | CV78: =AH78 -> 100.05 | CW78: =AI78 -> 1.541 | CX78: =AJ78 -> 0 | CY78: =(((S78+R78)*AT78)/100) -> 91.166 | CZ78: =(((S78+R78)*AU78)/100) -> 57.7 | DE78: )*1,15 | DF78: )*1,15 | DG78: )*1,15 | DI78: )*1,15 | DJ78: )*1,15 | DN78: 0 | DO78: 0 | DP78: 1 | DQ78: 1 | DU78: 1005 | DV78: 100 м2 | DW78: 100 м2 | DX78: 100 | EE78: 27029106 | EF78: 6 | EG78: Ремонтно-строительные работы | EH78: 0 | EJ78: 1 | EK78: 61001 | EL78: Штукатрурные работы | EM78: рФЕР-61 | EO78: Поправка: МДС 81-36.2004, прил.3, п.3р | EQ78: 0 | ER78: 761.65 | ES78: 1.81 | ET78: 23.82 | EU78: 14.51 | EV78: 736.02 | EW78: 87 | EX78: 1.34 | EY78: 0 | FQ78: 0 | FR78: =ROUND(IF(AND(BH78=3,BI78=3),P78,0),2) -> 0 | FS78: 0 | FX78: 79 | FY78: 50 | GD78: 0 | GF78: 601302876 | GG78: 2 | GH78: 1 | GI78: -2 | GJ78: 0 | GK78: =ROUND(R78*(R12)/100,2) -> 0 | GL78: =ROUND(IF(AND(BH78=3,BI78=3,FS78<>0),P78,0),2) -> 0 | GM78: =ROUND(O78+X78+Y78+GK78,2)+GX78 -> 265.94 | GN78: =IF(OR(BI78=0,BI78=1),ROUND(O78+X78+Y78+GK78,2),0) -> 265.94 | GO78: =IF(BI78=2,ROUND(O78+X78+Y78+GK78,2),0) -> 0 | GP78: =IF(BI78=4,ROUND(O78+X78+Y78+GK78,2)+GX78,0) -> 0 | GR78: 0 | GS78: 3 | GT78: 0 | GV78: =ROUND(GT78,6) -> 0 | GW78: 1 | GX78: =ROUND(GV78*GW78*I78,2) -> 0 | HA78: 0 | HB78: 0 | IK78: 0
A79: 17 | B79: 1 | C79: =ROW(SmtRes!A186) -> 186 | D79: =ROW(EtalonRes!A188) -> 188 | E79: 13 | F79: 61-1-11 | G79: Сплошное выравнивание внутренних поверхностей (однослойное оштукатуривание) из сухих растворных смесей толщиной до 10 мм для последующей окраски или оклейки обоями оконных и дверных откосов плоских | H79: 100 м2 | I79: =ROUND(13.37/100,9) -> 0.1337 | J79: 0 | O79: =ROUND(CP79,2) -> 117.07 | P79: =ROUND(CQ79*I79,2) -> 0.24 | Q79: =ROUND(CR79*I79,2) -> 3.66 | R79: =ROUND(CS79*I79,2) -> 2.23 | S79: =ROUND(CT79*I79,2) -> 113.17 | T79: =ROUND(CU79*I79,2) -> 0 | U79: =CV79*I79 -> 13.376685 | V79: =CW79*I79 -> 0.2060317 | W79: =ROUND(CX79*I79,2) -> 0 | X79: =ROUND(CY79,2) -> 91.17 | Y79: =ROUND(CZ79,2) -> 57.7 | AA79: 27703388 | AB79: =ROUND((AC79+AD79+AF79),6) -> 875.626 | AC79: =ROUND((ES79),6) -> 1.81 | AD79: =ROUND(((((ET79*1.15))-((EU79*1.15)))+AE79),6) -> 27.393 | AE79: =ROUND(((EU79*1.15)),6) -> 16.6865 | AF79: =ROUND(((EV79*1.15)),6) -> 846.423 | AG79: =ROUND((AP79),6) -> 0 | AH79: =((EW79*1.15)) -> 100.05 | AI79: =((EX79*1.15)) -> 1.541 | AJ79: =ROUND((AS79),6) -> 0 | AK79: 761.65 | AL79: 1.81 | AM79: 23.82 | AN79: 14.51 | AO79: 736.02 | AP79: 0 | AQ79: 87 | AR79: 1.34 | AS79: 0 | AT79: 79 | AU79: 50 | AV79: 1 | AW79: 1 | AZ79: 1 | BA79: 1 | BB79: 1 | BC79: 1 | BH79: 0 | BI79: 1 | BJ79: ФЕРр-2001, 61-1-11, приказ Минстроя России №1039/пр от 30.12.2016г. | BM79: 61001 | BN79: 0 | BP79: 0 | BQ79: 6 | BR79: 0 | BS79: 1 | BT79: 1 | BU79: 1 | BV79: 1 | BW79: 1 | BX79: 1 | BZ79: 79 | CA79: 50 | CF79: 0 | CG79: 0 | CM79: 0 | CN79: Поправка: МДС 81-36.2004, прил.3, п.3р Наименование: Производство строительных и других работ в существующих зданиях и сооружениях в стесненных условиях: с наличием в зоне производства работ действующего технологического оборудования (станков, установок, кранов и т.п.) или загромождающих предметов (лабораторное оборудование, мебель и т. п.), или движения транспорта по внутрицеховым путям | CO79: 0 | CP79: =(P79+Q79+S79) -> 117.07 | CQ79: =AC79*BC79 -> 1.81 | CR79: =AD79*BB79 -> 27.393 | CS79: =AE79*BS79 -> 16.6865 | CT79: =AF79*BA79 -> 846.423 | CU79: =AG79 -> 0 | CV79: =AH79 -> 100.05 | CW79: =AI79 -> 1.541 | CX79: =AJ79 -> 0 | CY79: =(((S79+R79)*AT79)/100) -> 91.166 | CZ79: =(((S79+R79)*AU79)/100) -> 57.7 | DE79: )*1,15 | DF79: )*1,15 | DG79: )*1,15 | DI79: )*1,15 | DJ79: )*1,15 | DN79: 0 | DO79: 0 | DP79: 1 | DQ79: 1 | DU79: 1005 | DV79: 100 м2 | DW79: 100 м2 | DX79: 100 | EE79: 27029106 | EF79: 6 | EG79: Ремонтно-строительные работы | EH79: 0 | EJ79: 1 | EK79: 61001 | EL79: Штукатрурные работы | EM79: рФЕР-61 | EO79: Поправка: МДС 81-36.2004, прил.3, п.3р | EQ79: 0 | ER79: 761.65 | ES79: 1.81 | ET79: 23.82 | EU79: 14.51 | EV79: 736.02 | EW79: 87 | EX79: 1.34 | EY79: 0 | FQ79: 0 | FR79: =ROUND(IF(AND(BH79=3,BI79=3),P79,0),2) -> 0 | FS79: 0 | FX79: 79 | FY79: 50 | GD79: 0 | GF79: 601302876 | GG79: 1 | GH79: 1 | GI79: -2 | GJ79: 0 | GK79: =ROUND(R79*(S12)/100,2) -> 0 | GL79: =ROUND(IF(AND(BH79=3,BI79=3,FS79<>0),P79,0),2) -> 0 | GM79: =ROUND(O79+X79+Y79+GK79,2)+GX79 -> 265.94 | GN79: =IF(OR(BI79=0,BI79=1),ROUND(O79+X79+Y79+GK79,2),0) -> 265.94 | GO79: =IF(BI79=2,ROUND(O79+X79+Y79+GK79,2),0) -> 0 | GP79: =IF(BI79=4,ROUND(O79+X79+Y79+GK79,2)+GX79,0) -> 0 | GR79: 0 | GS79: 3 | GT79: 0 | GV79: =ROUND(GT79,6) -> 0 | GW79: 1 | GX79: =ROUND(GV79*GW79*I79,2) -> 0 | HA79: 0 | HB79: 0 | IK79: 0
A80: 18 | B80: 1 | C80: 177 | E80: 13,1 | F80: 04.3.02.05-0002 | G80: Смесь штукатурная «Ротбанд», КНАУФ | H80: кг | I80: =I78*J80 -> 165.1195 | J80: 1235 | O80: =ROUND(CP80,2) -> 341.8 | P80: =ROUND(CQ80*I80,2) -> 341.8 | Q80: =ROUND(CR80*I80,2) -> 0 | R80: =ROUND(CS80*I80,2) -> 0 | S80: =ROUND(CT80*I80,2) -> 0 | T80: =ROUND(CU80*I80,2) -> 0 | U80: =CV80*I80 -> 0 | V80: =CW80*I80 -> 0 | W80: =ROUND(CX80*I80,2) -> 0 | X80: =ROUND(CY80,2) -> 0 | Y80: =ROUND(CZ80,2) -> 0 | AA80: 27703374 | AB80: =ROUND((AC80+AD80+AF80),6) -> 2.07 | AC80: =ROUND((ES80),6) -> 2.07 | AD80: =ROUND((((ET80)-(EU80))+AE80),6) -> 0 | AE80: =ROUND((EU80),6) -> 0 | AF80: =ROUND((EV80),6) -> 0 | AG80: =ROUND((AP80),6) -> 0 | AH80: =(EW80) -> 0 | AI80: =(EX80) -> 0 | AJ80: =ROUND((AS80),6) -> 0 | AK80: 2.07 | AL80: 2.07 | AM80: 0 | AN80: 0 | AO80: 0 | AP80: 0 | AQ80: 0 | AR80: 0 | AS80: 0 | AT80: 79 | AU80: 50 | AV80: 1 | AW80: 1 | AZ80: 1 | BA80: 1 | BB80: 1 | BC80: 1 | BH80: 3 | BI80: 1 | BJ80: ФССЦ-2001, 04.3.02.05-0002, приказ Минстроя России №1039/пр от 30.12.2016г. | BM80: 61001 | BN80: 0 | BP80: 0 | BQ80: 6 | BR80: 0 | BS80: 1 | BT80: 1 | BU80: 1 | BV80: 1 | BW80: 1 | BX80: 1 | BZ80: 79 | CA80: 50 | CF80: 0 | CG80: 0 | CM80: 0 | CO80: 0 | CP80: =(P80+Q80+S80) -> 341.8 | CQ80: =AC80*BC80 -> 2.07 | CR80: =AD80*BB80 -> 0 | CS80: =AE80*BS80 -> 0 | CT80: =AF80*BA80 -> 0 | CU80: =AG80 -> 0 | CV80: =AH80 -> 0 | CW80: =AI80 -> 0 | CX80: =AJ80 -> 0 | CY80: =(((S80+R80)*AT80)/100) -> 0 | CZ80: =(((S80+R80)*AU80)/100) -> 0 | DN80: 0 | DO80: 0 | DP80: 1 | DQ80: 1 | DU80: 1009 | DV80: кг | DW80: кг | DX80: 1 | EE80: 27029106 | EF80: 6 | EG80: Ремонтно-строительные работы | EH80: 0 | EJ80: 1 | EK80: 61001 | EL80: Штукатрурные работы | EM80: рФЕР-61 | EQ80: 0 | ER80: 2.07 | ES80: 2.07 | ET80: 0 | EU80: 0 | EV80: 0 | EW80: 0 | EX80: 0 | FQ80: 0 | FR80: =ROUND(IF(AND(BH80=3,BI80=3),P80,0),2) -> 0 | FS80: 0 | FX80: 79 | FY80: 50 | GD80: 0 | GF80: -119095564 | GG80: 2 | GH80: 1 | GI80: -2 | GJ80: 0 | GK80: =ROUND(R80*(R12)/100,2) -> 0 | GL80: =ROUND(IF(AND(BH80=3,BI80=3,FS80<>0),P80,0),2) -> 0 | GM80: =ROUND(O80+X80+Y80+GK80,2)+GX80 -> 341.8 | GN80: =IF(OR(BI80=0,BI80=1),ROUND(O80+X80+Y80+GK80,2),0) -> 341.8 | GO80: =IF(BI80=2,ROUND(O80+X80+Y80+GK80,2),0) -> 0 | GP80: =IF(BI80=4,ROUND(O80+X80+Y80+GK80,2)+GX80,0) -> 0 | GR80: 0 | GS80: 3 | GT80: 0 | GV80: =ROUND(GT80,6) -> 0 | GW80: 1 | GX80: =ROUND(GV80*GW80*I80,2) -> 0 | HA80: 0 | HB80: 0 | IK80: 0
A81: 18 | B81: 1 | C81: 185 | E81: 13,1 | F81: 04.3.02.05-0002 | G81: Смесь штукатурная «Ротбанд», КНАУФ | H81: кг | I81: =I79*J81 -> 165.1195 | J81: 1235 | O81: =ROUND(CP81,2) -> 341.8 | P81: =ROUND(CQ81*I81,2) -> 341.8 | Q81: =ROUND(CR81*I81,2) -> 0 | R81: =ROUND(CS81*I81,2) -> 0 | S81: =ROUND(CT81*I81,2) -> 0 | T81: =ROUND(CU81*I81,2) -> 0 | U81: =CV81*I81 -> 0 | V81: =CW81*I81 -> 0 | W81: =ROUND(CX81*I81,2) -> 0 | X81: =ROUND(CY81,2) -> 0 | Y81: =ROUND(CZ81,2) -> 0 | AA81: 27703388 | AB81: =ROUND((AC81+AD81+AF81),6) -> 2.07 | AC81: =ROUND((ES81),6) -> 2.07 | AD81: =ROUND((((ET81)-(EU81))+AE81),6) -> 0 | AE81: =ROUND((EU81),6) -> 0 | AF81: =ROUND((EV81),6) -> 0 | AG81: =ROUND((AP81),6) -> 0 | AH81: =(EW81) -> 0 | AI81: =(EX81) -> 0 | AJ81: =ROUND((AS81),6) -> 0 | AK81: 2.07 | AL81: 2.07 | AM81: 0 | AN81: 0 | AO81: 0 | AP81: 0 | AQ81: 0 | AR81: 0 | AS81: 0 | AT81: 79 | AU81: 50 | AV81: 1 | AW81: 1 | AZ81: 1 | BA81: 1 | BB81: 1 | BC81: 1 | BH81: 3 | BI81: 1 | BJ81: ФССЦ-2001, 04.3.02.05-0002, приказ Минстроя России №1039/пр от 30.12.2016г. | BM81: 61001 | BN81: 0 | BP81: 0 | BQ81: 6 | BR81: 0 | BS81: 1 | BT81: 1 | BU81: 1 | BV81: 1 | BW81: 1 | BX81: 1 | BZ81: 79 | CA81: 50 | CF81: 0 | CG81: 0 | CM81: 0 | CO81: 0 | CP81: =(P81+Q81+S81) -> 341.8 | CQ81: =AC81*BC81 -> 2.07 | CR81: =AD81*BB81 -> 0 | CS81: =AE81*BS81 -> 0 | CT81: =AF81*BA81 -> 0 | CU81: =AG81 -> 0 | CV81: =AH81 -> 0 | CW81: =AI81 -> 0 | CX81: =AJ81 -> 0 | CY81: =(((S81+R81)*AT81)/100) -> 0 | CZ81: =(((S81+R81)*AU81)/100) -> 0 | DN81: 0 | DO81: 0 | DP81: 1 | DQ81: 1 | DU81: 1009 | DV81: кг | DW81: кг | DX81: 1 | EE81: 27029106 | EF81: 6 | EG81: Ремонтно-строительные работы | EH81: 0 | EJ81: 1 | EK81: 61001 | EL81: Штукатрурные работы | EM81: рФЕР-61 | EQ81: 0 | ER81: 2.07 | ES81: 2.07 | ET81: 0 | EU81: 0 | EV81: 0 | EW81: 0 | EX81: 0 | FQ81: 0 | FR81: =ROUND(IF(AND(BH81=3,BI81=3),P81,0),2) -> 0 | FS81: 0 | FX81: 79 | FY81: 50 | GD81: 0 | GF81: -119095564 | GG81: 1 | GH81: 1 | GI81: -2 | GJ81: 0 | GK81: =ROUND(R81*(S12)/100,2) -> 0 | GL81: =ROUND(IF(AND(BH81=3,BI81=3,FS81<>0),P81,0),2) -> 0 | GM81: =ROUND(O81+X81+Y81+GK81,2)+GX81 -> 341.8 | GN81: =IF(OR(BI81=0,BI81=1),ROUND(O81+X81+Y81+GK81,2),0) -> 341.8 | GO81: =IF(BI81=2,ROUND(O81+X81+Y81+GK81,2),0) -> 0 | GP81: =IF(BI81=4,ROUND(O81+X81+Y81+GK81,2)+GX81,0) -> 0 | GR81: 0 | GS81: 3 | GT81: 0 | GV81: =ROUND(GT81,6) -> 0 | GW81: 1 | GX81: =ROUND(GV81*GW81*I81,2) -> 0 | HA81: 0 | HB81: 0 | IK81: 0
A82: 18 | B82: 1 | C82: 178 | E82: 13,2 | F82: 14.3.01.01-0001 | G82: Грунтовка: «Бетоконтакт», КНАУФ | H82: кг | I82: =I78*J82 -> 1.7381 | J82: 13 | O82: =ROUND(CP82,2) -> 26.23 | P82: =ROUND(CQ82*I82,2) -> 26.23 | Q82: =ROUND(CR82*I82,2) -> 0 | R82: =ROUND(CS82*I82,2) -> 0 | S82: =ROUND(CT82*I82,2) -> 0 | T82: =ROUND(CU82*I82,2) -> 0 | U82: =CV82*I82 -> 0 | V82: =CW82*I82 -> 0 | W82: =ROUND(CX82*I82,2) -> 0 | X82: =ROUND(CY82,2) -> 0 | Y82: =ROUND(CZ82,2) -> 0 | AA82: 27703374 | AB82: =ROUND((AC82+AD82+AF82),6) -> 15.09 | AC82: =ROUND((ES82),6) -> 15.09 | AD82: =ROUND((((ET82)-(EU82))+AE82),6) -> 0 | AE82: =ROUND((EU82),6) -> 0 | AF82: =ROUND((EV82),6) -> 0 | AG82: =ROUND((AP82),6) -> 0 | AH82: =(EW82) -> 0 | AI82: =(EX82) -> 0 | AJ82: =ROUND((AS82),6) -> 0 | AK82: 15.09 | AL82: 15.09 | AM82: 0 | AN82: 0 | AO82: 0 | AP82: 0 | AQ82: 0 | AR82: 0 | AS82: 0 | AT82: 79 | AU82: 50 | AV82: 1 | AW82: 1 | AZ82: 1 | BA82: 1 | BB82: 1 | BC82: 1 | BH82: 3 | BI82: 1 | BJ82: ФССЦ-2001, 14.3.01.01-0001, приказ Минстроя России №1039/пр от 30.12.2016г. | BM82: 61001 | BN82: 0 | BP82: 0 | BQ82: 6 | BR82: 0 | BS82: 1 | BT82: 1 | BU82: 1 | BV82: 1 | BW82: 1 | BX82: 1 | BZ82: 79 | CA82: 50 | CF82: 0 | CG82: 0 | CM82: 0 | CO82: 0 | CP82: =(P82+Q82+S82) -> 26.23 | CQ82: =AC82*BC82 -> 15.09 | CR82: =AD82*BB82 -> 0 | CS82: =AE82*BS82 -> 0 | CT82: =AF82*BA82 -> 0 | CU82: =AG82 -> 0 | CV82: =AH82 -> 0 | CW82: =AI82 -> 0 | CX82: =AJ82 -> 0 | CY82: =(((S82+R82)*AT82)/100) -> 0 | CZ82: =(((S82+R82)*AU82)/100) -> 0 | DN82: 0 | DO82: 0 | DP82: 1 | DQ82: 1 | DU82: 1009 | DV82: кг | DW82: кг | DX82: 1 | EE82: 27029106 | EF82: 6 | EG82: Ремонтно-строительные работы | EH82: 0 | EJ82: 1 | EK82: 61001 | EL82: Штукатрурные работы | EM82: рФЕР-61 | EQ82: 0 | ER82: 15.09 | ES82: 15.09 | ET82: 0 | EU82: 0 | EV82: 0 | EW82: 0 | EX82: 0 | FQ82: 0 | FR82: =ROUND(IF(AND(BH82=3,BI82=3),P82,0),2) -> 0 | FS82: 0 | FX82: 79 | FY82: 50 | GD82: 0 | GF82: 270253964 | GG82: 2 | GH82: 1 | GI82: -2 | GJ82: 0 | GK82: =ROUND(R82*(R12)/100,2) -> 0 | GL82: =ROUND(IF(AND(BH82=3,BI82=3,FS82<>0),P82,0),2) -> 0 | GM82: =ROUND(O82+X82+Y82+GK82,2)+GX82 -> 26.23 | GN82: =IF(OR(BI82=0,BI82=1),ROUND(O82+X82+Y82+GK82,2),0) -> 26.23 | GO82: =IF(BI82=2,ROUND(O82+X82+Y82+GK82,2),0) -> 0 | GP82: =IF(BI82=4,ROUND(O82+X82+Y82+GK82,2)+GX82,0) -> 0 | GR82: 0 | GS82: 3 | GT82: 0 | GV82: =ROUND(GT82,6) -> 0 | GW82: 1 | GX82: =ROUND(GV82*GW82*I82,2) -> 0 | HA82: 0 | HB82: 0 | IK82: 0
A83: 18 | B83: 1 | C83: 186 | E83: 13,2 | F83: 14.3.01.01-0001 | G83: Грунтовка: «Бетоконтакт», КНАУФ | H83: кг | I83: =I79*J83 -> 1.7381 | J83: 13 | O83: =ROUND(CP83,2) -> 26.23 | P83: =ROUND(CQ83*I83,2) -> 26.23 | Q83: =ROUND(CR83*I83,2) -> 0 | R83: =ROUND(CS83*I83,2) -> 0 | S83: =ROUND(CT83*I83,2) -> 0 | T83: =ROUND(CU83*I83,2) -> 0 | U83: =CV83*I83 -> 0 | V83: =CW83*I83 -> 0 | W83: =ROUND(CX83*I83,2) -> 0 | X83: =ROUND(CY83,2) -> 0 | Y83: =ROUND(CZ83,2) -> 0 | AA83: 27703388 | AB83: =ROUND((AC83+AD83+AF83),6) -> 15.09 | AC83: =ROUND((ES83),6) -> 15.09 | AD83: =ROUND((((ET83)-(EU83))+AE83),6) -> 0 | AE83: =ROUND((EU83),6) -> 0 | AF83: =ROUND((EV83),6) -> 0 | AG83: =ROUND((AP83),6) -> 0 | AH83: =(EW83) -> 0 | AI83: =(EX83) -> 0 | AJ83: =ROUND((AS83),6) -> 0 | AK83: 15.09 | AL83: 15.09 | AM83: 0 | AN83: 0 | AO83: 0 | AP83: 0 | AQ83: 0 | AR83: 0 | AS83: 0 | AT83: 79 | AU83: 50 | AV83: 1 | AW83: 1 | AZ83: 1 | BA83: 1 | BB83: 1 | BC83: 1 | BH83: 3 | BI83: 1 | BJ83: ФССЦ-2001, 14.3.01.01-0001, приказ Минстроя России №1039/пр от 30.12.2016г. | BM83: 61001 | BN83: 0 | BP83: 0 | BQ83: 6 | BR83: 0 | BS83: 1 | BT83: 1 | BU83: 1 | BV83: 1 | BW83: 1 | BX83: 1 | BZ83: 79 | CA83: 50 | CF83: 0 | CG83: 0 | CM83: 0 | CO83: 0 | CP83: =(P83+Q83+S83) -> 26.23 | CQ83: =AC83*BC83 -> 15.09 | CR83: =AD83*BB83 -> 0 | CS83: =AE83*BS83 -> 0 | CT83: =AF83*BA83 -> 0 | CU83: =AG83 -> 0 | CV83: =AH83 -> 0 | CW83: =AI83 -> 0 | CX83: =AJ83 -> 0 | CY83: =(((S83+R83)*AT83)/100) -> 0 | CZ83: =(((S83+R83)*AU83)/100) -> 0 | DN83: 0 | DO83: 0 | DP83: 1 | DQ83: 1 | DU83: 1009 | DV83: кг | DW83: кг | DX83: 1 | EE83: 27029106 | EF83: 6 | EG83: Ремонтно-строительные работы | EH83: 0 | EJ83: 1 | EK83: 61001 | EL83: Штукатрурные работы | EM83: рФЕР-61 | EQ83: 0 | ER83: 15.09 | ES83: 15.09 | ET83: 0 | EU83: 0 | EV83: 0 | EW83: 0 | EX83: 0 | FQ83: 0 | FR83: =ROUND(IF(AND(BH83=3,BI83=3),P83,0),2) -> 0 | FS83: 0 | FX83: 79 | FY83: 50 | GD83: 0 | GF83: 270253964 | GG83: 1 | GH83: 1 | GI83: -2 | GJ83: 0 | GK83: =ROUND(R83*(S12)/100,2) -> 0 | GL83: =ROUND(IF(AND(BH83=3,BI83=3,FS83<>0),P83,0),2) -> 0 | GM83: =ROUND(O83+X83+Y83+GK83,2)+GX83 -> 26.23 | GN83: =IF(OR(BI83=0,BI83=1),ROUND(O83+X83+Y83+GK83,2),0) -> 26.23 | GO83: =IF(BI83=2,ROUND(O83+X83+Y83+GK83,2),0) -> 0 | GP83: =IF(BI83=4,ROUND(O83+X83+Y83+GK83,2)+GX83,0) -> 0 | GR83: 0 | GS83: 3 | GT83: 0 | GV83: =ROUND(GT83,6) -> 0 | GW83: 1 | GX83: =ROUND(GV83*GW83*I83,2) -> 0 | HA83: 0 | HB83: 0 | IK83: 0
A84: 17 | B84: 1 | C84: =ROW(SmtRes!A194) -> 194 | D84: =ROW(EtalonRes!A196) -> 196 | E84: 14 | F84: 15-07-003-02 | G84: Грунтование водно-дисперсионной грунтовкой "Нортекс-Грунт" поверхностей пористых (камень, кирпич, бетон и т д) | H84: 100 м2 | I84: =ROUND(44.57/100,9) -> 0.4457 | J84: 0 | O84: =ROUND(CP84,2) -> 134.71 | P84: =ROUND(CQ84*I84,2) -> 94.62 | Q84: =ROUND(CR84*I84,2) -> 16.65 | R84: =ROUND(CS84*I84,2) -> 0.44 | S84: =ROUND(CT84*I84,2) -> 23.44 | T84: =ROUND(CU84*I84,2) -> 0 | U84: =CV84*I84 -> 2.5532927 | V84: =CW84*I84 -> 0.037605937 | W84: =ROUND(CX84*I84,2) -> 0 | X84: =ROUND(CY84,2) -> 22.69 | Y84: =ROUND(CZ84,2) -> 11.22 | AA84: 27703374 | AB84: =ROUND((AC84+AD84+AF84),6) -> 302.23442 | AC84: =ROUND((ES84),6) -> 212.29 | AD84: =ROUND((((((ET84*1.25)*1.35))-(((EU84*1.25)*1.35)))+AE84),6) -> 37.36125 | AE84: =ROUND((((EU84*1.25)*1.35)),6) -> 0.97875 | AF84: =ROUND((((EV84*1.15)*1.35)),6) -> 52.583175 | AG84: =ROUND((AP84),6) -> 0 | AH84: =(((EW84*1.15)*1.35)) -> 5.728725 | AI84: =(((EX84*1.25)*1.35)) -> 0.084375 | AJ84: =ROUND((AS84),6) -> 0 | AK84: 268.3 | AL84: 212.29 | AM84: 22.14 | AN84: 0.58 | AO84: 33.87 | AP84: 0 | AQ84: 3.69 | AR84: 0.05 | AS84: 0 | AT84: 95 | AU84: 47 | AV84: 1 | AW84: 1 | AZ84: 1 | BA84: 1 | BB84: 1 | BC84: 1 | BH84: 0 | BI84: 1 | BJ84: ФЕР-2001, 15-07-003-02, приказ Минстроя России №1039/пр от 30.12.2016г. | BM84: 15001 | BN84: 0 | BP84: 0 | BQ84: 2 | BR84: 0 | BS84: 1 | BT84: 1 | BU84: 1 | BV84: 1 | BW84: 1 | BX84: 1 | BZ84: 105 | CA84: 55 | CF84: 0 | CG84: 0 | CM84: 0 | CN84: Поправка: МДС 81-35.2004, п.4.7 Наименование: Работы, выполняемые при реконструкции зданий и сооружений работы, аналогичные технологическим процессам в новом строительстве (в том числе возведение новых конструктивных элементов) стоимость которых определена по соответствующим сборникам ФЕР, кроме сборника № 46 «Работы при реконструкции зданий и сооружений» Поправка: МДС 81-35.2004, прил.1, т.3, п.2 Наименование: Производство ремонтных работ в существующих зданиях и сооружениях в стесненных условиях: с наличием в зоне производства работ действующего технологического оборудования (станков, установок, кранов и т.п.) или загромождающих предметов (лабораторное оборудование, мебель и т. п.), или движения транспорта по внутрицеховым путям. | CO84: 0 | CP84: =(P84+Q84+S84) -> 134.71 | CQ84: =AC84*BC84 -> 212.29 | CR84: =AD84*BB84 -> 37.36125 | CS84: =AE84*BS84 -> 0.97875 | CT84: =AF84*BA84 -> 52.583175 | CU84: =AG84 -> 0 | CV84: =AH84 -> 5.728725 | CW84: =AI84 -> 0.084375 | CX84: =AJ84 -> 0 | CY84: =(((S84+R84)*AT84)/100) -> 22.686 | CZ84: =(((S84+R84)*AU84)/100) -> 11.2236 | DE84: )*1,25)*1,35 | DF84: )*1,25)*1,35 | DG84: )*1,15)*1,35 | DI84: )*1,15)*1,35 | DJ84: )*1,25)*1,35 | DN84: 0 | DO84: 0 | DP84: 1 | DQ84: 1 | DU84: 1005 | DV84: 100 м2 | DW84: 100 м2 | DX84: 100 | EE84: 27029049 | EF84: 2 | EG84: Общестроительные работы | EH84: 0 | EJ84: 1 | EK84: 15001 | EL84: Отделочные работы | EM84: ФЕР-15 | EO84: Поправка: МДС 81-35.2004, п.4.7 Поправка: МДС 81-35.2004, прил.1, т.3, п.2 | EQ84: 0 | ER84: 268.3 | ES84: 212.29 | ET84: 22.14 | EU84: 0.58 | EV84: 33.87 | EW84: 3.69 | EX84: 0.05 | EY84: 0 | FQ84: 0 | FR84: =ROUND(IF(AND(BH84=3,BI84=3),P84,0),2) -> 0 | FS84: 0 | FT84: *0,9 | FU84: *0,85 | FX84: 94.5 | FY84: 46.75 | GD84: 0 | GF84: 1491721436 | GG84: 2 | GH84: 1 | GI84: -2 | GJ84: 0 | GK84: =ROUND(R84*(R12)/100,2) -> 0 | GL84: =ROUND(IF(AND(BH84=3,BI84=3,FS84<>0),P84,0),2) -> 0 | GM84: =ROUND(O84+X84+Y84+GK84,2)+GX84 -> 168.62 | GN84: =IF(OR(BI84=0,BI84=1),ROUND(O84+X84+Y84+GK84,2),0) -> 168.62 | GO84: =IF(BI84=2,ROUND(O84+X84+Y84+GK84,2),0) -> 0 | GP84: =IF(BI84=4,ROUND(O84+X84+Y84+GK84,2)+GX84,0) -> 0 | GR84: 0 | GS84: 3 | GT84: 0 | GV84: =ROUND(GT84,6) -> 0 | GW84: 1 | GX84: =ROUND(GV84*GW84*I84,2) -> 0 | HA84: 0 | HB84: 0 | IK84: 0
A85: 17 | B85: 1 | C85: =ROW(SmtRes!A202) -> 202 | D85: =ROW(EtalonRes!A204) -> 204 | E85: 14 | F85: 15-07-003-02 | G85: Грунтование водно-дисперсионной грунтовкой "Нортекс-Грунт" поверхностей пористых (камень, кирпич, бетон и т д) | H85: 100 м2 | I85: =ROUND(44.57/100,9) -> 0.4457 | J85: 0 | O85: =ROUND(CP85,2) -> 134.71 | P85: =ROUND(CQ85*I85,2) -> 94.62 | Q85: =ROUND(CR85*I85,2) -> 16.65 | R85: =ROUND(CS85*I85,2) -> 0.44 | S85: =ROUND(CT85*I85,2) -> 23.44 | T85: =ROUND(CU85*I85,2) -> 0 | U85: =CV85*I85 -> 2.5532927 | V85: =CW85*I85 -> 0.037605937 | W85: =ROUND(CX85*I85,2) -> 0 | X85: =ROUND(CY85,2) -> 22.69 | Y85: =ROUND(CZ85,2) -> 11.22 | AA85: 27703388 | AB85: =ROUND((AC85+AD85+AF85),6) -> 302.23442 | AC85: =ROUND((ES85),6) -> 212.29 | AD85: =ROUND((((((ET85*1.25)*1.35))-(((EU85*1.25)*1.35)))+AE85),6) -> 37.36125 | AE85: =ROUND((((EU85*1.25)*1.35)),6) -> 0.97875 | AF85: =ROUND((((EV85*1.15)*1.35)),6) -> 52.583175 | AG85: =ROUND((AP85),6) -> 0 | AH85: =(((EW85*1.15)*1.35)) -> 5.728725 | AI85: =(((EX85*1.25)*1.35)) -> 0.084375 | AJ85: =ROUND((AS85),6) -> 0 | AK85: 268.3 | AL85: 212.29 | AM85: 22.14 | AN85: 0.58 | AO85: 33.87 | AP85: 0 | AQ85: 3.69 | AR85: 0.05 | AS85: 0 | AT85: 95 | AU85: 47 | AV85: 1 | AW85: 1 | AZ85: 1 | BA85: 1 | BB85: 1 | BC85: 1 | BH85: 0 | BI85: 1 | BJ85: ФЕР-2001, 15-07-003-02, приказ Минстроя России №1039/пр от 30.12.2016г. | BM85: 15001 | BN85: 0 | BP85: 0 | BQ85: 2 | BR85: 0 | BS85: 1 | BT85: 1 | BU85: 1 | BV85: 1 | BW85: 1 | BX85: 1 | BZ85: 105 | CA85: 55 | CF85: 0 | CG85: 0 | CM85: 0 | CN85: Поправка: МДС 81-35.2004, п.4.7 Наименование: Работы, выполняемые при реконструкции зданий и сооружений работы, аналогичные технологическим процессам в новом строительстве (в том числе возведение новых конструктивных элементов) стоимость которых определена по соответствующим сборникам ФЕР, кроме сборника № 46 «Работы при реконструкции зданий и сооружений» Поправка: МДС 81-35.2004, прил.1, т.3, п.2 Наименование: Производство ремонтных работ в существующих зданиях и сооружениях в стесненных условиях: с наличием в зоне производства работ действующего технологического оборудования (станков, установок, кранов и т.п.) или загромождающих предметов (лабораторное оборудование, мебель и т. п.), или движения транспорта по внутрицеховым путям. | CO85: 0 | CP85: =(P85+Q85+S85) -> 134.71 | CQ85: =AC85*BC85 -> 212.29 | CR85: =AD85*BB85 -> 37.36125 | CS85: =AE85*BS85 -> 0.97875 | CT85: =AF85*BA85 -> 52.583175 | CU85: =AG85 -> 0 | CV85: =AH85 -> 5.728725 | CW85: =AI85 -> 0.084375 | CX85: =AJ85 -> 0 | CY85: =(((S85+R85)*AT85)/100) -> 22.686 | CZ85: =(((S85+R85)*AU85)/100) -> 11.2236 | DE85: )*1,25)*1,35 | DF85: )*1,25)*1,35 | DG85: )*1,15)*1,35 | DI85: )*1,15)*1,35 | DJ85: )*1,25)*1,35 | DN85: 0 | DO85: 0 | DP85: 1 | DQ85: 1 | DU85: 1005 | DV85: 100 м2 | DW85: 100 м2 | DX85: 100 | EE85: 27029049 | EF85: 2 | EG85: Общестроительные работы | EH85: 0 | EJ85: 1 | EK85: 15001 | EL85: Отделочные работы | EM85: ФЕР-15 | EO85: Поправка: МДС 81-35.2004, п.4.7 Поправка: МДС 81-35.2004, прил.1, т.3, п.2 | EQ85: 0 | ER85: 268.3 | ES85: 212.29 | ET85: 22.14 | EU85: 0.58 | EV85: 33.87 | EW85: 3.69 | EX85: 0.05 | EY85: 0 | FQ85: 0 | FR85: =ROUND(IF(AND(BH85=3,BI85=3),P85,0),2) -> 0 | FS85: 0 | FT85: *0,9 | FU85: *0,85 | FX85: 94.5 | FY85: 46.75 | GD85: 0 | GF85: 1491721436 | GG85: 1 | GH85: 1 | GI85: -2 | GJ85: 0 | GK85: =ROUND(R85*(S12)/100,2) -> 0 | GL85: =ROUND(IF(AND(BH85=3,BI85=3,FS85<>0),P85,0),2) -> 0 | GM85: =ROUND(O85+X85+Y85+GK85,2)+GX85 -> 168.62 | GN85: =IF(OR(BI85=0,BI85=1),ROUND(O85+X85+Y85+GK85,2),0) -> 168.62 | GO85: =IF(BI85=2,ROUND(O85+X85+Y85+GK85,2),0) -> 0 | GP85: =IF(BI85=4,ROUND(O85+X85+Y85+GK85,2)+GX85,0) -> 0 | GR85: 0 | GS85: 3 | GT85: 0 | GV85: =ROUND(GT85,6) -> 0 | GW85: 1 | GX85: =ROUND(GV85*GW85*I85,2) -> 0 | HA85: 0 | HB85: 0 | IK85: 0
A86: 17 | B86: 1 | C86: =ROW(SmtRes!A209) -> 209 | D86: =ROW(EtalonRes!A211) -> 211 | E86: 15 | F86: 57-10-3 | G86: Заделка выбоин в полах цементных площадью до 1,0 м2 | H86: 100 мест | I86: =ROUND(6/100,9) -> 0.06 | J86: 0 | O86: =ROUND(CP86,2) -> 76.37 | P86: =ROUND(CQ86*I86,2) -> 0.01 | Q86: =ROUND(CR86*I86,2) -> 3.24 | R86: =ROUND(CS86*I86,2) -> 0 | S86: =ROUND(CT86*I86,2) -> 73.12 | T86: =ROUND(CU86*I86,2) -> 0 | U86: =CV86*I86 -> 8.57187 | V86: =CW86*I86 -> 0 | W86: =ROUND(CX86*I86,2) -> 0 | X86: =ROUND(CY86,2) -> 58.5 | Y86: =ROUND(CZ86,2) -> 49.72 | AA86: 27703374 | AB86: =ROUND((AC86+AD86+AF86),6) -> 1272.876 | AC86: =ROUND((ES86),6) -> 0.24 | AD86: =ROUND(((((ET86*1.15))-((EU86*1.15)))+AE86),6) -> 54.004 | AE86: =ROUND(((EU86*1.15)),6) -> 0 | AF86: =ROUND(((EV86*1.15)),6) -> 1218.632 | AG86: =ROUND((AP86),6) -> 0 | AH86: =((EW86*1.15)) -> 142.8645 | AI86: =((EX86*1.15)) -> 0 | AJ86: =ROUND((AS86),6) -> 0 | AK86: 1106.88 | AL86: 0.24 | AM86: 46.96 | AN86: 0 | AO86: 1059.68 | AP86: 0 | AQ86: 124.23 | AR86: 0 | AS86: 0 | AT86: 80 | AU86: 68 | AV86: 1 | AW86: 1 | AZ86: 1 | BA86: 1 | BB86: 1 | BC86: 1 | BH86: 0 | BI86: 1 | BJ86: ФЕРр-2001, 57-10-3, приказ Минстроя России №1039/пр от 30.12.2016г. | BM86: 57001 | BN86: 0 | BP86: 0 | BQ86: 6 | BR86: 0 | BS86: 1 | BT86: 1 | BU86: 1 | BV86: 1 | BW86: 1 | BX86: 1 | BZ86: 80 | CA86: 68 | CF86: 0 | CG86: 0 | CM86: 0 | CN86: Поправка: МДС 81-36.2004, прил.3, п.3р Наименование: Производство строительных и других работ в существующих зданиях и сооружениях в стесненных условиях: с наличием в зоне производства работ действующего технологического оборудования (станков, установок, кранов и т.п.) или загромождающих предметов (лабораторное оборудование, мебель и т. п.), или движения транспорта по внутрицеховым путям | CO86: 0 | CP86: =(P86+Q86+S86) -> 76.37 | CQ86: =AC86*BC86 -> 0.24 | CR86: =AD86*BB86 -> 54.004 | CS86: =AE86*BS86 -> 0 | CT86: =AF86*BA86 -> 1218.632 | CU86: =AG86 -> 0 | CV86: =AH86 -> 142.8645 | CW86: =AI86 -> 0 | CX86: =AJ86 -> 0 | CY86: =(((S86+R86)*AT86)/100) -> 58.496 | CZ86: =(((S86+R86)*AU86)/100) -> 49.7216 | DE86: )*1,15 | DF86: )*1,15 | DG86: )*1,15 | DI86: )*1,15 | DJ86: )*1,15 | DN86: 0 | DO86: 0 | DP86: 1 | DQ86: 1 | DU86: 1013 | DV86: 100 мест | DW86: 100 мест | DX86: 1 | EE86: 27029102 | EF86: 6 | EG86: Ремонтно-строительные работы | EH86: 0 | EJ86: 1 | EK86: 57001 | EL86: Полы | EM86: рФЕР-57 | EO86: Поправка: МДС 81-36.2004, прил.3, п.3р | EQ86: 0 | ER86: 1106.88 | ES86: 0.24 | ET86: 46.96 | EU86: 0 | EV86: 1059.68 | EW86: 124.23 | EX86: 0 | EY86: 0 | FQ86: 0 | FR86: =ROUND(IF(AND(BH86=3,BI86=3),P86,0),2) -> 0 | FS86: 0 | FX86: 80 | FY86: 68 | GD86: 0 | GF86: 1160800867 | GG86: 2 | GH86: 1 | GI86: -2 | GJ86: 0 | GK86: =ROUND(R86*(R12)/100,2) -> 0 | GL86: =ROUND(IF(AND(BH86=3,BI86=3,FS86<>0),P86,0),2) -> 0 | GM86: =ROUND(O86+X86+Y86+GK86,2)+GX86 -> 184.59 | GN86: =IF(OR(BI86=0,BI86=1),ROUND(O86+X86+Y86+GK86,2),0) -> 184.59 | GO86: =IF(BI86=2,ROUND(O86+X86+Y86+GK86,2),0) -> 0 | GP86: =IF(BI86=4,ROUND(O86+X86+Y86+GK86,2)+GX86,0) -> 0 | GR86: 0 | GS86: 3 | GT86: 0 | GV86: =ROUND(GT86,6) -> 0 | GW86: 1 | GX86: =ROUND(GV86*GW86*I86,2) -> 0 | HA86: 0 | HB86: 0 | IK86: 0
A87: 17 | B87: 1 | C87: =ROW(SmtRes!A216) -> 216 | D87: =ROW(EtalonRes!A218) -> 218 | E87: 15 | F87: 57-10-3 | G87: Заделка выбоин в полах цементных площадью до 1,0 м2 | H87: 100 мест | I87: =ROUND(6/100,9) -> 0.06 | J87: 0 | O87: =ROUND(CP87,2) -> 76.37 | P87: =ROUND(CQ87*I87,2) -> 0.01 | Q87: =ROUND(CR87*I87,2) -> 3.24 | R87: =ROUND(CS87*I87,2) -> 0 | S87: =ROUND(CT87*I87,2) -> 73.12 | T87: =ROUND(CU87*I87,2) -> 0 | U87: =CV87*I87 -> 8.57187 | V87: =CW87*I87 -> 0 | W87: =ROUND(CX87*I87,2) -> 0 | X87: =ROUND(CY87,2) -> 58.5 | Y87: =ROUND(CZ87,2) -> 49.72 | AA87: 27703388 | AB87: =ROUND((AC87+AD87+AF87),6) -> 1272.876 | AC87: =ROUND((ES87),6) -> 0.24 | AD87: =ROUND(((((ET87*1.15))-((EU87*1.15)))+AE87),6) -> 54.004 | AE87: =ROUND(((EU87*1.15)),6) -> 0 | AF87: =ROUND(((EV87*1.15)),6) -> 1218.632 | AG87: =ROUND((AP87),6) -> 0 | AH87: =((EW87*1.15)) -> 142.8645 | AI87: =((EX87*1.15)) -> 0 | AJ87: =ROUND((AS87),6) -> 0 | AK87: 1106.88 | AL87: 0.24 | AM87: 46.96 | AN87: 0 | AO87: 1059.68 | AP87: 0 | AQ87: 124.23 | AR87: 0 | AS87: 0 | AT87: 80 | AU87: 68 | AV87: 1 | AW87: 1 | AZ87: 1 | BA87: 1 | BB87: 1 | BC87: 1 | BH87: 0 | BI87: 1 | BJ87: ФЕРр-2001, 57-10-3, приказ Минстроя России №1039/пр от 30.12.2016г. | BM87: 57001 | BN87: 0 | BP87: 0 | BQ87: 6 | BR87: 0 | BS87: 1 | BT87: 1 | BU87: 1 | BV87: 1 | BW87: 1 | BX87: 1 | BZ87: 80 | CA87: 68 | CF87: 0 | CG87: 0 | CM87: 0 | CN87: Поправка: МДС 81-36.2004, прил.3, п.3р Наименование: Производство строительных и других работ в существующих зданиях и сооружениях в стесненных условиях: с наличием в зоне производства работ действующего технологического оборудования (станков, установок, кранов и т.п.) или загромождающих предметов (лабораторное оборудование, мебель и т. п.), или движения транспорта по внутрицеховым путям | CO87: 0 | CP87: =(P87+Q87+S87) -> 76.37 | CQ87: =AC87*BC87 -> 0.24 | CR87: =AD87*BB87 -> 54.004 | CS87: =AE87*BS87 -> 0 | CT87: =AF87*BA87 -> 1218.632 | CU87: =AG87 -> 0 | CV87: =AH87 -> 142.8645 | CW87: =AI87 -> 0 | CX87: =AJ87 -> 0 | CY87: =(((S87+R87)*AT87)/100) -> 58.496 | CZ87: =(((S87+R87)*AU87)/100) -> 49.7216 | DE87: )*1,15 | DF87: )*1,15 | DG87: )*1,15 | DI87: )*1,15 | DJ87: )*1,15 | DN87: 0 | DO87: 0 | DP87: 1 | DQ87: 1 | DU87: 1013 | DV87: 100 мест | DW87: 100 мест | DX87: 1 | EE87: 27029102 | EF87: 6 | EG87: Ремонтно-строительные работы | EH87: 0 | EJ87: 1 | EK87: 57001 | EL87: Полы | EM87: рФЕР-57 | EO87: Поправка: МДС 81-36.2004, прил.3, п.3р | EQ87: 0 | ER87: 1106.88 | ES87: 0.24 | ET87: 46.96 | EU87: 0 | EV87: 1059.68 | EW87: 124.23 | EX87: 0 | EY87: 0 | FQ87: 0 | FR87: =ROUND(IF(AND(BH87=3,BI87=3),P87,0),2) -> 0 | FS87: 0 | FX87: 80 | FY87: 68 | GD87: 0 | GF87: 1160800867 | GG87: 1 | GH87: 1 | GI87: -2 | GJ87: 0 | GK87: =ROUND(R87*(S12)/100,2) -> 0 | GL87: =ROUND(IF(AND(BH87=3,BI87=3,FS87<>0),P87,0),2) -> 0 | GM87: =ROUND(O87+X87+Y87+GK87,2)+GX87 -> 184.59 | GN87: =IF(OR(BI87=0,BI87=1),ROUND(O87+X87+Y87+GK87,2),0) -> 184.59 | GO87: =IF(BI87=2,ROUND(O87+X87+Y87+GK87,2),0) -> 0 | GP87: =IF(BI87=4,ROUND(O87+X87+Y87+GK87,2)+GX87,0) -> 0 | GR87: 0 | GS87: 3 | GT87: 0 | GV87: =ROUND(GT87,6) -> 0 | GW87: 1 | GX87: =ROUND(GV87*GW87*I87,2) -> 0 | HA87: 0 | HB87: 0 | IK87: 0
A88: 18 | B88: 1 | C88: 207 | E88: 15,1 | F88: 01.7.07.07 | G88: Строительный мусор | H88: т | I88: =I86*J88 -> 0.0888 | J88: 1.48 | O88: =ROUND(CP88,2) -> 0 | P88: =ROUND(CQ88*I88,2) -> 0 | Q88: =ROUND(CR88*I88,2) -> 0 | R88: =ROUND(CS88*I88,2) -> 0 | S88: =ROUND(CT88*I88,2) -> 0 | T88: =ROUND(CU88*I88,2) -> 0 | U88: =CV88*I88 -> 0 | V88: =CW88*I88 -> 0 | W88: =ROUND(CX88*I88,2) -> 0 | X88: =ROUND(CY88,2) -> 0 | Y88: =ROUND(CZ88,2) -> 0 | AA88: 27703374 | AB88: =ROUND((AC88+AD88+AF88),6) -> 0 | AC88: =ROUND((ES88),6) -> 0 | AD88: =ROUND((((ET88)-(EU88))+AE88),6) -> 0 | AE88: =ROUND((EU88),6) -> 0 | AF88: =ROUND((EV88),6) -> 0 | AG88: =ROUND((AP88),6) -> 0 | AH88: =(EW88) -> 0 | AI88: =(EX88) -> 0 | AJ88: =ROUND((AS88),6) -> 0 | AK88: 0 | AL88: 0 | AM88: 0 | AN88: 0 | AO88: 0 | AP88: 0 | AQ88: 0 | AR88: 0 | AS88: 0 | AT88: 80 | AU88: 68 | AV88: 1 | AW88: 1 | AZ88: 1 | BA88: 1 | BB88: 1 | BC88: 1 | BH88: 3 | BI88: 1 | BM88: 57001 | BN88: 0 | BP88: 0 | BQ88: 6 | BR88: 0 | BS88: 1 | BT88: 1 | BU88: 1 | BV88: 1 | BW88: 1 | BX88: 1 | BZ88: 80 | CA88: 68 | CF88: 0 | CG88: 0 | CM88: 0 | CO88: 0 | CP88: =(P88+Q88+S88) -> 0 | CQ88: =AC88*BC88 -> 0 | CR88: =AD88*BB88 -> 0 | CS88: =AE88*BS88 -> 0 | CT88: =AF88*BA88 -> 0 | CU88: =AG88 -> 0 | CV88: =AH88 -> 0 | CW88: =AI88 -> 0 | CX88: =AJ88 -> 0 | CY88: =(((S88+R88)*AT88)/100) -> 0 | CZ88: =(((S88+R88)*AU88)/100) -> 0 | DN88: 0 | DO88: 0 | DP88: 1 | DQ88: 1 | DU88: 1009 | DV88: т | DW88: т | DX88: 1000 | EE88: 27029102 | EF88: 6 | EG88: Ремонтно-строительные работы | EH88: 0 | EJ88: 1 | EK88: 57001 | EL88: Полы | EM88: рФЕР-57 | EQ88: 0 | ER88: 0 | ES88: 0 | ET88: 0 | EU88: 0 | EV88: 0 | EW88: 0 | EX88: 0 | FQ88: 0 | FR88: =ROUND(IF(AND(BH88=3,BI88=3),P88,0),2) -> 0 | FS88: 0 | FX88: 80 | FY88: 68 | GD88: 0 | GF88: -179832266 | GG88: 2 | GH88: 1 | GI88: -2 | GJ88: 0 | GK88: =ROUND(R88*(R12)/100,2) -> 0 | GL88: =ROUND(IF(AND(BH88=3,BI88=3,FS88<>0),P88,0),2) -> 0 | GM88: =ROUND(O88+X88+Y88+GK88,2)+GX88 -> 0 | GN88: =IF(OR(BI88=0,BI88=1),ROUND(O88+X88+Y88+GK88,2),0) -> 0 | GO88: =IF(BI88=2,ROUND(O88+X88+Y88+GK88,2),0) -> 0 | GP88: =IF(BI88=4,ROUND(O88+X88+Y88+GK88,2)+GX88,0) -> 0 | GR88: 0 | GS88: 3 | GT88: 0 | GV88: =ROUND(GT88,6) -> 0 | GW88: 1 | GX88: =ROUND(GV88*GW88*I88,2) -> 0 | HA88: 0 | HB88: 0 | IK88: 0
